Workbook
Name leer: '[1]تفصيل المصروفات (3)'!$A$2:$A$6
Name leer: '[1]تفصيل المصروفات (3)'!$A$2:$A$6
Name المصروفات_حسب_الأبواب_والأقسام_والبنود: #REF!
Name المصروفات_حسب_الأبواب_والأقسام_والبنود: #REF!
Name المصروفات_حسب_الأبواب_والأقسام_والبنود: #REF!
Name المصروفات_حسب_الأبواب_والأقسام_والبنود: #REF!
Name المصروفات_حسب_الأبواب_والأقسام_والبنود: #REF!
Name المصروفات_حسب_الأبواب_والأقسام_والبنود: #REF!
Name المصروفات_حسب_الأبواب_والأقسام_والبنود: #REF!
Name المصروفات_حسب_الأبواب_والأقسام_والبنود: #REF!
Name المصروفات_حسب_الأبواب_والأقسام_والبنود: #REF!

Sheet Meta3
A1: 3- الإيرادات والمصروفات مصنفة حسب الوزارات والجهات الحكومية
A3: Government Agency Name | B3: code | C3: Actual | D3: Revenue Budget | E3: % Spent | F3: Actual | G3: Recurrent Budget | H3: % Spent | I3: Actual | J3: Project Budget | K3: % Spent
A4: The Court of H.R.H The Prime Minister-11 | B4: 11 | F4: 18310428 | G4: 18310428 | H4: 100.00%
A5: Ministry of Defence-12 | B5: 12 | F5: 533663995 | G5: 486550000 | H5: 109.68%
A6: Ministry of Interior-13 | B6: 13 | C6: 55620734 | D6: 50982000 | E6: 109.10% | F6: 363325279 | G6: 355387546 | H6: 102.23% | I6: 13552449 | J6: 13552449 | K6: 100.00%
A7: National Security Agency-14 | B7: 14 | F7: 35762128 | G7: 35762128 | H7: 100.00%
A8: Legislation & Legal Opinion Com-15 | B8: 15 | C8: 1027 | D8: 5000 | E8: 20.53% | F8: 2264037 | G8: 2676000 | H8: 84.61%
A9: Min. of Foreign Affairs-16 | B9: 16 | C9: 474000 | D9: 2055000 | E9: 23.07% | F9: 32088564 | G9: 28902000 | H9: 111.03% | I9: 2273757 | J9: 4105500 | K9: 55.38%
A10: Deputy of H.R.H The PM-17 | B10: 17 | F10: 786962 | G10: 828000 | H10: 95.04% | I10: 60000 | J10: 60000 | K10: 100.00%
A11: Min. of Justice & Islamic Aff & Awqaf (Justice Aff)-18 | B11: 18 | C11: 28728844 | D11: 16764000 | E11: 171.37% | F11: 11707298 | G11: 11832000 | H11: 98.95% | I11: 311463 | J11: 684100 | K11: 45.53%
A12: Supreme Council for Oil
A13: Ministry of Information-20 (Old) | B13: 20
A14: Min. of Education-21 | B14: 21 | C14: 457594 | D14: 1718000 | E14: 26.64% | F14: 331904035 | G14: 324685000 | H14: 102.22% | I14: 3144581 | J14: 6998200 | K14: 44.93%
A15: Ministry of Health-22 | B15: 22 | C15: 37876341 | D15: 39945000 | E15: 94.82% | F15: 243922234 | G15: 254655000 | H15: 95.79% | I15: 2801683 | J15: 9542400 | K15: 29.36%
A16: Min. of Works, Mun Aff & Urb Plg -23 (Mun Aff&Urb Plg) | B16: 23 | C16: 3370776 | D16: 3351000 | E16: 100.59% | F16: 9327367 | G16: 8999337 | H16: 103.65% | I16: 6713268 | J16: 6713268 | K16: 100.00%
A17: Min. of Labour -24 | B17: 24 | F17: 0 | G17: 0 | H17: 0.00%
A18: Min. of Muncipalities & Agriculture Aff. (Muncipalities Affairs)
A19: Ministry of Youth and Sports Affairs-26 | B19: 26 | C19: 29600 | D19: 17000 | E19: 174.12% | F19: 12637461 | G19: 12815282 | H19: 98.61% | I19: 2841470 | J19: 5865600 | K19: 48.44%
A20: Environmental Affairs ( Old )
A21: Rashed Club for Equestrian & Horse Racing-28 | B21: 28 | F21: 1936399 | G21: 1936399 | H21: 100.00%
A22: Ministry of Labour & Social Development-29 | B22: 29 | C22: 8321 | D22: 29000 | E22: 28.69% | F22: 15299692 | G22: 16265000 | H22: 94.07% | I22: 81479 | J22: 600000 | K22: 13.58%
A23: Deputy of H.R.H The PM-30 | B23: 30 | F23: 1061676 | G23: 1083754 | H23: 97.96%
A24: Advisor to H.R.H The PM for Economic Aff-31 | B24: 31 | F24: 266910 | G24: 268000 | H24: 99.59%
A25: Min. of Follow-up Affairs-32 | B25: 32 | F25: 501328 | G25: 572000 | H25: 87.64%
A26: Advisor to H.R.H PM-33 | B26: 33
A27: Min of Industry & Commerce-34 | B27: 34 | C27: 31482445 | D27: 33967000 | E27: 92.69% | F27: 11730718 | G27: 12466401 | H27: 94.10% | I27: 2948853 | J27: 6201900 | K27: 47.55%
A28: Advisor to H.R.H PM for Security Aff-35 | B28: 35
A29: Ministry of Housing-36 | B29: 36 | C29: 116376 | D29: 35000 | E29: 332.50% | F29: 5230113 | G29: 5488000 | H29: 95.30% | I29: 101689025 | J29: 104393700 | K29: 97.41%
A30: Advisor to H.R.H The PM for Industrial & Oil Aff-37 | B30: 37
A31: Advisor to H.R.H The PM-38 | B31: 38 | F31: 286786 | G31: 307000 | H31: 93.42%
A32: Ministry of State-39 | B32: 39
A33: Min. of Energy-40 | B33: 40 | F33: 219385 | G33: 252000 | H33: 87.06%
A34: The Supreme Council for the Environment-41 | B34: 41 | C34: 1414484 | D34: 301000 | E34: 469.93% | F34: 5558339 | G34: 6152000 | H34: 90.35% | I34: 186325 | J34: 750000 | K34: 24.84%
A35: Bahrain Royal Flight ( Old )
A36: Mohammed bin Khalifa Al Khalifa Cardiac Center-43 | B36: 43 | F36: 20191876 | G36: 19636000 | H36: 102.83%
A37: Deputy of H.R.H The PM-44 | B37: 44 | F37: 667396 | G37: 971000 | H37: 68.73%
A38: Min.Of Housing -Old
A39: Min. of Works, Mun Aff & Urb Plg -46 (Works Aff) | B39: 46 | C39: 4736860 | D39: 11027000 | E39: 42.96% | F39: 42776728 | G39: 44890950 | H39: 95.29% | I39: 58938198 | J39: 72393088 | K39: 81.41%
A40: Elec & Water Authority-47 | B40: 47 | F40: 188744829 | G40: 188745000 | H40: 100.00%
A41: Min. of Transportation & Telecommunications-48 | B41: 48 | C41: 53682096 | D41: 45000000 | E41: 119.29% | F41: 32438964 | G41: 32979000 | H41: 98.36% | I41: 3243025 | J41: 5289700 | K41: 61.31%
A42: Ministry of State ( Old )
A43: National Guard-50 | B43: 50 | F43: 40123000 | G43: 40123000 | H43: 100.00% | I43: 644616 | J43: 3000000 | K43: 21.49%
A44: Ministry of Energy - NOGA | B44: 51 | C44: 98 | D44: 0 | E44: 0.00% | F44: 2006842 | G44: 2162000 | H44: 92.82%
A45: Civil Aviation Aff-52 | B45: 52
A46: Ministry of State of Telecommunication Affairs
A47: Min. of Shura Council & Representatives Council Aff-54 | B47: 54 | F47: 1358577 | G47: 1400960 | H47: 96.97%
A48: Ministry of Information Affair - NCC | B48: 55 | F48: 1239280 | G48: 1239280 | H48: 100.00% | I48: 985470 | J48: 1280000 | K48: 76.99%
A49: Ministry of Industry
A50: Ministy of State 4 | B50: 4
A51: Ministry of Human Rights Affairs-58 | B51: 58
A52: Tender Board-59 | B52: 59 | C52: 685130 | D52: 0 | E52: 0.00% | F52: 1057071 | G52: 1305000 | H52: 81.00% | I52: 194012 | J52: 244200 | K52: 79.45%
A53: Transfers | B53: 60 | C53: 77965486 | D53: 163452000 | E53: 47.70% | F53: 1184372182 | G53: 1208298044 | H53: 98.02% | I53: 81422087 | J53: 98175803 | K53: 82.93%
A54: Ministry of Oil - 61 | B54: 61 | F54: 178959 | G54: 229000 | H54: 78.15%
A55: Revenue Account under MOF Control | B55: 62 | C55: 2286068970 | D55: 1796197000 | E55: 127.27%
A56: Special Projects
A57: General Services ( Special Projects )
A58: Information Affairs Authority-65 | B58: 65 | C58: 1279947 | D58: 1794000 | E58: 71.35% | F58: 19770847 | G58: 20038000 | H58: 98.67% | I58: 4665400 | J58: 7982600 | K58: 58.44%
A59: Bahrain Authority for Culture & Antiquities-66 | B59: 66 | C59: 346347 | D59: 293000 | E59: 118.21% | F59: 7327657 | G59: 7013000 | H59: 104.49% | I59: 12998449 | J59: 12473500 | K59: 104.21%
A60: Supreme Council for Health-67 | B60: 67 | F60: 604843 | G60: 745000 | H60: 81.19% | I60: 3008712 | J60: 3008712 | K60: 100.00%
A61: Administrative Organization for Public Prosecution-68 | B61: 68 | C61: 210 | D61: 0 | E61: 0.00% | F61: 3346528 | G61: 3448000 | H61: 97.06%
A62: Education and Training Quality Authority - 69 | B62: 69 | C62: 804 | D62: 0 | E62: 0.00% | F62: 4504628 | G62: 4602000 | H62: 97.88% | J62: 27000
A63: First Deputy of H.R.H The PM Office-70 | B63: 70 | F63: 1897445 | G63: 3600000 | H63: 52.71% | I63: 6000000 | J63: 6000000 | K63: 100.00%
A64: General Secretariat of the Cabinet -71 | B64: 71 | F64: 1183508 | G64: 1471000 | H64: 80.46%
A65: Civil Service Bureau-72 | B65: 72 | C65: 270 | D65: 5000 | E65: 5.40% | F65: 5998395 | G65: 6491000 | H65: 92.41% | I65: 221123 | J65: 300000 | K65: 73.71%
A66: Informatics and E-Government Authority-73 | B66: 73 | C66: 2686605 | D66: 2670000 | E66: 100.62% | F66: 11887688 | G66: 12673000 | H66: 93.80% | I66: 4231818 | J66: 5836000 | K66: 72.51%
A67: Deputy of H.R.H The PM-74 | B67: 74 | F67: 607520 | G67: 669000 | H67: 90.81%
A68: General Secretariat for Youth & Sports High Council-75 | B68: 75 | F68: 11616219 | G68: 11670000 | H68: 99.54%
A69: Supreme Judicial Council (76) | B69: 76 | C69: 2706 | D69: 3000 | E69: 90.20% | F69: 12851045 | G69: 12927000 | H69: 99.41% | I69: 152352 | J69: 200000 | K69: 76.18%
A70: Min. of Justice & Islamic Aff & Awqaf (Islamic Aff)-77 | B70: 77 | C70: 8275 | D70: 10000 | E70: 82.75% | F70: 4373115 | G70: 4534557 | H70: 96.44% | I70: 395387 | J70: 785000 | K70: 50.37%
A71: Survey&Land Reg Bureau-78 | B71: 78 | C71: 16865351 | D71: 38121000 | E71: 44.24% | F71: 8343796 | G71: 8432550 | H71: 98.95% | I71: 2046876 | J71: 2517176 | K71: 81.32%
A72: Ministry of Youth and Sport Affairs -79 | B72: 79
A73: Bahrain Institute for Political Development-80 | B73: 80 | C73: 10 | D73: 0 | E73: 0.00% | F73: 1276289 | G73: 1291000 | H73: 98.86%
A74: Ministry of Finance-81 | B74: 81 | C74: 8903 | D74: 3000 | E74: 296.76% | F74: 8048217 | G74: 10056000 | H74: 80.03% | I74: 1212375 | J74: 1800000 | K74: 67.35%
A75: Central Stores Directorate
A76: Customs Affairs-83 | B76: 83 | C76: 160215987 | D76: 163036000 | E76: 98.27% | F76: 17364308 | G76: 20303000 | H76: 85.53% | I76: 1680053 | J76: 1680053 | K76: 100.00%
A77: National Oncology Center | B77: 84 | F77: 25077945 | G77: 25000000 | H77: 100.31% | I77: 4000000 | J77: 4000000 | K77: 100.00%
A78: Ministry of Works, Municipalities Affairs & Urban Planning (Urban Planning & Development Authority)-85 | B78: 85 | C78: 219365 | D78: 0 | E78: 0.00% | F78: 2431686 | G78: 3973500 | H78: 61.20% | I78: 1119316 | J78: 1840050 | K78: 60.83%
A79: Supreme Council For Islamic Affairs-86 | B79: 86 | F79: 2492846 | G79: 3149000 | H79: 79.16% | I79: 187046 | J79: 600000 | K79: 31.17%
A80: The General Organization of Port
A81: King Hamad University Hospital-88 | B81: 88 | F81: 36520621 | G81: 36198454 | H81: 100.89%
A82: National Health Regulatory Authority (89) | B82: 89 | C82: 2237674 | D82: 835000 | E82: 267.98% | F82: 2351020 | G82: 2492430 | H82: 94.33%
A83: Future Generation Reserve Council
A84: Tax Revenues | B84: 91 | C84: 8815988 | D84: 0 | E84: 0.00% | I84: 3382690 | J84: 6100000 | K84: 55.45%
A85: National Space Science Agency | B85: 92 | C85: 60 | D85: 0 | E85: 0.00% | F85: 170112 | G85: 244000 | H85: 69.72%
A86: GFO - Transfers
D87: 2371615000 | G87: 3329194000 | I87: 327333358 | J87: 394999999

Sheet Meta4
A1: 4- الإيرادات مصنفة حسب الأبواب والوزارات والجهات الحكومية
A3: Ministry | B3: Code | C3: Oil and Gas | D3: Taxation, Fees | E3: Govt Goods, Services | F3: Investments, Govt Properties | G3: Grants | H3: Sale of | I3: Fines,Penalt ies , Misc | J3: Total | K3: Budget | L3: Actual-PY
A4: The Court of H.R.H The Prime Minister | B4: 11 | C4: 3884385 | D4: 3588210 | E4: 111755 | F4: 30515 | G4: 5255 | H4: 10500000 | I4: 0 | J4: 18120121 | K4: 18128000 | L4: 19222655
A5: Ministry of Defence | B5: 12 | C5: 396845222 | D5: 27122900 | E5: 37109397 | F5: 21163146 | G5: 49702851 | H5: 0 | I5: 1268201 | J5: 533211717 | K5: 482050000 | L5: 521881353
A6: Ministry of Interior | B6: 13 | C6: 315880353 | D6: 19589405 | E6: 8317214 | F6: 3835764 | G6: 6078569 | H6: 0 | I6: 0 | J6: 353701306 | K6: 352756000 | L6: 357208194
A7: National Security Agency | B7: 14 | C7: 0 | D7: 0 | E7: 0 | F7: 0 | G7: 0 | H7: 41616000 | I7: 0 | J7: 41616000 | K7: 41616000 | L7: 34842000
A8: Legislation & Legal Opinion Com | B8: 15 | C8: 2044627 | D8: 349765 | E8: 15874 | F8: 10671 | G8: 15001 | H8: 0 | I8: 0 | J8: 2435938 | K8: 2483000 | L8: 2530528
A9: Min. of Foreign Affairs | B9: 16 | C9: 21044772 | D9: 7731385 | E9: 467043 | F9: 290095 | G9: 537238 | H9: 0 | I9: 28152 | J9: 30098686 | K9: 29249119 | L9: 30567635
A10: Deputy of H.R.H The PM | B10: 17 | C10: 781448 | D10: 19501 | E10: 8433 | F10: 1690 | G10: 4338 | H10: 0 | I10: 0 | J10: 815409 | K10: 815410 | L10: 878289
A11: Min. of Justice & Islamic Aff & Awqaf (Justice Aff) | B11: 18 | C11: 8843202 | D11: 2430888 | E11: 108122 | F11: 47160 | G11: 94510 | H11: 14942 | I11: 55000 | J11: 11593824 | K11: 11686851 | L11: 12169486
A12: Min. of Education | B12: 21 | C12: 280273347 | D12: 37390621 | E12: 3864861 | F12: 1634732 | G12: 1821943 | H12: 0 | I12: 75000 | J12: 325060502 | K12: 321186000 | L12: 334558748
A13: Ministry of Health | B13: 22 | C13: 144873918 | D13: 28835530 | E13: 63803490 | F13: 318970 | G13: 2926949 | H13: 0 | I13: 0 | J13: 240758857 | K13: 256937000 | L13: 261116093
A14: Min. of Works, Mun Aff & Urb Plg | B14: 23 | C14: 8176967 | D14: 1782645 | E14: 214908 | F14: 41594 | G14: 114420 | H14: 0 | I14: 0 | J14: 10330535 | K14: 10334050 | L14: 10756348
A15: Min. of Labour | B15: 24 | C15: 0 | D15: 0 | E15: 0 | F15: 0 | G15: 0 | H15: 0 | I15: 0 | J15: 0 | K15: 0 | L15: 6034407
... A59: National Health Regulatory Authority (89) | B59: 89 | C59: 1529887 | D59: 672354 | E59: 45454 | F59: 20223 | G59: 4520 | H59: 0 | I59: 0 | J59: 2272437 | K59: 2362000 | L59: 1965323

Sheet Meta5&9
A1: 5- الإيرادات مصنفة حسب الأبواب والأقسام والبنود
A4: Code | E4: Description | G4: 2017 | I4: Actual
A5: Item | B5: Chp | C5: Sec | D5: Acct | E5: Description | F5: Budget | G5: Actual | H5: Difference | I5: 2016
A6: 4 | B6: 1 | C6: 1 | D6: 40011 | E6: Oil Sales - Bahrain Field | F6: 170167500 | G6: 185559676 | H6: -15392176 | I6: 278643175
A7: 4 | B7: 1 | C7: 1 | D7: 40012 | E7: Oil Sales - Abu-Sa'afa Field | F7: 1028888200 | G7: 987507867 | H7: 41380333 | I7: 723670948
A8: 4 | B8: 1 | C8: 1 | D8: 40014 | E8: Future Generations Reserve- Abu-Sa'afa Field | F8: -20586000 | G8: -20920270 | H8: 334270 | I8: -14056467
A9: 4 | B9: 1 | C9: 2 | D9: 40035 | E9: Gas Sales - Hidd Power Station | H9: 0
A10: 4 | B10: 1 | C10: 2 | D10: 40037 | E10: Gas Sales to Electricity Power and Water Station | F10: 76641700 | G10: 35682528 | H10: 40959172 | I10: 31039851
A11: 4 | B11: 1 | C11: 2 | D11: 40051 | E11: Gas Sales - Alba | F11: 129257500 | G11: 140974901 | H11: -11717401 | I11: 109292545
A12: 4 | B12: 1 | C12: 2 | D12: 40052 | E12: Gas Sales - Bapco | F12: 51703000 | G12: 49352761 | H12: 2350239 | I12: 46614264
A13: 4 | B13: 1 | C13: 2 | D13: 40053 | E13: Gas Sales - Banagas | F13: 27582900 | G13: 11698573 | H13: 15884327 | I13: 14021820
A14: 4 | B14: 1 | C14: 2 | D14: 40054 | E14: Gas Sales - Other Companies | F14: 256051500 | G14: 257966496 | H14: -1914996 | I14: 242372310
A15: 4 | B15: 1 | C15: 3 | D15: 42011 | E15: Gas Income Tax | H15: 0 | I15: 272000
A16: 4 | B16: 1 | C16: 3 | D16: 42013 | E16: Petrol Tax | F16: 5846700 | G16: 4695378 | H16: 1151322 | I16: 4591606
A17: 4 | B17: 2 | C17: 2 | D17: 42501 | E17: Customs Duty on Essential Trade | F17: 40894829 | G17: 67649790 | H17: -26754961 | I17: 48701365
A18: 4 | B18: 2 | C18: 2 | D18: 42503 | E18: Customs Duty on Vehicles | F18: 15000000 | G18: 13254976 | H18: 1745024 | I18: 15675280
A19: 4 | B19: 2 | C19: 2 | D19: 42504 | E19: Customs Duty on Manuf./Unmanuf. Tabacco | F19: 20000000 | G19: 28906366 | H19: -8906366 | I19: 16573529
A20: 4 | B20: 2 | C20: 2 | D20: 42505 | E20: Customs Duty on Luxury Goods | F20: 20000000 | G20: 15489369 | H20: 4510631 | I20: 16370852
A21: 4 | B21: 2 | C21: 2 | D21: 42506 | E21: Customs Duty on Yachts | F21: 200000 | G21: 349898 | H21: -149898 | I21: 260463
A22: 4 | B22: 2 | C22: 2 | D22: 42507 | E22: Protection of Domestic Industries | F22: 570000 | G22: 630278 | H22: -60278 | I22: 565164
A23: 4 | B23: 2 | C23: 3 | D23: 43011 | E23: General Trade Activities Registration Fees | F23: 105000 | G23: 180906 | H23: -75906 | I23: 150828
A24: 4 | B24: 2 | C24: 3 | D24: 43021 | E24: Industrial Activities Registration Fees | F24: 377000 | G24: 130425 | H24: 246575 | I24: 95377
A25: 4 | B25: 2 | C25: 3 | D25: 43031 | E25: Financial Service Activities Registration Fees | F25: 45000 | G25: 4050 | H25: 40950 | I25: 3550
A26: 4 | B26: 2 | C26: 3 | D26: 43041 | E26: Miscellaneous Service Activities Registration Fees | F26: 270487 | G26: 366623 | H26: -96136 | I26: 794808
A27: 4 | B27: 2 | C27: 3 | D27: 43042 | E27: Air Transport Activities | F27: 250000 | G27: 302850 | H27: -52850 | I27: 212782
... A30: 4 | B30: 2 | C30: 3 | D30: 43045 | E30: Post Regulatory Licenses | F30: 40000 | G30: 66775 | H30: -26775 | I30: 60639
A31: 4 | B31: 2 | C31: 3 | D31: 43051 | E31: Commercial Agencies Registration Fees | G31: 17419 | H31: -17419 | I31: 16494
A32: 4 | B32: 2 | C32: 3 | D32: 43054 | E32: Contractor Pre-Qualification Fees | G32: 46950 | H32: -46950
A33: 4 | B33: 2 | C33: 3 | D33: 43071 | E33: Organizing Engineering Professional Practice Fees | F33: 50000 | G33: 50000 | H33: 0 | I33: 50000
A34: 4 | B34: 2 | C34: 3 | D34: 43081 | E34: Sand Mining License Fees | F34: 550000 | G34: 500000 | H34: 50000 | I34: 550000
A35: 4 | B35: 2 | C35: 3 | D35: 43082 | E35: Application and licensing fees for pearl diving an | G35: 30975 | H35: -30975
A36: 4 | B36: 2 | C36: 3 | D36: 44041 | E36: Pharmaceutical Products Licenses & Fees | F36: 200000 | G36: 278820 | H36: -78820 | I36: 128400
A37: 4 | B37: 2 | C37: 3 | D37: 44042 | E37: Health Facilities Licenses & Fees | F37: 230000 | G37: 340150 | H37: -110150 | I37: 251640
A38: 4 | B38: 2 | C38: 3 | D38: 44043 | E38: Health Professions Licenses & Fees | F38: 400000 | G38: 1036500 | H38: -636500 | I38: 456682
A39: 4 | B39: 2 | C39: 4 | D39: 44011 | E39: Passport Fees | F39: 979340 | G39: 1495151 | H39: -515811 | I39: 979340
A40: 4 | B40: 2 | C40: 4 | D40: 44012 | E40: Residence Permit Fees | F40: 3482428 | G40: 3883259 | H40: -400831 | I40: 3482428
A41: 4 | B41: 2 | C41: 4 | D41: 44013 | E41: Visa & NOC Fees | F41: 18119260 | G41: 15659324 | H41: 2459936 | I41: 18029260
A42: 4 | B42: 2 | C42: 4 | D42: 44015 | E42: Identity Card Fees | F42: 2300000 | G42: 2415901 | H42: -115901 | I42: 2449944
A43: 4 | B43: 2 | C43: 4 | D43: 44016 | E43: CONSUITANCY SERVICES FEES | F43: 453525 | G43: 195674 | H43: 257851 | I43: 58175
A44: 4 | B44: 2 | C44: 4 | D44: 44021 | E44: Labour Market Regulatory Authority Fee | F44: 30920000 | G44: 21342887 | H44: 9577113 | I44: 23143294
A45: 4 | B45: 2 | C45: 4 | D45: 44022 | E45: Fast Track Services for Completion of Audit and I | G45: 100 | H45: -100
A46: 4 | B46: 2 | C46: 4 | D46: 44023 | E46: Commodity Classification Fees | F46: 340 | G46: 648 | H46: -308
A47: 4 | B47: 2 | C47: 4 | D47: 44024 | E47: Commodity Inspection Fees | F47: 850 | G47: 1220 | H47: -370
A48: 4 | B48: 2 | C48: 4 | D48: 44025 | E48: Customs Insurance Fees | F48: 1700 | G48: 21322 | H48: -19622
A49: 4 | B49: 2 | C49: 4 | D49: 44026 | E49: Fees on Custom Vehicle Cards | F49: 229484 | G49: 13183 | H49: 216301
A50: 4 | B50: 2 | C50: 4 | D50: 44033 | E50: Collection Fees For BCCI | G50: 233596 | H50: -233596
A51: 4 | B51: 2 | C51: 4 | D51: 44051 | E51: Ownership Registration Fees | F51: 2379500 | G51: 118938 | H51: 2260562 | I51: 126333
A52: 4 | B52: 2 | C52: 4 | D52: 44052 | E52: Ownership Transfer Fees | F52: 20500000 | G52: 16765567 | H52: 3734434 | I52: 17491123
A53: 4 | B53: 2 | C53: 4 | D53: 44071 | E53: Car Registration Fees | F53: 15524624 | G53: 15346470 | H53: 178155 | I53: 15524624
A54: 4 | B54: 2 | C54: 4 | D54: 44072 | E54: Driving License Fees | F54: 4793138 | G54: 5006129 | H54: -212991 | I54: 4793138
A55: 4 | B55: 2 | C55: 4 | D55: 44073 | E55: Sale of Special and Semi-Special Vehicle License P | G55: 2404546 | H55: -2404546
A56: 4 | B56: 2 | C56: 4 | D56: 44091 | E56: Legal Fees | F56: 5804000 | G56: 6926942 | H56: -1122942 | I56: 5279361
A57: 4 | B57: 2 | C57: 4 | D57: 44092 | E57: Documentation Fees | F57: 650000 | G57: 740012 | H57: -90012 | I57: 856036
A58: 4 | B58: 2 | C58: 4 | D58: 44093 | E58: Certification of Official Documents Fees | F58: 3574915 | G58: 2135585 | H58: 1439330 | I58: 1399267
A59: 4 | B59: 2 | C59: 4 | D59: 44094 | E59: Fees on Private Tobacco Goods | F59: 10000000 | G59: 18497970 | H59: -8497970 | I59: 11770715
A60: 4 | B60: 2 | C60: 4 | D60: 44095 | E60: Fees on Private Luxury Goods | F60: 10000000 | G60: 13575496 | H60: -3575496 | I60: 11845225
A61: 4 | B61: 2 | C61: 4 | D61: 44111 | E61: Tourism Services Classification Fees | H61: 0
A62: 4 | B62: 2 | C62: 4 | D62: 44112 | E62: Hotel Service Fees | H62: 0
A63: 4 | B63: 2 | C63: 4 | D63: 44131 | E63: Gold Assaying Fees | F63: 1800000 | G63: 1435828 | H63: 364172 | I63: 224083
A64: 4 | B64: 2 | C64: 4 | D64: 44132 | E64: Pearl Assaying Fees | F64: 60000 | G64: 49964 | H64: 10036 | I64: 72920
A65: 4 | B65: 2 | C65: 4 | D65: 44151 | E65: Design & Measurement Fees | F65: 17500 | G65: 29907 | H65: -12407 | I65: 14811
A66: 4 | B66: 2 | C66: 4 | D66: 44152 | E66: Design & Trademark Fees | F66: 1800000 | G66: 10774233 | H66: -8974233 | I66: 4465008
A67: 4 | B67: 2 | C67: 4 | D67: 44153 | E67: Trademarks & Commercial Reg. Amend. Fees | F67: 7600000 | G67: 5641050 | H67: 1958950 | I67: 5390670
A68: 4 | B68: 2 | C68: 4 | D68: 44171 | E68: Departure Fees | F68: 2940000 | G68: 3221427 | H68: -281427 | I68: 3437443
A69: 4 | B69: 2 | C69: 4 | D69: 44172 | E69: Entrance Permit Fees | F69: 371600 | G69: 654133 | H69: -282533 | I69: 523189
A70: 4 | B70: 2 | C70: 4 | D70: 44173 | E70: Handling Fees on King Fahad Causeway | F70: 11350750 | G70: 262549 | H70: 11088202
A71: 4 | B71: 2 | C71: 4 | D71: 44181 | E71: Partial Land Subdivision Fees | F71: 4500 | G71: 38000 | H71: -33500 | I71: 4500
A72: 4 | B72: 2 | C72: 4 | D72: 44182 | E72: Main Land Subdivision Fees | F72: 1350 | G72: 234900 | H72: -233550 | I72: 1350
A73: 4 | B73: 2 | C73: 4 | D73: 44183 | E73: Fees of Sand Extraction & Sale | F73: 2242525 | G73: 3677837 | H73: -1435312 | I73: 2040224
A74: 4 | B74: 2 | C74: 4 | D74: 44184 | E74: Capital Contribution for Infrastructure Fees | G74: 300704 | H74: -300704
A75: 4 | B75: 2 | C75: 4 | D75: 44191 | E75: Tender Fees | F75: 419594 | G75: 132920 | H75: 286674 | I75: 196108
A76: 4 | B76: 2 | C76: 4 | D76: 44211 | E76: Wireless Equipment Fees | F76: 1339500 | G76: 590404 | H76: 749096 | I76: 789600
A77: 4 | B77: 2 | C77: 4 | D77: 44212 | E77: Vedio Sales Distribution Rights | F77: 7500 | G77: 8650 | H77: -1150 | I77: 7459
A78: 4 | B78: 2 | C78: 4 | D78: 44904 | E78: Ship Arrival and Departure Permit Fees | F78: 284302 | G78: 264773 | H78: 19529 | I78: 284302
A79: 4 | B79: 2 | C79: 4 | D79: 44905 | E79: Lawyer & Pilgrim Contractors Permit | F79: 141500 | G79: 294726 | H79: -153226 | I79: 177132
A80: 4 | B80: 2 | C80: 4 | D80: 44908 | E80: Application Fees | F80: 422458 | G80: 478193 | H80: -55735 | I80: 440739
A81: 4 | B81: 3 | C81: 1 | D81: 40136 | E81: Airport Information Publication | G81: 22245 | H81: -22245 | I81: 6750
A82: 4 | B82: 3 | C82: 1 | D82: 41011 | E82: Hospital Private Room Charges | F82: 500000 | G82: 439234 | H82: 60767 | I82: 384630
A83: 4 | B83: 3 | C83: 1 | D83: 41012 | E83: Primary Health Care Charges | F83: 34600000 | G83: 26991412 | H83: 7608588 | I83: 37094231
A84: 4 | B84: 3 | C84: 1 | D84: 41013 | E84: Public Health Services | F84: 1550000 | G84: 3306077 | H84: -1756077 | I84: 2633573
A85: 4 | B85: 3 | C85: 1 | D85: 41014 | E85: Special Medical Services Charges | F85: 25000 | G85: 63078 | H85: -38078 | I85: 10965
A86: 4 | B86: 3 | C86: 1 | D86: 41015 | E86: Road Accident Treatment Fees | F86: 5000 | H86: 5000
A87: 4 | B87: 3 | C87: 1 | D87: 41016 | E87: Limited Private Practice Charges | F87: 10000 | G87: 210068 | H87: -200068
A88: 4 | B88: 3 | C88: 1 | D88: 41017 | E88: Out-Patient Charges | F88: 1100000 | G88: 650295 | H88: 449705 | I88: 1059605
A89: 4 | B89: 3 | C89: 1 | D89: 41018 | E89: Medical Commission Fees | F89: 95000 | G89: 106625 | H89: -11625 | I89: 97715
A90: 4 | B90: 3 | C90: 1 | D90: 41019 | E90: Occupational Injury Treatment Fees | F90: 270000 | G90: 270000 | H90: 0
A91: 4 | B91: 3 | C91: 1 | D91: 41020 | E91: Pre-employment Medical Examination Fees | F91: 420000 | G91: 411440 | H91: 8560 | I91: 441680
A92: 4 | B92: 3 | C92: 1 | D92: 41023 | E92: X-Ray Fees | F92: 90000 | G92: 88842 | H92: 1158 | I92: 95161
A93: 4 | B93: 3 | C93: 1 | D93: 41024 | E93: Lab. Fees | F93: 430144 | G93: 249607 | H93: 180537 | I93: 169619
A94: 4 | B94: 3 | C94: 1 | D94: 41025 | E94: Operations Fees | F94: 175000 | G94: 200868 | H94: -25868 | I94: 213374
A95: 4 | B95: 3 | C95: 1 | D95: 41026 | E95: Maternity Services | F95: 200000 | G95: 194820 | H95: 5181 | I95: 220067
A96: 4 | B96: 3 | C96: 1 | D96: 41027 | E96: Public University Tution Fees for Non-Bahrainis | H96: 0
A97: 4 | B97: 3 | C97: 1 | D97: 41028 | E97: Courses & Seminar Fees | F97: 12000 | G97: 39130 | H97: -27130
A98: 4 | B98: 3 | C98: 1 | D98: 41029 | E98: Public University Fees for Bahrainis | H98: 0
A99: 4 | B99: 3 | C99: 1 | D99: 41031 | E99: Parcel & Postal Fees | F99: 700000 | G99: 669016 | H99: 30984 | I99: 770550
A100: 4 | B100: 3 | C100: 1 | D100: 41032 | E100: Post Box Rental | F100: 500000 | G100: 438601 | H100: 61399 | I100: 529688
A101: 4 | B101: 3 | C101: 1 | D101: 41033 | E101: Transit Post Fees | F101: 400000 | G101: 794310 | H101: -394310 | I101: 491532
A102: 4 | B102: 3 | C102: 1 | D102: 41034 | E102: Stamp Sales | F102: 700000 | G102: 632938 | H102: 67062 | I102: 721754
A103: 4 | B103: 3 | C103: 1 | D103: 41035 | E103: Franking Machine Sales | F103: 2100000 | G103: 1214663 | H103: 885337 | I103: 2175936
A104: 4 | B104: 3 | C104: 1 | D104: 41051 | E104: Container Handling & Storage Charges | F104: 5400510 | G104: 7360034 | H104: -1959524 | I104: 5472669
...

Sheet Meta8
A1: 8- المصروفات المتكررة مصنفة حسب الأبواب والوزارات والجهات الحكومية
A3: Ministry | B3: Code | C3: Manpower | D3: Services | E3: Consumables | F3: Assets | G3: Maintenance | H3: Transfers | I3: Grants | J3: Total | K3: Budget | L3: Actual-PY
A4: The Court of H.R.H The Prime Minister | B4: 11 | C4: 3884385 | D4: 3588210 | E4: 111755 | F4: 30515 | G4: 5255 | H4: 10500000 | I4: 0 | J4: 18120121 | K4: 18128000 | L4: 19222655
A5: Ministry of Defence | B5: 12 | C5: 396845222 | D5: 27122900 | E5: 37109397 | F5: 21163146 | G5: 49702851 | H5: 0 | I5: 1268201 | J5: 533211717 | K5: 482050000 | L5: 521881353
A6: Ministry of Interior | B6: 13 | C6: 315880353 | D6: 19589405 | E6: 8317214 | F6: 3835764 | G6: 6078569 | H6: 0 | I6: 0 | J6: 353701306 | K6: 352756000 | L6: 357208194
A7: National Security Agency | B7: 14 | C7: 0 | D7: 0 | E7: 0 | F7: 0 | G7: 0 | H7: 41616000 | I7: 0 | J7: 41616000 | K7: 41616000 | L7: 34842000
A8: Legislation & Legal Opinion Com | B8: 15 | C8: 2044627 | D8: 349765 | E8: 15874 | F8: 10671 | G8: 15001 | H8: 0 | I8: 0 | J8: 2435938 | K8: 2483000 | L8: 2530528
A9: Min. of Foreign Affairs | B9: 16 | C9: 21044772 | D9: 7731385 | E9: 467043 | F9: 290095 | G9: 537238 | H9: 0 | I9: 28152 | J9: 30098686 | K9: 29249119 | L9: 30567635
A10: Deputy of H.R.H The PM | B10: 17 | C10: 781448 | D10: 19501 | E10: 8433 | F10: 1690 | G10: 4338 | H10: 0 | I10: 0 | J10: 815409 | K10: 815410 | L10: 878289
A11: Min. of Justice & Islamic Aff & Awqaf (Justice Aff) | B11: 18 | C11: 8843202 | D11: 2430888 | E11: 108122 | F11: 47160 | G11: 94510 | H11: 14942 | I11: 55000 | J11: 11593824 | K11: 11686851 | L11: 12169486
A12: Min. of Education | B12: 21 | C12: 280273347 | D12: 37390621 | E12: 3864861 | F12: 1634732 | G12: 1821943 | H12: 0 | I12: 75000 | J12: 325060502 | K12: 321186000 | L12: 334558748
A13: Ministry of Health | B13: 22 | C13: 144873918 | D13: 28835530 | E13: 63803490 | F13: 318970 | G13: 2926949 | H13: 0 | I13: 0 | J13: 240758857 | K13: 256937000 | L13: 261116093
A14: Min. of Works, Mun Aff & Urb Plg | B14: 23 | C14: 8176967 | D14: 1782645 | E14: 214908 | F14: 41594 | G14: 114420 | H14: 0 | I14: 0 | J14: 10330535 | K14: 10334050 | L14: 10756348
A15: Min. of Labour | B15: 24 | C15: 0 | D15: 0 | E15: 0 | F15: 0 | G15: 0 | H15: 0 | I15: 0 | J15: 0 | K15: 0 | L15: 6034407
... A59: National Health Regulatory Authority (89) | B59: 89 | C59: 1529887 | D59: 672354 | E59: 45454 | F59: 20223 | G59: 4520 | H59: 0 | I59: 0 | J59: 2272437 | K59: 2362000 | L59: 1965323
B63: D | C63: 2662340 | D63: 446480 | E63: 42472 | F63: 7125 | G63: 13334 | H63: 0 | I63: 0 | J63: 3171750 | K63: 3505160 | L63: 3254328
B64: A | C64: 365545 | D64: 101338 | E64: 1621 | F64: 475 | G64: 634 | H64: 0 | I64: 0 | J64: 469614 | K64: 612000 | L64: 493996

Sheet Meta11
A1: 11- مصروفات المشاريع مصنفة حسب الوزارات والجهات الحكومية
A3: Ministry | B3: Ministry Code | C3: Budget | D3: Actual-CY | E3: Actual-PV
A4: The Court of H.R.H The Prime Minister | B4: 11 | C4: 1015500 | D4: 1015500
A5: Ministry of Interior | B5: 13 | C5: 18133497 | D5: 18133497 | E5: 21997018
A6: Min. of Foreign Affairs | B6: 16 | C6: 6416400 | D6: 4250381 | E6: 5671647
A7: Deputy of H.R.H The PM | B7: 17 | C7: 60000 | D7: 60000 | E7: 60000
A8: Min. of Justice & Islamic Aff & Awqaf (Justice Aff) | B8: 18 | C8: 1289700 | D8: 1254459 | E8: 401395
A9: Min. of Education | B9: 21 | C9: 8671900 | D9: 3736798 | E9: 5271730
A10: Ministry of Health | B10: 22 | C10: 8000000 | D10: 4949889 | E10: 10487893
A11: Min. of Works, Mun Aff & Urb Plg | B11: 23 | C11: 9554588 | D11: 6374719 | E11: 11601891
A12: Min. of Labour | B12: 24 | E12: 95560
A13: General Organization for Youth&Sport | B13: 26 | C13: 4600000 | D13: 2960788 | E13: 5298704
A14: Rashed Club for Equestrian & Horse Racing | B14: 28 | E14: 21478
A15: Min. of Social Development | B15: 29 | C15: 600000 | D15: 103791 | E15: 800656
A16: Min of Industry & Commerce | B16: 34 | C16: 5604800 | D16: 4228139 | E16: 4603811
A17: Ministry of Housing | B17: 36 | C17: 114480100 | D17: 110086323 | E17: 143004455
A18: The Supreme Council for the Environment | B18: 41 | C18: 300000 | D18: 249986 | E18: 195681
A19: Min. of Works, Mun Aff & Urb Plg | B19: 46 | C19: 70068912 | D19: 57663189 | E19: 62029663
A20: Min. of Transportation & Telecommunications | B20: 48 | C20: 4413900 | D20: 2770452 | E20: 3708048
A21: National Guard | B21: 50 | C21: 3000000 | D21: 2999671 | E21: 4070533
A22: Min. of Information Aff | B22: 55 | E22: 491198
A23: Tender Board | B23: 59 | C23: 462600 | D23: 318096 | E23: 137365
A24: Transfers | B24: 60 | C24: 120535103 | D24: 94705291 | E24: 93671804
A25: Information Affairs Authority | B25: 65 | C25: 9936200 | D25: 5597657 | E25: 5857139
A26: Bahrain Authority for Culture & Antiquities | B26: 66 | C26: 9528100 | D26: 8872225 | E26: 6609206
A27: Supreme Council for Health | B27: 67 | C27: 4151400 | D27: 1587652 | E27: 248534
A28: Education and Training Quality Authority | B28: 69 | C28: 50000
A29: First Deputy of H.R.H The PM Office | B29: 70 | C29: 3000000 | D29: 3000000 | E29: 3000000
A30: Civil Service Bureau | B30: 72 | C30: 300000 | D30: 273688 | E30: 175796
A31: Central Informatics Org | B31: 73 | C31: 5835000 | D31: 3590338 | E31: 977881
A32: Supreme Judicial Council (76) | B32: 76 | C32: 300000 | D32: 72275 | E32: 105607
A33: Min. of Justice & Islamic Aff & Awqaf (Islamic Aff) | B33: 77 | C33: 636300 | D33: 451224 | E33: 1063630
A34: Survey&Land Reg Bureau | B34: 78 | C34: 680600 | D34: 663531 | E34: 434961
A35: Ministry of Finance | B35: 81 | C35: 1800000 | D35: 1142854 | E35: 1728391
A36: Customs Affairs | B36: 83 | C36: 1575400 | D36: 1399295 | E36: 1138004
A37: National Oncology Center | B37: 84 | C37: 12000000 | D37: 12000000
A38: King Hamad University Hospital | B38: 88 | E38: 15923320

Sheet Meta
A1: Horizontal Schedules | N1: Entity Names | Q1: Vertical Schedule
N2: ديوان صاحب السمو الملكي رئيس مجلس الوزراء | O2: 11 | Q2: Item | R2: Chp | S2: Sec | T2: Acct | U2: Description | V2: Budget | W2: Actual | X2: Difference | Y2: 2014 | AA2: التبويــب | AE2: البيان
A3: Ministry | B3: Code | C3: Oil and Gas | D3: Taxation, Fees | E3: Govt Goods, Services | F3: Investments, Govt Properties | G3: Grants | H3: Sale of | I3: Fines,Penalt ies , Misc | J3: Total | K3: Budget | L3: Actual-PY | N3: وزارة الدفاع (إيضاح رقم 13) | O3: 12 | Q3: 4 | R3: 1 | S3: 1 | T3: 40011 | U3: Oil Sales - Bahrain Field | V3: 148534000 | W3: 230724927 | X3: -82190927 | Y3: 206473297 | AA3: Code
A4: The Court of H.R.H The Prime Minister-1 1 | B4: 11 | C4: 0 | D4: 0 | E4: 0 | F4: 0 | G4: 0 | H4: 0 | I4: 88100 | J4: 88100 | K4: 0 | L4: 1563 | N4: وزارة الداخلية | O4: 13 | Q4: 4 | R4: 1 | S4: 1 | T4: 40012 | U4: Oil Sales - Abu-Sa'afa Field | V4: 1141434000 | W4: 957404837 | X4: 184029163 | Y4: 2027312875 | AA4: بند | AB4: قسم | AC4: باب | AD4: نوع
A5: Ministry of Interior-13 | B5: 13 | C5: 0 | D5: 40677302 | E5: 5658468 | F5: 40550 | G5: 0 | H5: 344376 | I5: 885264 | J5: 47605960 | K5: 40454000 | L5: 40729523 | N5: جهاز الأمن الوطني | O5: 14 | Q5: 4 | R5: 1 | S5: 1 | T5: 40014 | U5: Future Generations Reserve- Abu-Sa'afa Field | V5: -20641000 | W5: -17105245 | X5: -3535755 | Y5: -21172996 | AA5: Item | AB5: Sect. | AC5: Chpt. | AD5: Type
A6: National Security Agency-14 | B6: 14 | C6: 0 | D6: 0 | F6: 0 | G6: 0 | H6: 0 | I6: 0 | J6: 0 | K6: 0 | L6: 170 | N6: هيئة التشريع والرأي القانوني | O6: 15 | Q6: 4 | R6: 1 | S6: 2 | T6: 40032 | U6: Gas Sales - Sitra Power Station | X6: 0 | AC6: 1 | AD6: 4 | AE6: النفط والغاز الطبيعي
A7: Legislation & Legal Opinion Com-15 | B7: 15 | C7: 0 | D7: 60 | E7: 6217 | F7: 0 | G7: 0 | H7: 130 | I7: 6752 | J7: 13159 | K7: 5000 | L7: 3704 | N7: وزارة الخارجية | O7: 16 | Q7: 4 | R7: 1 | S7: 2 | T7: 40034 | U7: Gas Sales - Riffa Power Station | X7: 0 | AB7: 1 | AC7: 1 | AD7: 4 | AE7: مبيعات النفط
A8: Min. of Foreign Affairs-16 | B8: 16 | C8: 0 | D8: 1020750 | E8: 0 | F8: 0 | G8: 0 | H8: 0 | I8: 764873 | J8: 1785623 | K8: 2055000 | L8: 1879359 | N8: نائب رئيس مجلس الوزراء – الشيخ خالد بن عبدالله آل خليفة | O8: 17 | Q8: 4 | R8: 1 | S8: 2 | T8: 40035 | U8: Gas Sales - Hidd Power Station | V8: 64234000 | X8: 64234000 | AA8: 40011 | AB8: 1 | AC8: 1 | AD8: 4 | AE8: حقل البحرين والمصفاة
A9: Min. of Justice & Islamic Aff & Awqaf (J | B9: 18 | C9: 0 | D9: 6399317 | E9: 7341 | F9: 42660 | G9: 0 | H9: 401 | I9: 9387069 | J9: 15836788 | K9: 10846000 | L9: 9952681 | N9: وزارة العدل والشئون الإسلامية والأوقاف | O9: 18 | Q9: 4 | R9: 1 | S9: 2 | T9: 40037 | U9: Gas Sales to Electricity Power and Water Station | V9: 51474000 | W9: 44113743 | X9: 7360257 | Y9: 62390724 | AA9: 40012 | AB9: 1 | AC9: 1 | AD9: 4 | AE9: حقل أبوسعفة
A10: Min. of Education-21 | B10: 21 | C10: 0 | D10: 14725 | E10: 115854 | F10: 50 | G10: 0 | H10: 66073 | I10: 1411581 | J10: 1608282 | K10: 768000 | L10: 1188932 | N10: وزارة التربية والتعليم | O10: 21 | Q10: 4 | R10: 1 | S10: 2 | T10: 40051 | U10: Gas Sales - Alba | V10: 96495000 | W10: 90853535 | X10: 5641465 | Y10: 107213712 | AA10: 40014 | AB10: 1 | AC10: 1 | AD10: 4 | AE10: احتياطي الأجيال القادمة- حقل أبوسعفة
A11: Ministry of Health-22 | B11: 22 | C11: 0 | D11: 13665 | E11: 33918844 | F11: 538502 | G11: 0 | H11: 9868 | I11: 582625 | J11: 35063505 | K11: 33450000 | L11: 14181686 | N11: وزارة الصحة | O11: 22 | Q11: 4 | R11: 1 | S11: 2 | T11: 40052 | U11: Gas Sales - Bapco | V11: 38598000 | W11: 43778809 | X11: -5180809 | Y11: 38935826 | AB11: 2 | AC11: 1 | AD11: 4 | AE11: مبيعات الغاز
A12: Min. of Works, Mun Aff & Urb Plg -23 ( | B12: 23 | C12: 0 | D12: 41464 | E12: 349545 | F12: 69629 | G12: 0 | H12: 33934 | I12: 402086 | J12: 896658 | K12: 335000 | L12: 400408 | N12: وزارة شئون البلديات والزراعة (شئون الزراعة والثروة البحرية والحيوانية) | O12: 23 | Q12: 4 | R12: 1 | S12: 2 | T12: 40053 | U12: Gas Sales - Banagas | V12: 33392000 | W12: 28565322 | X12: 4826678 | Y12: 36231980 | AA12: 40035 | AB12: 2 | AC12: 1 | AD12: 4 | AE12: محطة الحد للكهرباء
A13: Mun Aff&Urb Plg) Min. of Labour -24 | B13: 24 | C13: 0 | D13: 5435 | E13: 2345 | F13: 400 | G13: 0 | H13: 0 | I13: 22379 | J13: 30559 | K13: 67000 | L13: 1382127 | N13: وزارة العمل والتنمية الاجتماعية | O13: 24 | Q13: 4 | R13: 1 | S13: 2 | T13: 40054 | U13: Gas Sales - Other Companies | V13: 129954000 | W13: 204474412 | X13: -74520412 | Y13: 189949848 | AA13: 40037 | AB13: 2 | AC13: 1 | AD13: 4 | AE13: مبيعات الغاز- محطات الكهرباء والماء
A14: General Organization for Youth&Sport-26 | B14: 26 | C14: 0 | D14: 10905 | E14: 0 | F14: 7400 | G14: 0 | H14: 0 | I14: 582591 | J14: 600896 | K14: 16000 | L14: 77142 | N14: وزارة شئون الشباب والرياضة | O14: 26 | Q14: 4 | R14: 1 | S14: 3 | T14: 42011 | U14: Gas Income Tax | V14: 11130000 | W14: 7282491 | X14: 3847509 | Y14: 10605738 | AA14: 40051 | AB14: 2 | AC14: 1 | AD14: 4 | AE14: شركة المنيوم البحرين (ألبا)
A15: Min. of Social Development-29 | B15: 29 | C15: 0 | D15: 1600 | E15: 0 | F15: 0 | G15: 0 | H15: 665 | I15: 4897 | J15: 7162 | K15: 5000 | L15: 4087 | N15: نادي راشد للفروسية وسباق الخيل | O15: 28 | Q15: 4 | R15: 1 | S15: 3 | T15: 42013 | U15: Petrol Tax | V15: 6183000 | W15: 4579560 | X15: 1603440 | Y15: 4405390 | AA15: 40052 | AB15: 2 | AC15: 1 | AD15: 4 | AE15: شركة نفط البحرين (بابكو)
A16: Min of Industry & Commerce-34 | B16: 34 | C16: 0 | D16: 17561373 | E16: 285351 | F16: 7284872 | G16: 0 | H16: 0 | I16: 29679 | J16: 25161275 | K16: 19495000 | L16: 9937269 | N16: وزارة العمل والتنمية الاجتماعية | O16: 29 | Q16: 4 | R16: 2 | S16: 2 | T16: 42501 | U16: Customs Duty on Essential Trade | V16: 48000000 | W16: 52459852 | X16: -4459852 | Y16: 45313631 | AA16: 40053 | AB16: 2 | AC16: 1 | AD16: 4 | AE16: شركة غاز البحرين الوطنية (بناغاز)
A17: Ministry of Housing-36 | B17: 36 | C17: 0 | D17: 15168 | E17: 0 | F17: 0 | G17: 0 | H17: 0 | I17: 1960518 | J17: 1975685 | K17: 34000 | L17: 31943 | N17: نائب رئيس مجلس الوزراء – جواد بن سالم العريض | O17: 30 | Q17: 4 | R17: 2 | S17: 2 | T17: 42503 | U17: Customs Duty on Vehicles | V17: 7500000 | W17: 18033658 | X17: -10533658 | Y17: 7457362 | AA17: 40054 | AB17: 2 | AC17: 1 | AD17: 4 | AE17: الشركات المحلية الاخرى
A18: The Supreme Council for the Environment | B18: 41 | C18: 0 | D18: 223930 | E18: 0 | F18: 92929 | G18: 0 | H18: 0 | I18: 986 | J18: 317845 | K18: 143000 | L18: 371440 | N18: مستشار رئيس الوزراء للشئون الاقتصادية | O18: 31 | Q18: 4 | R18: 2 | S18: 2 | T18: 42504 | U18: Customs Duty on Manuf./Unmanuf. Tabacco | V18: 16000000 | W18: 18300861 | X18: -2300861 | Y18: 16968822 | AB18: 3 | AC18: 1 | AD18: 4 | AE18: الضرائب والرسوم النفطية
A19: Min. of Works, Mun Aff & Urb Plg -46 ( | B19: 46 | C19: 0 | D19: 82835 | E19: 5020 | F19: 61656 | G19: 0 | H19: 39964 | I19: 432679 | J19: 622154 | K19: 267000 | L19: 1950626 | N19: مكتب وزير شئون مجلس الوزراء | O19: 32 | Q19: 4 | R19: 2 | S19: 2 | T19: 42505 | U19: Customs Duty on Luxury Goods | V19: 20000000 | W19: 19751712 | X19: 248288 | Y19: 17912053 | AA19: 42011 | AB19: 3 | AC19: 1 | AD19: 4 | AE19: ضريبة دخل الغاز
A20: Works Aff) Min. of Transportation & Telecommunicat | B20: 48 | C20: 0 | D20: 3585038 | E20: 31995785 | F20: 8424595 | G20: 0 | H20: 32850 | I20: 47137 | J20: 44085405 | K20: 37292000 | L20: 44464288 | N20: مستشار رئيس مجلس الوزراء – ماجد الجشي | O20: 33 | Q20: 4 | R20: 2 | S20: 2 | T20: 42506 | U20: Customs Duty on Yachts | V20: 400000 | W20: 80700 | X20: 319300 | Y20: 361304 | AA20: 42013 | AB20: 3 | AC20: 1 | AD20: 4 | AE20: ضريبة البنزين
A21: National Oil & Gas Authority-51 | B21: 51 | C21: 0 | D21: 0 | E21: 0 | F21: 0 | G21: 0 | H21: 125 | I21: 7439 | J21: 7564 | K21: 0 | L21: 48960 | N21: وزارة الصناعة والتجارة | O21: 34 | Q21: 4 | R21: 2 | S21: 2 | T21: 42507 | U21: Protection of Domestic Industries | V21: 570000 | W21: 578431 | X21: -8431 | Y21: 573849 | AC21: 2 | AD21: 4 | AE21: الضرائب والرسوم
A22: Min. of Shura Council & Representatives | B22: 54 | C22: 0 | D22: 0 | E22: 0 | F22: 0 | G22: 0 | H22: 1200 | I22: 150 | J22: 1350 | K22: 0 | L22: 0 | N22: مستشار رئيس الوزراء للشئون الأمنية | O22: 35 | Q22: 4 | R22: 2 | S22: 3 | T22: 43011 | U22: General Trade Activities Registration Fees | V22: 30000 | W22: 78334 | X22: -48334 | Y22: 41885 | AB22: 2 | AC22: 2 | AD22: 4 | AE22: الضرائب والرسوم على التجارة الدولية
A23: Council Aff 54 Min. of Information Aff-55 | B23: 55 | C23: 0 | D23: 0 | E23: 0 | F23: 0 | G23: 0 | H23: 0 | I23: 6677 | J23: 6677 | K23: 0 | L23: 0 | N23: وزارة الإسكان والتخطيط العمراني | O23: 36 | Q23: 4 | R23: 2 | S23: 3 | T23: 43021 | U23: Industrial Activities Registration Fees | V23: 3000 | W23: 2541 | X23: 459 | Y23: 9603 | AA23: 42501 | AB23: 2 | AC23: 2 | AD23: 4 | AE23: ضرائب جمركية على السلع الضرورية الأساسية
A24: Tender Board-59 | B24: 59 | C24: 0 | D24: 8425 | E24: 0 | F24: 0 | G24: 0 | H24: 400 | I24: 0 | J24: 8825 | K24: 0 | L24: 10885 | N24: مستشار سمو رئيس الوزراء للشئون الصناعية والنفطية | O24: 37 | Q24: 4 | R24: 2 | S24: 3 | T24: 43031 | U24: Financial Service Activities Registration Fees | V24: 10000 | W24: 45427 | X24: -35427 | Y24: 13892 | AA24: 42503 | AB24: 2 | AC24: 2 | AD24: 4 | AE24: ضرائب جمركية على العربات
A25: Transfers | B25: 60 | C25: 0 | D25: 19729167 | E25: 881496 | F25: 66919705 | G25: 28169590 | H25: 13455 | I25: 12282350 | J25: 127995763 | K25: 128041000 | L25: 164598430 | N25: مكتب مستشار رئيس مجلس الوزراء | O25: 38 | Q25: 4 | R25: 2 | S25: 3 | T25: 43041 | U25: Miscellaneous Service Activities Registration Fees | V25: 1065052 | W25: 1534627 | X25: -469575 | Y25: 1579778 | AA25: 42504 | AB25: 2 | AC25: 2 | AD25: 4 | AE25: ضرائب جمركية على التبغ المصنع وغير المصنع ومشتقاته
A26: Revenue Account under MOF Control | B26: 62 | C26: 1594672391 | D26: 0 | E26: 0 | F26: 0 | G26: 0 | H26: 0 | I26: 0 | J26: 1594672391 | K26: 1700787000 | L26: 2662346396 | N26: مكتب وزير شئون الكهرباء والماء | O26: 40 | Q26: 4 | R26: 2 | S26: 3 | T26: 43051 | U26: Commercial Agencies Registration Fees | V26: 14500 | W26: 11062 | X26: 3438 | Y26: 13787 | AA26: 42505 | AB26: 2 | AC26: 2 | AD26: 4 | AE26: ضرائب جمركية على السلع الكمالية
A27: Information Affairs Authority-65 | B27: 65 | C27: 0 | D27: 342232 | E27: 1331972 | F27: 600 | G27: 0 | H27: 0 | I27: 43724 | J27: 1718527 | K27: 1492000 | L27: 1298057 | N27: المجلس الأعلى للبيئة | O27: 41 | Q27: 4 | R27: 2 | S27: 3 | T27: 43071 | U27: Organizing Engineering Professional Practice Fees | V27: 85000 | W27: 40000 | X27: 45000 | Y27: 40000 | AA27: 42506 | AB27: 2 | AC27: 2 | AD27: 4 | AE27: ضرائب جمركية على اليخوت والزوارق والقوارب
A28: Bahrain Authority for Culture & Antiquiti | B28: 66 | C28: 0 | D28: 1491933 | E28: 423 | F28: 22800 | G28: 0 | H28: 0 | I28: 281518 | J28: 1796674 | K28: 0 | L28: 12515373 | N28: نائب رئيس مجلس الوزراء – الشيخ محمد بن مبارك آل خليفة | O28: 44 | Q28: 4 | R28: 2 | S28: 3 | T28: 44041 | U28: Pharmaceutical Products Licenses & Fees | V28: 35000 | W28: 32111 | X28: 2889 | Y28: 31799 | AA28: 42507 | AB28: 2 | AC28: 2 | AD28: 4 | AE28: ضريبة حماية الصناعة الوطنية
A29: es 66 Administrative Organization for Public Pr | B29: 68 | C29: 0 | D29: 45 | E29: 0 | F29: 0 | G29: 0 | H29: 0 | I29: 7759 | J29: 7804 | K29: 0 | L29: 0 | N29: وزارة الأشغال | O29: 46 | Q29: 4 | R29: 2 | S29: 3 | T29: 44042 | U29: Health Facilities Licenses & Fees | V29: 120000 | W29: 113996 | X29: 6004 | Y29: 109042 | AB29: 3 | AC29: 2 | AD29: 4 | AE29: رسوم التسجيل والتراخيص
A30: Civil Service Bureau-72 | B30: 72 | C30: 0 | D30: 250 | E30: 0 | F30: 0 | G30: 0 | H30: 50 | I30: 6431 | J30: 6731 | K30: 5000 | L30: 14151 | N30: وزارة المواصلات والاتصالات | O30: 48 | Q30: 4 | R30: 2 | S30: 3 | T30: 44043 | U30: Health Professions Licenses & Fees | V30: 130000 | W30: 157809 | X30: -27809 | Y30: 117822 | AA30: 43011 | AB30: 3 | AC30: 2 | AD30: 4 | AE30: نشاطات التجارة العامة
A31: Central Informatics Org-73 | B31: 73 | C31: 0 | D31: 2465286 | E31: 0 | F31: 0 | G31: 0 | H31: 0 | I31: 0 | J31: 2465286 | K31: 1683000 | L31: 1704235 | N31: الحرس الوطني | O31: 50 | Q31: 4 | R31: 2 | S31: 4 | T31: 44011 | U31: Passport Fees | V31: 1800000 | W31: 676517 | X31: 1123483 | Y31: 982251 | AA31: 43021 | AB31: 3 | AC31: 2 | AD31: 4 | AE31: نشاطات الصناعة
A32: General Secretariat for Youth & Sports Hi | B32: 75 | C32: 0 | D32: 585 | E32: 0 | F32: 0 | G32: 0 | H32: 0 | I32: 0 | J32: 585 | K32: 0 | L32: 0 | N32: الهيئة الوطنية للنفط والغاز | O32: 51 | Q32: 4 | R32: 2 | S32: 4 | T32: 44012 | U32: Residence Permit Fees | V32: 2437000 | W32: 2321112 | X32: 115888 | Y32: 2428954 | AA32: 43031 | AB32: 3 | AC32: 2 | AD32: 4 | AE32: نشاطات الخدمات المالية
A33: gh Council 75 Supreme Judicial Council (76) | B33: 76 | C33: 0 | D33: 645 | E33: 3309 | F33: 0 | G33: 0 | H33: 0 | I33: 2261 | J33: 6215 | K33: 0 | L33: 1873 | N33: وزارة الدولة لشئون الاتصالات | O33: 53 | Q33: 4 | R33: 2 | S33: 4 | T33: 44013 | U33: Visa & NOC Fees | V33: 9708000 | W33: 16781608 | X33: -7073608 | Y33: 11471167 | AA33: 43041 | AB33: 3 | AC33: 2 | AD33: 4 | AE33: نشاطات الخدمات المتنوعة
A34: Min. of Justice & Islamic Aff & Awqaf (I | B34: 77 | C34: 0 | D34: 5475 | E34: 0 | F34: 0 | G34: 0 | H34: 0 | I34: 3300 | J34: 8775 | K34: 10000 | L34: 24264 | N34: وزارة شئون مجلسي الشورى والنواب | O34: 54 | Q34: 4 | R34: 2 | S34: 4 | T34: 44015 | U34: Population Card Fees | V34: 1510000 | W34: 2201066 | X34: -691066 | Y34: 1475497 | AA34: 43051 | AB34: 3 | AC34: 2 | AD34: 4 | AE34: رسوم تسجيل الوكالات التجارية
A35: Survey&Land Reg Bureau-78 | B35: 78 | C35: 0 | D35: 20803808 | E35: 150986 | F35: 300 | G35: 0 | H35: 0 | I35: 15088 | J35: 20970182 | K35: 20376000 | L35: 22671205 | N35: وزارة شئون الإعلام | O35: 55 | Q35: 4 | R35: 2 | S35: 4 | T35: 44016 | U35: CONSUITANCY SERVICES FEES | V35: 85000 | W35: 1233 | X35: 83767 | Y35: 7000 | AA35: 43071 | AB35: 3 | AC35: 2 | AD35: 4 | AE35: رسوم تنظيم مزاولة المهن الهندسية
A36: Ministry of Finance-81 | B36: 81 | C36: 0 | D36: 640 | E36: 0 | F36: 180 | G36: 0 | H36: 0 | I36: 16689 | J36: 17509 | K36: 3000 | L36: 34588 | N36: وزارة الدولة لشئون حقوق الانسان | O36: 58 | Q36: 4 | R36: 2 | S36: 4 | T36: 44021 | U36: Labour Market Regulatory Authority Fee | V36: 18500000 | W36: 19206857 | X36: -706857 | Y36: 24231174 | AA36: 44041 | AB36: 3 | AC36: 2 | AD36: 4 | AE36: رسوم وتراخيص المواد الصيدلانية
A37: Customs Affairs-83 | B37: 83 | C37: 0 | D37: 110031666 | E37: 63437 | F37: 0 | G37: 0 | H37: 20790 | I37: 6650646 | J37: 116766540 | K37: 99700000 | L37: 97643744 | N37: مجلـس المناقصات والمزايدات | O37: 59 | Q37: 4 | R37: 2 | S37: 4 | T37: 44031 | U37: Employment Permission Fees | X37: 0 | Y37: 783410 | AA37: 44042 | AB37: 3 | AC37: 2 | AD37: 4 | AE37: رسوم وتراخيص المرافق الصحية
N38: الميزانية التحويلية (إيضاح رقم 10) | O38: 60 | Q38: 4 | R38: 2 | S38: 4 | T38: 44032 | U38: Employment Permission Renewal Fees | X38: 0 | Y38: 557105 | AA38: 44043 | AB38: 3 | AC38: 2 | AD38: 4 | AE38: رسوم وتراخيص المهن الصحية
A39: Government Agency Name | B39: Code | C39: Actual | D39: Revenue Budget | E39: % Spent | F39: Actual | G39: Recurrent Budget | H39: % Spent | I39: Actual | J39: Project Budget | K39: % Spent | N39: وزارة النفط والبيئة | O39: 61 | Q39: 4 | R39: 2 | S39: 4 | T39: 44051 | U39: Ownership Registration Fees | V39: 150000 | W39: 116381 | X39: 33619 | Y39: 91573 | AB39: 4 | AC39: 2 | AD39: 4 | AE39: الرسوم والأتعاب الإدارية
A40: The Court of H.R.H The Prime Minister-11 | B40: 11 | C40: 88100 | D40: 0 | E40: 0 | F40: 19317706 | G40: 19342000 | H40: 0.9987 | N40: إيرادات النفط والغاز الطبيعي | O40: 62 | Q40: 4 | R40: 2 | S40: 4 | T40: 44052 | U40: Ownership Transfer Fees | V40: 20000000 | W40: 20686702 | X40: -686702 | Y40: 22418893 | AA40: 44011 | AB40: 4 | AC40: 2 | AD40: 4 | AE40: رسوم الجوازات
A41: Ministry of Defence-12 | B41: 12 | F41: 496154820 | G41: 494950000 | H41: 1.0024 | N41: وزارة شئون الإعلام | O41: 65 | Q41: 4 | R41: 2 | S41: 4 | T41: 44071 | U41: Car Registration Fees | V41: 15296000 | W41: 15717790 | X41: -421790 | Y41: 14490304 | AA41: 44012 | AB41: 4 | AC41: 2 | AD41: 4 | AE41: رسوم الإقامات
A42: Ministry of Interior-13 | B42: 13 | C42: 47605960 | D42: 40454000 | E42: 1.1768 | F42: 372640335 | G42: 350900000 | H42: 1.062 | I42: 31276833 | J42: 38755028 | K42: 0.807 | N42: هيئة البحرين للثقافة والآثار | O42: 66 | Q42: 4 | R42: 2 | S42: 4 | T42: 44072 | U42: Driving License Fees | V42: 3727000 | W42: 4381225 | X42: -654225 | Y42: 3695338 | AA42: 44013 | AB42: 4 | AC42: 2 | AD42: 4 | AE42: رسوم التأشيرات وشهادات عدم الممانعة
A43: National Security Agency-14 | B43: 14 | C43: 0 | D43: 0 | E43: 0 | F43: 35889000 | G43: 35889000 | H43: 1 | N43: الجهاز الإداري للنيابة العامة | O43: 68 | Q43: 4 | R43: 2 | S43: 4 | T43: 44091 | U43: Legal Fees | V43: 5104000 | W43: 5652851 | X43: -548851 | Y43: 4775298 | AA43: 44015 | AB43: 4 | AC43: 2 | AD43: 4 | AE43: رسوم البطاقة السكانية
A44: Legislation & Legal Opinion Com-15 | B44: 15 | C44: 13159 | D44: 5000 | E44: 2.6317 | F44: 2609942 | G44: 2609942 | H44: 1 | N44: مكتب صاحب السمو الملكي النائب الأول لرئيس مجلس الوزراء | O44: 70 | Q44: 4 | R44: 2 | S44: 4 | T44: 44092 | U44: Documentation Fees | V44: 580000 | W44: 613478 | X44: -33478 | Y44: 526107 | AA44: 44016 | AB44: 4 | AC44: 2 | AD44: 4 | AE44: رسوم تقديم الخدمات الاستشارية
A45: Min. of Foreign Affairs-16 | B45: 16 | C45: 1785623 | D45: 2055000 | E45: 0.8689 | F45: 30933748 | G45: 30832586 | H45: 1.0033 | I45: 987912 | J45: 2185198 | K45: 0.4521 | N45: الأمانة العامة لمجلس الوزراء | O45: 71 | Q45: 4 | R45: 2 | S45: 4 | T45: 44093 | U45: Certification of Official Documents Fees | V45: 1660000 | W45: 1846493 | X45: -186493 | Y45: 2581558 | AA45: 44021 | AB45: 4 | AC45: 2 | AD45: 4 | AE45: رسوم هيئة تنظيم سوق العمل
A46: Deputy of H.R.H The PM-17 | B46: 17 | F46: 964152 | G46: 964152 | H46: 1 | I46: 15000 | J46: 15000 | K46: 1 | N46: ديوان الخدمة المدنية | O46: 72 | Q46: 4 | R46: 2 | S46: 4 | T46: 44111 | U46: Tourism Services Classification Fees | V46: 435500 | W46: 547350 | X46: -111850 | Y46: 456500 | AA46: 44031 | AB46: 4 | AC46: 2 | AD46: 4 | AE46: رسوم رخص العمل
A47: Min. of Justice & Islamic Aff & Awqaf (Justice Aff)-18 | B47: 18 | C47: 15836788 | D47: 10846000 | E47: 1.4602 | F47: 12475822 | G47: 11294000 | H47: 1.1046 | I47: 200090 | J47: 1894583 | K47: 0.1056 | N47: هيئة المعلومات والحكومة الالكترونية | O47: 73 | Q47: 4 | R47: 2 | S47: 4 | T47: 44112 | U47: Hotel Service Fees | V47: 10000000 | W47: 12651162 | X47: -2651162 | Y47: 11427380 | AA47: 44032 | AB47: 4 | AC47: 2 | AD47: 4 | AE47: رسوم تجديد رخص العمل
A48: Supreme Council for Oil | N48: نائب رئيس مجلس الوزراء – الشيخ علي بن خليفة آل خليفة | O48: 74 | Q48: 4 | R48: 2 | S48: 4 | T48: 44131 | U48: Gold Assaying Fees | V48: 250000 | W48: 275209 | X48: -25209 | Y48: 236632 | AA48: 44051 | AB48: 4 | AC48: 2 | AD48: 4 | AE48: رسوم تسجيل الملكية
A49: Ministry of Information-20 (Old) | B49: 20 | N49: الأمانة العامة للمجلس الأعلى للشباب والرياضة | O49: 75 | Q49: 4 | R49: 2 | S49: 4 | T49: 44132 | U49: Pearl Assaying Fees | V49: 50000 | W49: 67315 | X49: -17315 | Y49: 56916 | AA49: 44052 | AB49: 4 | AC49: 2 | AD49: 4 | AE49: رسوم نقل الملكية
A50: Min. of Education-21 | B50: 21 | C50: 1608282 | D50: 768000 | E50: 2.0941 | F50: 334079328 | G50: 315972000 | H50: 1.0573 | I50: 4432953 | J50: 13608151 | K50: 0.3258 | N50: المجلس الأعلى للقضاء | O50: 76 | Q50: 4 | R50: 2 | S50: 4 | T50: 44151 | U50: Design & Measurement Fees | V50: 5000 | W50: 6981 | X50: -1981 | Y50: 6988 | AA50: 44071 | AB50: 4 | AC50: 2 | AD50: 4 | AE50: رسوم تسجيل العربات
A51: Ministry of Health-22 | B51: 22 | C51: 35063505 | D51: 33450000 | E51: 1.0482 | F51: 277946873 | G51: 244412000 | H51: 1.1372 | I51: 8570086 | J51: 16238207 | K51: 0.5278 | N51: وزارة العدل والشئون الإسلامية والأوقاف (الشئون الإسلامية) | O51: 77 | Q51: 4 | R51: 2 | S51: 4 | T51: 44152 | U51: Design & Trademark Fees | V51: 1200000 | W51: 1349810 | X51: -149810 | Y51: 1299825 | AA51: 44072 | AB51: 4 | AC51: 2 | AD51: 4 | AE51: رسوم رخص السياقة
A52: Min. of Works, Mun Aff & Urb Plg -23 (Mun Aff&Urb Plg) | B52: 23 | C52: 896658 | D52: 335000 | E52: 2.6766 | F52: 11763130 | G52: 11912000 | H52: 0.9875 | I52: 8548357 | J52: 16079981 | K52: 0.5316 | N52: جهاز المساحة والتسجيل العقاري | O52: 78 | Q52: 4 | R52: 2 | S52: 4 | T52: 44153 | U52: Trademarks & Commercial Reg. Amend. Fees | V52: 3350000 | W52: 3599740 | X52: -249740 | Y52: 3739191 | AA52: 44091 | AB52: 4 | AC52: 2 | AD52: 4 | AE52: رسوم قضائية
A53: Min. of Labour -24 | B53: 24 | C53: 30559 | D53: 67000 | E53: 0.4561 | F53: 6050055 | G53: 6050055 | H53: 1 | I53: 181466 | J53: 398945 | K53: 0.4549 | N53: وزارة شئون الشباب والرياضة (مكتب الوزير) | O53: 79 | Q53: 4 | R53: 2 | S53: 4 | T53: 44171 | U53: Departure Fees | V53: 1140000 | W53: 2202764 | X53: -1062764 | Y53: 2016602 | AA53: 44092 | AB53: 4 | AC53: 2 | AD53: 4 | AE53: رسوم التوثيق
A54: Min. of Muncipalities & Agriculture Aff. (Muncipalities Affairs) | N54: وزارة المالية والاقتصاد الوطني | O54: 81 | Q54: 4 | R54: 2 | S54: 4 | T54: 44172 | U54: Entrance Permit Fees | V54: 70000 | W54: 657474 | X54: -587474 | Y54: 813061 | AA54: 44093 | AB54: 4 | AC54: 2 | AD54: 4 | AE54: رسوم تصديق المعاملات الرسمية
A55: General Organization for Youth&Sport-26 | B55: 26 | C55: 600896 | D55: 16000 | E55: 37.556 | F55: 12228419 | G55: 12239000 | H55: 0.9991 | I55: 6911289 | J55: 11020786 | K55: 0.6271 | N55: شئون الجمارك | O55: 83 | Q55: 4 | R55: 2 | S55: 4 | T55: 44191 | U55: Tender Fees | V55: 190869 | W55: 146427 | X55: 44442 | Y55: 199350 | AA55: 44111 | AB55: 4 | AC55: 2 | AD55: 4 | AE55: رسوم تصنيف الفنادق
A56: Environmental Affairs ( Old ) | N56: المجلس الأعلى للصحة | O56: 67 | Q56: 4 | R56: 2 | S56: 4 | T56: 44211 | U56: Wireless Equipment Fees | V56: 662109 | W56: 719869 | X56: -57760 | Y56: 753425 | AA56: 44112 | AB56: 4 | AC56: 2 | AD56: 4 | AE56: رسوم خدمات الفنادق
A57: Rashed Club for Equestrian & Horse Racing-28 | B57: 28 | F57: 1663692 | G57: 1876000 | H57: 0.8868 | I57: 261070 | J57: 296478 | K57: 0.8806 | N57: مركز الشيخ محمد بن خليفة آل خليفة التخصصي للقلب (إيضاح رقم 13) | O57: 43 | Q57: 4 | R57: 2 | S57: 4 | T57: 44212 | U57: Vedio Sales Distribution Rights | V57: 3000 | W57: 8214 | X57: -5214 | Y57: 10164 | AA57: 44131 | AB57: 4 | AC57: 2 | AD57: 4 | AE57: رسوم فحص الذهب
A58: Min. of Social Development-29 | B58: 29 | C58: 7162 | D58: 5000 | E58: 1.4325 | F58: 12079638 | G58: 12079639 | H58: 1 | I58: 970328 | J58: 2049023 | K58: 0.4736 | N58: هيئة الكهرباء والماء (إيضاح رقم 12) | O58: 47 | Q58: 4 | R58: 2 | S58: 4 | T58: 44904 | U58: Ship Arrival and Departure Permit Fees | V58: 570000 | W58: 384449 | X58: 185551 | Y58: 515456 | AA58: 44132 | AB58: 4 | AC58: 2 | AD58: 4 | AE58: رسوم فحص اللؤلؤ
A59: Deputy of H.R.H The PM-30 | B59: 30 | F59: 1003973 | G59: 1003974 | H59: 1 | N59: مستشفى الملك حمد الجامعي (إيضاح رقم 14،13) | O59: 88 | Q59: 4 | R59: 2 | S59: 4 | T59: 44905 | U59: Lawyer & Pilgrim Contractors Permit | V59: 90500 | W59: 139701 | X59: -49201 | Y59: 136611 | AA59: 44151 | AB59: 4 | AC59: 2 | AD59: 4 | AE59: رسوم المواصفات والمقاييس
A60: Advisor to H.R.H The PM for Economic Aff-31 | B60: 31 | F60: 266144 | G60: 266144 | H60: 1 | N60: الهيئة الوطنية لتنظيم المهن والخدمات الصحية | O60: 89 | Q60: 4 | R60: 2 | S60: 4 | T60: 44908 | U60: Application Fees | V60: 497523 | W60: 352826 | X60: 144697 | Y60: 166574 | AA60: 44152 | AB60: 4 | AC60: 2 | AD60: 4 | AE60: رسوم التصميمات والعلامات التجارية
A61: Min. of Follow-up Affairs-32 | B61: 32 | F61: 556012 | G61: 556013 | H61: 1 | N61: مكاتب نواب صاحب السمو الملكي رئيس مجلس الوزراء | O61: D | Q61: 4 | R61: 3 | S61: 1 | T61: 41011 | U61: Hospital Private Room Charges | V61: 500000 | W61: 418152 | X61: 81848 | Y61: 420375 | AA61: 44153 | AB61: 4 | AC61: 2 | AD61: 4 | AE61: رسوم تأشير السجل والعلامات التجارية
A62: Advisor to H.R.H PM-33 | B62: 33 | F62: 0 | G62: 0 | H62: 0 | N62: مكاتب مستشاري صاحب السمو الملكي رئيس مجلس الوزراء | O62: A | Q62: 4 | R62: 3 | S62: 1 | T62: 41012 | U62: Primary Health Care Charges | V62: 28800000 | W62: 28482392 | X62: 317608 | Y62: 8560266 | AA62: 44171 | AB62: 4 | AC62: 2 | AD62: 4 | AE62: رسوم المغادرة
A63: Min of Industry & Commerce-34 | B63: 34 | C63: 25161275 | D63: 19495000 | E63: 1.2907 | F63: 12626368 | G63: 12153000 | H63: 1.039 | I63: 4793449 | J63: 13482609 | K63: 0.3555 | N63: المركز الوطني للاورام السرطانية (إيضاح رقم 13) | O63: 84 | Q63: 4 | R63: 3 | S63: 1 | T63: 41013 | U63: Parcel & Postal Fees | V63: 1450000 | W63: 1498793 | X63: -48793 | Y63: 1466386 | AA63: 44172 | AB63: 4 | AC63: 2 | AD63: 4 | AE63: رسوم التصاريح
A64: Advisor to H.R.H PM for Security Aff-35 | B64: 35 | F64: 0 | G64: 0 | H64: 0 | N64: هيئة جودة التعليم والتدريب | O64: 69 | Q64: 4 | R64: 3 | S64: 1 | T64: 41014 | U64: Special Medical Services Charges | V64: 14000 | W64: 481754 | X64: -467754 | Y64: 18439 | AA64: 44191 | AB64: 4 | AC64: 2 | AD64: 4 | AE64: رسوم المناقصات
A65: Ministry of Housing-36 | B65: 36 | C65: 1975685 | D65: 34000 | E65: 58.1084 | F65: 5316719 | G65: 5316720 | H65: 1 | I65: 141827915 | J65: 171582617 | K65: 0.8266 | N65: معهد البحرين للتنمية السياسية | O65: 80 | Q65: 4 | R65: 3 | S65: 1 | T65: 41015 | U65: Road Accident Treatment Fees | V65: 5000 | X65: 5000 | AA65: 44211 | AB65: 4 | AC65: 2 | AD65: 4 | AE65: رسوم الأجهزة اللاسلكية
A66: Advisor to H.R.H The PM for Industrial & Oil Aff-37 | B66: 37 | F66: 130863 | G66: 140000 | H66: 0.9347 | Q66: 4 | R66: 3 | S66: 1 | T66: 41016 | U66: Limited Private Practice Charges | V66: 10000 | X66: 10000 | Y66: 900 | AA66: 44212 | AB66: 4 | AC66: 2 | AD66: 4 | AE66: حقوق توزيع أشرطة الفيديو
A67: Advisor to H.R.H The PM-38 | B67: 38 | F67: 155629 | G67: 181000 | H67: 0.8598 | Q67: 4 | R67: 3 | S67: 1 | T67: 41017 | U67: Out-Patient Charges | V67: 1050000 | W67: 1408321 | X67: -358321 | Y67: 1224931 | AA67: 44904 | AB67: 4 | AC67: 2 | AD67: 4 | AE67: رسوم رخص الوصول والمغادرة للسفن
A68: Ministry of State-39 | B68: 39 | Q68: 4 | R68: 3 | S68: 1 | T68: 41018 | U68: Medical Commission Fees | V68: 135000 | W68: 112715 | X68: 22285 | Y68: 115491 | AA68: 44905 | AB68: 4 | AC68: 2 | AD68: 4 | AE68: رسوم المحاماة ومقاولي الحج
A69: Min. of Energy-40 | B69: 40 | F69: 206438 | G69: 279000 | H69: 0.7399 | Q69: 4 | R69: 3 | S69: 1 | T69: 41019 | U69: Occupational Injury Treatment Fees | V69: 270000 | W69: 290000 | X69: -20000 | Y69: 272660 | AA69: 44908 | AB69: 4 | AC69: 2 | AD69: 4 | AE69: رسوم تقديم الطلبات
A70: The Supreme Council for the Environment-41 | B70: 41 | C70: 317845 | D70: 143000 | E70: 2.2227 | F70: 6894164 | G70: 6894165 | H70: 1 | I70: 211391 | J70: 900753 | K70: 0.2347 | Q70: 4 | R70: 3 | S70: 1 | T70: 41020 | U70: Pre-employment Medical Examination Fees | V70: 440000 | W70: 502674 | X70: -62674 | Y70: 455586 | AC70: 3 | AD70: 4 | AE70: المنتجات الخدمية والسلعية الحكومية
A71: Bahrain Royal Flight ( Old ) | Q71: 4 | R71: 3 | S71: 1 | T71: 41021 | U71: Registration of College for Health Sciences | X71: 0 | Y71: 13000 | AB71: 1 | AC71: 3 | AD71: 4 | AE71: المنتجات الخدمية الحكومية
A72: Mohammed bin Khalifa Al Khalifa Cardiac Center-43 | B72: 43 | F72: 15463922 | G72: 15465000 | H72: 0.9999 | Q72: 4 | R72: 3 | S72: 1 | T72: 41023 | U72: X-Ray Fees | V72: 35000 | W72: 66425 | X72: -31425 | Y72: 40884 | AA72: 41011 | AB72: 1 | AC72: 3 | AD72: 4 | AE72: الغرف الخاصة بالمستشفيات
A73: Deputy of H.R.H The PM-44 | B73: 44 | F73: 778667 | G73: 1093000 | H73: 0.7124 | Q73: 4 | R73: 3 | S73: 1 | T73: 41024 | U73: Lab. Fees | V73: 90000 | W73: 266355 | X73: -176355 | Y73: 110623 | AA73: 41012 | AB73: 1 | AC73: 3 | AD73: 4 | AE73: الرعاية الصحية الأساسية
A74: Min.Of Housing -Old | Q74: 4 | R74: 3 | S74: 1 | T74: 41025 | U74: Operations Fees | V74: 150000 | W74: 209750 | X74: -59750 | Y74: 201883 | AA74: 41013 | AB74: 1 | AC74: 3 | AD74: 4 | AE74: خدمات الصحة العامة
A75: Min. of Works, Mun Aff & Urb Plg -46 (Works Aff) | B75: 46 | C75: 622154 | D75: 267000 | E75: 2.3302 | F75: 45258497 | G75: 45258498 | H75: 1 | I75: 86617663 | J75: 119104897 | K75: 0.7272 | Q75: 4 | R75: 3 | S75: 1 | T75: 41026 | U75: Maternity Services | V75: 155000 | W75: 189687 | X75: -34687 | Y75: 130374 | AA75: 41014 | AB75: 1 | AC75: 3 | AD75: 4 | AE75: الخدمات الطبية الخاصة
A76: Elec & Water Authority-47 | B76: 47 | F76: 325500000 | G76: 325500000 | H76: 1 | Q76: 4 | R76: 3 | S76: 1 | T76: 41027 | U76: Public University Tution Fees for Non-Bahrainis | V76: 54381 | X76: 54381 | AA76: 41015 | AB76: 1 | AC76: 3 | AD76: 4 | AE76: رسوم علاج اصابات حوادث الطرق
A77: Min. of Transportation & Telecommunications-48 | B77: 48 | C77: 44085405 | D77: 37292000 | E77: 1.1822 | F77: 32609661 | G77: 32851000 | H77: 0.9927 | I77: 4039329 | J77: 8478946 | K77: 0.4764 | Q77: 4 | R77: 3 | S77: 1 | T77: 41029 | U77: Public University Fees for Bahrainis | V77: 580060 | X77: 580060 | AA77: 41016 | AB77: 1 | AC77: 3 | AD77: 4 | AE77: الطب الخاص المحدود
A78: Ministry of State ( Old ) | Q78: 4 | R78: 3 | S78: 1 | T78: 41031 | U78: Parcel & Postal Fees | V78: 900000 | W78: 837373 | X78: 62627 | Y78: 956945 | AA78: 41017 | AB78: 1 | AC78: 3 | AD78: 4 | AE78: المرضى الخارجيون
A79: National Guard-50 | B79: 50 | F79: 40050000 | G79: 40050000 | H79: 1 | I79: 5953424 | J79: 6000000 | K79: 0.9922 | Q79: 4 | R79: 3 | S79: 1 | T79: 41032 | U79: Post Box Rental | V79: 500000 | W79: 525848 | X79: -25848 | Y79: 520760 | AA79: 41018 | AB79: 1 | AC79: 3 | AD79: 4 | AE79: القومسيون الطبي
A80: National Oil & Gas Authority-51 | B80: 51 | C80: 7564 | D80: 0 | E80: 0 | F80: 2515446 | G80: 2515446 | H80: 1 | Q80: 4 | R80: 3 | S80: 1 | T80: 41033 | U80: Transit Post Fees | V80: 300000 | W80: 499831 | X80: -199831 | Y80: 357218 | AA80: 41019 | AB80: 1 | AC80: 3 | AD80: 4 | AE80: رسوم علاج اصابات العمل
A81: Civil Aviation Aff-52 | B81: 52 | Q81: 4 | R81: 3 | S81: 1 | T81: 41034 | U81: Stamp Sales | V81: 800000 | W81: 803426 | X81: -3426 | Y81: 908474 | AA81: 41020 | AB81: 1 | AC81: 3 | AD81: 4 | AE81: رسوم الفحص الطبي للعمالة الجديدة
A82: Ministry of State of Telecommunication Affairs | F82: 0 | G82: 0 | H82: 0 | Q82: 4 | R82: 3 | S82: 1 | T82: 41035 | U82: Franking Machine Sales | V82: 2700000 | W82: 2553570 | X82: 146430 | Y82: 3000233 | AA82: 41021 | AB82: 1 | AC82: 3 | AD82: 4 | AE82: رسوم التسجيل في كلية العلوم الصحية
A83: Min. of Shura Council & Representatives Council Aff-54 | B83: 54 | C83: 1350 | D83: 0 | E83: 0 | F83: 1489032 | G83: 1584546 | H83: 0.9397 | Q83: 4 | R83: 3 | S83: 1 | T83: 41051 | U83: Container Handling & Storage Charges | V83: 4000000 | W83: 5879788 | X83: -1879788 | Y83: 4519780 | AA83: 41023 | AB83: 1 | AC83: 3 | AD83: 4 | AE83: رسوم الأشعة
A84: Min. of Information Aff-55 | B84: 55 | C84: 6677 | D84: 0 | E84: 0 | F84: 700150 | G84: 708500 | H84: 0.9882 | I84: 1091600 | J84: 1432483 | K84: 0.762 | Q84: 4 | R84: 3 | S84: 1 | T84: 41052 | U84: Harbor Services Charges | V84: 907000 | W84: 1344866 | X84: -437866 | Y84: 1331112 | AA84: 41024 | AB84: 1 | AC84: 3 | AD84: 4 | AE84: رسوم المختبر
A85: Ministry of Industry | Q85: 4 | R85: 3 | S85: 1 | T85: 41053 | U85: Port Operation Charges | V85: 850000 | W85: 1278081 | X85: -428081 | Y85: 1542199 | AA85: 41025 | AB85: 1 | AC85: 3 | AD85: 4 | AE85: رسوم العمليات
A86: Ministy of State 4 | Q86: 4 | R86: 3 | S86: 1 | T86: 41054 | U86: Port Administration Service Charges | X86: 0 | AA86: 41026 | AB86: 1 | AC86: 3 | AD86: 4 | AE86: رسوم الولادة
A87: Ministry of Human Rights Affairs-58 | B87: 58 | F87: 0 | G87: 0 | H87: 0 | Q87: 4 | R87: 3 | S87: 1 | T87: 41055 | U87: Customs Stamp - Containers | V87: 55000 | W87: 56361 | X87: -1361 | Y87: 54339 | AA87: 41027 | AB87: 1 | AC87: 3 | AD87: 4 | AE87: رسوم تسجيل الطلبة غير البحرينين في الجامعات الحكومية
A88: Tender Board-59 | B88: 59 | C88: 8825 | D88: 0 | E88: 0 | F88: 1159177 | G88: 1159177 | H88: 1 | I88: 114432 | J88: 200000 | K88: 0.5722 | Q88: 4 | R88: 3 | S88: 1 | T88: 41071 | U88: Aeroplane Landing Fees | V88: 500000 | W88: 1413901 | X88: -913901 | Y88: 604765 | AA88: 41029 | AB88: 1 | AC88: 3 | AD88: 4 | AE88: رسوم تسجيل الطلبة البحرينين في الجامعات الحكومية
A89: Transfers | B89: 60 | C89: 127995763 | D89: 128041000 | E89: 0.9996 | F89: 838184766 | G89: 960857378 | H89: 0.8723 | I89: 100302253 | J89: 146536854 | K89: 0.6845 | Q89: 4 | R89: 3 | S89: 1 | T89: 41072 | U89: Aeroplane Parking Fees | W89: 175 | X89: -175 | Y89: 2626 | AA89: 41031 | AB89: 1 | AC89: 3 | AD89: 4 | AE89: الطرود البريدية
A90: Revenue Account under MOF Control | B90: 62 | C90: 1594672391 | D90: 1700787000 | E90: 0.9376 | Q90: 4 | R90: 3 | S90: 1 | T90: 41073 | U90: Overflying Fees | V90: 15999300 | W90: 16521634 | X90: -522334 | Y90: 18437758 | AA90: 41032 | AB90: 1 | AC90: 3 | AD90: 4 | AE90: صناديق البريد الخاصة
A91: Special Projects | Q91: 4 | R91: 3 | S91: 1 | T91: 41091 | U91: Telephone Usage Charges | W91: 51973 | X91: -51973 | Y91: 65940 | AA91: 41033 | AB91: 1 | AC91: 3 | AD91: 4 | AE91: بريد العبور
A92: General Services ( Special Projects ) | Q92: 4 | R92: 3 | S92: 1 | T92: 41111 | U92: Vehicle Parking Fees | V92: 112000 | W92: 179791 | X92: -67791 | Y92: 116437 | AA92: 41034 | AB92: 1 | AC92: 3 | AD92: 4 | AE92: الطوابع البريدية
A93: Information Affairs Authority-65 | B93: 65 | C93: 1718527 | D93: 1492000 | E93: 1.1518 | F93: 22993263 | G93: 23552053 | H93: 0.9763 | I93: 7511345 | J93: 12647048 | K93: 0.5939 | Q93: 4 | R93: 3 | S93: 1 | T93: 41112 | U93: Driving Instruction Fees | V93: 1061000 | W93: 1216415 | X93: -155415 | Y93: 1047936 | AA93: 41035 | AB93: 1 | AC93: 3 | AD93: 4 | AE93: مكائن التخليص الآلي
A94: Bahrain Authority for Culture & Antiquities-66 | B94: 66 | C94: 1796674 | D94: 0 | E94: 0 | F94: 7672969 | G94: 7673000 | H94: 1 | I94: 4650195 | J94: 10208947 | K94: 0.4555 | Q94: 4 | R94: 3 | S94: 1 | T94: 41151 | U94: Advertisement Sales | V94: 727158 | W94: 1155858 | X94: -428700 | Y94: 594859 | AA94: 41051 | AB94: 1 | AC94: 3 | AD94: 4 | AE94: مناولة وتخزين الحاويات
A95: Supreme Council for Health-67 | B95: 67 | F95: 279388 | G95: 279388 | H95: 1 | I95: 237637 | J95: 465611 | K95: 0.5104 | Q95: 4 | R95: 3 | S95: 1 | T95: 41171 | U95: Security Guard Income | V95: 4000000 | W95: 3639729 | X95: 360271 | Y95: 4336260 | AA95: 41052 | AB95: 1 | AC95: 3 | AD95: 4 | AE95: خدمات المرفأ
A96: Administrative Organization for Public Prosecution-68 | B96: 68 | C96: 7804 | D96: 0 | E96: 0 | F96: 3361118 | G96: 3361118 | H96: 1 | Q96: 4 | R96: 3 | S96: 1 | T96: 41212 | U96: Subscriptions to Training Programmes | V96: 815000 | W96: 466645 | X96: 348355 | Y96: 750616 | AA96: 41053 | AB96: 1 | AC96: 3 | AD96: 4 | AE96: عمليات الموانىء
A97: First Deputy of H.R.H The PM Office-70 | B97: 70 | F97: 1316372 | G97: 1860000 | H97: 0.7077 | I97: 3000000 | J97: 3000000 | K97: 1 | Q97: 4 | R97: 3 | S97: 1 | T97: 41231 | U97: Water Wells Drilling Income | V97: 10200 | W97: 3400 | X97: 6800 | AA97: 41055 | AB97: 1 | AC97: 3 | AD97: 4 | AE97: قيمة الأختام الجمركية للحاويات
A98: General Secretariat of the Cabinet -71 | B98: 71 | F98: 1429566 | G98: 1566000 | H98: 0.9129 | Q98: 4 | R98: 3 | S98: 1 | T98: 41232 | U98: Land Survey Charges | V98: 150000 | W98: 97242 | X98: 52758 | Y98: 77665 | AA98: 41071 | AB98: 1 | AC98: 3 | AD98: 4 | AE98: نزول الطائرات
A99: Civil Service Bureau-72 | B99: 72 | C99: 6731 | D99: 5000 | E99: 1.3462 | F99: 5916829 | G99: 5916829 | H99: 1 | I99: 134694 | J99: 859506 | K99: 0.1567 | Q99: 4 | R99: 3 | S99: 1 | T99: 41901 | U99: Issue of Certificate Charges | V99: 685000 | W99: 870641 | X99: -185641 | Y99: 764074 | AA99: 41072 | AB99: 1 | AC99: 3 | AD99: 4 | AE99: وقوف الطائرات
A100: Central Informatics Org-73 | B100: 73 | C100: 2465286 | D100: 1683000 | E100: 1.4648 | F100: 9016838 | G100: 8614000 | H100: 1.0468 | I100: 4768215 | J100: 6287379 | K100: 0.7584 | Q100: 4 | R100: 3 | S100: 1 | T100: 41902 | U100: Examination Charges | V100: 29000 | W100: 29273 | X100: -273 | Y100: 36661 | AA100: 41073 | AB100: 1 | AC100: 3 | AD100: 4 | AE100: تحليق وإرشاد الطائرات
...

Sheet  بيان الإيرادات والمصروفات
A1: بيان الإيرادات والمصروفات الموحد للدولة
A2: للسنة المالية المنتهية في 31 ديسمبر 2023
E3: (دينار بحريني)
A4: البيان | B4: الإيضاحات | C4: الاعتماد | D4: الفعلي 2023 | E4: الفعلي 2022
A5: الإيرادات
A6: النفط والغاز الطبيعي | B6: 4،3 | C6: ='تفصيل الإيرادات'!F5 -> 1915970000 | D6: ='تفصيل الإيرادات'!G5 -> 2034699810 | E6: ='تفصيل الإيرادات'!I5 -> 2421278544
A7: الإيرادات والرسوم | B7: 4،3 | C7: ='تفصيل الإيرادات'!F18 -> 885890960 | D7: ='تفصيل الإيرادات'!G18 -> 920775284 | E7: ='تفصيل الإيرادات'!I18 -> 872946027
A8: المنتجات الخدمية والسلعية الحكومية | B8: 4،3 | C8: ='تفصيل الإيرادات'!F141 -> 80246500 | D8: ='تفصيل الإيرادات'!G141 -> 76529614 | E8: ='تفصيل الإيرادات'!I141 -> 71741335
A9: الإستثمارات والأملاك الحكومية | B9: 4،3 | C9: ='تفصيل الإيرادات'!F232 -> 180523300 | D9: ='تفصيل الإيرادات'!G232 -> 131278396 | E9: ='تفصيل الإيرادات'!I232 -> 137422757
A10: الإعانات | B10: 4،3
A11: مبيعات الأصول الرأسمالية | B11: 4،3 | C11: ='تفصيل الإيرادات'!F258 -> 724234 | D11: ='تفصيل الإيرادات'!G258 -> 723808 | E11: ='تفصيل الإيرادات'!I258 -> 1135316
A12: الغرامات والجزاءات والإيرادات المتنوعة | B12: 4،3 | C12: ='تفصيل الإيرادات'!F271 -> 40031006 | D12: ='تفصيل الإيرادات'!G271 -> 31964389 | E12: ='تفصيل الإيرادات'!I271 -> 39329204
A13: مجموع الإيرادات | B13: 4،3،2 | C13: =SUM(C6:C12) -> 3103386000 | D13: =SUM(D6:D12) -> 3195971301 | E13: =SUM(E6:E12) -> 3543853183
A14: المصروفات المتكررة
A15: القوى العاملة | B15: 8،7،5 | C15: ='تفصيل المصروفات '!G5 -> 1342040202 | D15: ='تفصيل المصروفات '!H5 -> 1403849201 | E15: ='تفصيل المصروفات '!J5 -> 1478009134
A16: الخدمات | B16: 8،7،5 | C16: ='تفصيل المصروفات '!G119 -> 228255241 | D16: ='تفصيل المصروفات '!H119 -> 237556132 | E16: ='تفصيل المصروفات '!J119 -> 243021221
A17: السلع الاستهلاكية | B17: 8،7،5 | C17: ='تفصيل المصروفات '!G285 -> 55936097 | D17: ='تفصيل المصروفات '!H285 -> 84234155 | E17: ='تفصيل المصروفات '!J285 -> 150757811
A18: السلع الرأسمالية | B18: 8،7،5 | C18: ='تفصيل المصروفات '!G351 -> 17388998 | D18: ='تفصيل المصروفات '!H351 -> 14941960 | E18: ='تفصيل المصروفات '!J351 -> 17965777
A19: الصيانة | B19: 8،7،5 | C19: ='تفصيل المصروفات '!G405 -> 39462914 | D19: ='تفصيل المصروفات '!H405 -> 36277562 | E19: ='تفصيل المصروفات '!J405 -> 41689286
A20: النفقات التحويلية | B20: 8،7،5 | C20: ='تفصيل المصروفات '!G498 -> 589303281 | D20: ='تفصيل المصروفات '!H498 -> 621275331 | E20: ='تفصيل المصروفات '!J498 -> 444871275
A21: الإعانات وتسديد فوائد القروض | B21: 8،7،5 | C21: ='تفصيل المصروفات '!G508 -> 1133326218 | D21: ='تفصيل المصروفات '!H508 -> 1294545862 | E21: ='تفصيل المصروفات '!J508 -> 1119886096
A22: مجموع المصروفات المتكررة | B22: 8،7،6،5،2 | C22: =SUM(C15:C21) -> 3405712951 | D22: =SUM(D15:D21) -> 3692680203 | E22: =SUM(E15:E21) -> 3496200600
A23: مصروفات المشاريع | B23: 10،5،2 | C23: ='مشاريع '!C49 -> 325000000 | D23: ='مشاريع '!D49 -> 277223271 | E23: ='مشاريع '!F49 -> 233313342
A24: مجموع المصروفات | B24: 5 | C24: =SUM(C22:C23) -> 3730712951 | D24: =SUM(D22:D23) -> 3969903474 | E24: =SUM(E22:E23) -> 3729513942
A25: العجز للسنة | C25: =C13-C24 -> -627326951 | D25: =D13-D24 -> -773932173 | E25: =E13-E24 -> -185660759
A27: مصروفات مشاريع التسليح والتطوير | B27: 14 | C27: 0 | D27: 0 | E27: 0
A28: العجز للسنة | C28: =C25-C27 -> -627326951 | D28: =D25-D27 -> -773932173 | E28: =E25-E27 -> -185660759
A29: بيان الاعتمادات المدورة إلى السنة المالية اللاحقة
D30: 2023 | E30: 2022
A31: اعتمادات المصروفات المتكررة | B31: 13،5 | D31: 7109185 | E31: 7283951
A32: اعتمادات المشاريع | B32: 13،5 | D32: 47000000 | E32: 100000000
A33: مجموع الاعتمادات المدورة | D33: =SUM(D31:D32) -> 54109185 | E33: =SUM(E31:E32) -> 107283951
A35: الإيضاحات الواردة على الصفحات من (5) إلى (36) هي جزء مكمل للحساب الختامي الموحد للدولة.

Sheet إيرادات النفط 
A1: 2- إيرادات النفط والغاز الطبيعي
C2: (دينار بحريني)
A3: البيان | B3: الفعلي 2018 | C3: الفعلي 2017
A4: إيرادات حقل البحرين النفطية والمصفاة
A5: الإيرادات
A6: إجمالي الإيرادات | B6: 2975111772 | C6: 2271373555
A7: إجمالي التكاليف | B7: -2521004100 | C7: -2085813879
A8: صافي الإيرادات | B8: =SUM(B6:B7) -> 454107672 | C8: =SUM(C6:C7) -> 185559676
A10: إيرادات حقل أبو سعفة
A11: إجمالي الإيرادات | B11: 1440898669 | C11: 1086573086
A12: إجمالي التكاليف | B12: -90708328 | C12: -99065219
A13: احتياطي الأجيال القادمة | B13: -19469985 | C13: -20920270
A14: صافي الإيرادات | B14: =SUM(B11:B13) -> 1330720356 | C14: =SUM(C11:C13) -> 966587597
A16: مبيعات الغاز الطبيعي
A17: إيرادات الغاز الطبيعي | B17: 493830478 | C17: 495675259
A19: ضرائب ورسوم نفطية | B19: 7410464 | C19: 4695378
A20: توزيعات أرباح مستلمة (الشركة القابضة للنفط والغاز) | B20: 0 | C20: 0
A22: صافي إيرادات النفط والغاز الطبيعي | B22: =B8+B14+B17+B19+B20 -> 2286068970 | C22: =C8+C14+C17+C19+C20 -> 1652517910

Sheet مصروفات وايرادات الوزارات
A1: 2- الإيرادات والمصروفات مصنفة حسب الوزارات والجهات الحكومية
C2: (دينار بحريني)
A3: الوزارة أو الجهة الحكومية | C3: الإيرادات | G3: المصروفات المتكررة | K3: مصروفات المشاريع
B4: Code | C4: الفعلي | D4: الاعتماد | E4: نسبة التحصيل % | G4: الفعلي | H4: الاعتماد | I4: نسبة الصرف % | K4: الفعلي | L4: الاعتماد | M4: نسبة الصرف %
A5: وزارة السياحة | C5: 0 | D5: 0 | E5: 0 | G5: 195788 | H5: 242000 | I5: =(G5/H5)*100 -> 80.904132 | K5: 0 | L5: 0 | M5: 0
A6: وزارة التنمية المستدامة | C6: 0 | D6: 0 | E6: 0 | G6: 399199 | H6: 500000 | I6: =(G6/H6)*100 -> 79.8398 | K6: 0 | L6: 0 | M6: 0
A7: وزارة الشئون القانونية | C7: 0 | D7: 0 | E7: 0 | G7: 263684 | H7: 263684 | I7: =(G7/H7)*100 -> 100 | K7: 0 | L7: 0 | M7: 0
A8: مكتب رئيس مجلس الوزراء | B8: 11 | C8: 0 | D8: 0 | E8: 0 | G8: 19266087 | H8: 20088000 | I8: =(G8/H8)*100 -> 95.908438 | K8: 6100000 | L8: 6100000 | M8: =(K8/L8)*100 -> 100
A9: وزارة الدفاع (إيضاح رقم 11) | B9: 12 | C9: 0 | D9: 0 | E9: 0 | F9: 566765132 | G9: 566765132 | H9: 521201842 | I9: =(G9/H9)*100 -> 108.74197 | K9: 3850 | L9: 6657800 | M9: 0
A10: وزارة الداخلية | B10: 13 | C10: 57398791 | D10: 64092000 | E10: =(C10/D10)*100 -> 89.556873 | G10: 377992717 | H10: 369667421 | I10: =(G10/H10)*100 -> 102.2521 | K10: 13115373 | L10: 13474293 | M10: =(K10/L10)*100 -> 97.336261
A11: جهاز المخابرات الوطني | B11: 14 | C11: 0 | D11: 0 | E11: 0 | G11: 33790280 | H11: 33790280 | I11: =(G11/H11)*100 -> 100 | K11: 0 | L11: 0 | M11: 0
A12: هيئة التشريع والرأي القانوني | B12: 15 | C12: 0 | D12: 181000 | E12: 0 | G12: 2476821 | H12: 2476821 | I12: =(G12/H12)*100 -> 100 | K12: 0 | L12: 0 | M12: 0
A13: وزارة الخارجية | B13: 16 | C13: 1330629 | D13: 2623000 | E13: =(C13/D13)*100 -> 50.729279 | G13: 44738193 | H13: 44908194 | I13: =(G13/H13)*100 -> 99.621448 | K13: 986797 | L13: 1709300 | M13: =(K13/L13)*100 -> 57.731059
A14: وزارة العدل والشئون الإسلامية والأوقاف | B14: 18 | C14: 26596084 | D14: 35000000 | E14: =(C14/D14)*100 -> 75.988811 | G14: 15591627 | H14: 15591627 | I14: =(G14/H14)*100 -> 100 | K14: 31151 | L14: 280000 | M14: =(K14/L14)*100 -> 11.125357
A15: وزارة التربية والتعليم | B15: 21 | C15: 107932 | D15: 133000 | E15: =(C15/D15)*100 -> 81.15188 | G15: 289420530 | H15: 268852204 | I15: =(G15/H15)*100 -> 107.65042 | K15: 13727673 | L15: 14144953 | M15: =(K15/L15)*100 -> 97.049973
A16: وزارة الصحة | B16: 22 | C16: 4766600 | D16: 6000000 | E16: =(C16/D16)*100 -> 79.443333 | G16: 48292593 | H16: 36407794 | I16: =(G16/H16)*100 -> 132.64356 | K16: 594140 | L16: 689000 | M16: =(K16/L16)*100 -> 86.232221
A17: وزارة شئون البلديات والزراعة | B17: 23 | C17: 5501850 | D17: 4603000 | E17: =(C17/D17)*100 -> 119.52748 | F17: 5480640 | G17: 5480640 | H17: 5480641 | I17: =(G17/H17)*100 -> 99.999982 | K17: 2919359 | L17: 4718812 | M17: =(K17/L17)*100 -> 61.866398
A18: وزارة العمل | C18: 0 | D18: 0 | E18: 0 | G18: 6043153 | H18: 6043154 | I18: =(G18/H18)*100 -> 99.999983 | K18: 0 | L18: 50000 | M18: =(K18/L18)*100 -> 0
A19: وزارة شئون الشباب | B19: 26 | C19: 19660 | D19: 25000 | E19: =(C19/D19)*100 -> 78.64 | G19: 4727848 | H19: 4727849 | I19: =(G19/H19)*100 -> 99.999979 | K19: 350343 | L19: 558480 | M19: =(K19/L19)*100 -> 62.731521
A20: نادي راشد للفروسية وسباق الخيل | B20: 28 | C20: 0 | D20: 0 | E20: 0 | G20: 4677608 | H20: 4677608 | I20: =(G20/H20)*100 -> 100 | K20: 2041392 | L20: 2041392 | M20: =(K20/L20)*100 -> 100
A21: وزارة التنمية الاجتماعية | B21: 29 | C21: 150 | D21: 0 | E21: 0 | G21: 7626861 | H21: 7626862 | I21: =(G21/H21)*100 -> 99.999987 | K21: 29352 | L21: 100000 | M21: =(K21/L21)*100 -> 29.352
A22: وزارة شئون مجلس الوزراء | B22: 32 | C22: 0 | D22: 0 | E22: 0 | G22: 2669736 | H22: 2712000 | I22: =(G22/H22)*100 -> 98.441593 | K22: 0 | L22: 0 | M22: 0
A23: وزارة الصناعة والتجارة | B23: 34 | C23: 38913237 | D23: 37940000 | E23: =(C23/D23)*100 -> 102.5652 | G23: 9351947 | H23: 9351949 | I23: =(G23/H23)*100 -> 99.999979 | K23: 5189473 | L23: 5364982 | M23: =(K23/L23)*100 -> 96.728619
A24: وزارة الإسكان والتخطيط العمراني - قطاع الإسكان | B24: 36 | C24: 707 | D24: 0 | E24: 0 | G24: 4537637 | H24: 4544247 | I24: =(G24/H24)*100 -> 99.854541 | K24: 89820446 | L24: 112229800 | M24: =(K24/L24)*100 -> 80.032617
A25: مكتب صاحب السمو الملكي النائب الأول لرئيس مجلس الوزراء | B25: 70 | C25: 0 | D25: 0 | E25: =(C25/D25)*100 -> #DIV/0! | F25: =(D25/E25)*100 -> #DIV/0! | G25: 0 | H25: 0 | I25: 0 | K25: 0 | L25: 0 | M25: =(K25/L25)*100 -> #DIV/0!
A26: نائب رئيس مجلس الوزراء | B26: D | C26: 0 | D26: 0 | E26: 0 | F26: =(D26/E26)*100 -> #DIV/0! | G26: 637031 | H26: 637031 | I26: =(G26/H26)*100 -> 100 | K26: 0 | L26: 0 | M26: 0
A27: مكاتب مستشاري رئيس مجلس الوزراء | B27: A | C27: 0 | D27: 0 | E27: =(C27/D27)*100 -> #DIV/0! | F27: =(D27/E27)*100 -> #DIV/0! | G27: 0 | H27: 0 | I27: 0 | K27: 0 | L27: 0 | M27: =(K27/L27)*100 -> #DIV/0!
A28: وزارة شئون الكهرباء والماء | B28: 40 | C28: 0 | D28: 0 | E28: 0 | F28: 0 | G28: 608167 | H28: 646000 | I28: =(G28/H28)*100 -> 94.143498 | K28: 4225076 | L28: 5207053 | M28: =(K28/L28)*100 -> 81.141406
A29: 2- الإيرادات والمصروفات مصنفة حسب الوزارات والجهات الحكومية (تتمة)
C30: (دينار بحريني)
A31: الوزارة أو الجهة الحكومية | C31: الإيرادات | G31: المصروفات المتكررة | K31: مصروفات المشاريع
C32: الفعلي | D32: الاعتماد | E32: نسبة التحصيل % | G32: الفعلي | H32: الاعتماد | I32: نسبة الصرف % | K32: الفعلي | L32: الاعتماد | M32: نسبة الصرف %
A33: المجلس الأعلى للبيئة | B33: 41 | C33: 1514095 | D33: 7247000 | E33: =(C33/D33)*100 -> 20.892714 | F33: =(D33/E33)*100 -> 34686733 | G33: 5333573 | H33: 5333574 | I33: =(G33/H33)*100 -> 99.999981 | K33: 309322 | L33: 400000 | M33: =(K33/L33)*100 -> 77.3305
A34: مركز محمد بن خليفة آل خليفة التخصصي للقلب (إيضاح رقم 11) | B34: 43 | C34: 0 | D34: 0 | E34: 0 | F34: =(D34/E34)*100 -> #DIV/0! | G34: 30844428 | H34: 25582250 | I34: =(G34/H34)*100 -> 120.56964 | K34: 0 | L34: 0 | M34: 0
A35: وزارة الأشغال | B35: 46 | C35: 4774809 | D35: 4293000 | E35: =(C35/D35)*100 -> 111.22313 | F35: 18463221 | G35: 45590294 | H35: 45590295 | I35: =(G35/H35)*100 -> 99.999998 | K35: 69707589 | L35: 69707589 | M35: =(K35/L35)*100 -> 100
A36: وزارة المواصلات والاتصالات | B36: 48 | C36: 52881362 | D36: 51803000 | E36: =(C36/D36)*100 -> 102.08166 | G36: 29195133 | H36: 29195134 | I36: =(G36/H36)*100 -> 99.999997 | K36: 6930507 | L36: 7165493 | M36: =(K36/L36)*100 -> 96.720589
A37: الحرس الوطني | B37: 50 | C37: 0 | D37: 0 | E37: 0 | G37: 42573999 | H37: 42574000 | I37: =(G37/H37)*100 -> 99.999998 | K37: 617863 | L37: 1500000 | M37: =(K37/L37)*100 -> 41.190867
A38: وزارة النفط والبيئة | B38: 51 | C38: 0 | D38: 0 | E38: 0 | G38: 1889269 | H38: 1889270 | I38: =(G38/H38)*100 -> 99.999947 | K38: 82221 | L38: 82221 | M38: =(K38/L38)*100 -> 100
A39: وزارة شئون مجلسي الشورى والنواب | B39: 54 | C39: 230 | D39: 0 | E39: 0 | G39: 1517338 | H39: 1517339 | I39: =(G39/H39)*100 -> 99.999934 | K39: 0 | L39: 0 | M39: 0
A40: مكتب رئيس مجلس الوزراء - مركز الاتصال الوطني | B40: 55 | C40: 0 | D40: 0 | E40: 0 | G40: 1696204 | H40: 1696204 | I40: =(G40/H40)*100 -> 100 | K40: 11743 | L40: 11743 | M40: =(K40/L40)*100 -> 100
A41: وزارة الإعلام | B41: 65 | C41: 897892 | D41: 1699000 | E41: =(C41/D41)*100 -> 52.848264 | G41: 21547907 | H41: 21547908 | I41: =(G41/H41)*100 -> 99.999995 | K41: 1690689 | L41: 4000000 | M41: =(K41/L41)*100 -> 42.267225
A42: مجلـس المناقصات والمزايدات | B42: 59 | C42: 912835 | D42: 2220000 | E42: =(C42/D42)*100 -> 41.118694 | G42: 1454050 | H42: 1807687 | I42: =(G42/H42)*100 -> 80.437045 | K42: 3729 | L42: 292000 | M42: =(K42/L42)*100 -> 1.2770548
A43: الميزانيات التحويلية (إيضاحي رقم 9 و10) | B43: 60 | C43: 173662262 | D43: 221926000 | E43: =(C43/D43)*100 -> 78.252328 | G43: 1866584896 | H43: 1675428327 | I43: =(G43/H43)*100 -> 111.40941 | K43: 33111782 | L43: 39492301 | M43: =(K43/L43)*100 -> 83.843638
A44: وزارة النفط | B44: 61 | E44: =(C44/D44)*100 -> #DIV/0! | I44: =(G44/H44)*100 -> #DIV/0! | M44: =(K44/L44)*100 -> #DIV/0!
A45: إيرادات النفط والغاز الطبيعي | B45: 62 | C45: 2034699810 | D45: 1915970000 | E45: =(C45/D45)*100 -> 106.19685 | G45: 0 | H45: 0 | I45: 0 | K45: 0 | L45: 0 | M45: 0
A46: هيئة البحرين للثقافة والآثار | B46: 66 | C46: 307544 | D46: 500000 | E46: =(C46/D46)*100 -> 61.5088 | G46: 7025556 | H46: 7025556 | I46: =(G46/H46)*100 -> 100 | K46: 5660716 | L46: 5660716 | M46: =(K46/L46)*100 -> 100
A47: المجلس الأعلى للصحة | B47: 67 | C47: 0 | D47: 0 | E47: 0 | G47: 1904029 | H47: 1904030 | I47: =(G47/H47)*100 -> 99.999947 | K47: 626396 | L47: 811000 | M47: =(K47/L47)*100 -> 77.237485
A48: الجهاز الإداري للنيابة العامة | B48: 68 | C48: 0 | D48: 0 | E48: 0 | G48: 3995030 | H48: 3995030 | I48: =(G48/H48)*100 -> 100 | K48: 372391 | L48: 643391 | M48: =(K48/L48)*100 -> 57.879423
A49: هيئة جودة التعليم والتدريب | B49: 69 | C49: 223 | D49: 0 | E49: 0 | G49: 3523441 | H49: 3523441 | I49: =(G49/H49)*100 -> 100 | K49: 0 | L49: 0 | M49: 0
A50: جهاز الخدمة المدنية | B50: 72 | C50: 560 | D50: 0 | E50: 0 | G50: 5595648 | H50: 5638000 | I50: =(G50/H50)*100 -> 99.248812 | K50: 135500 | L50: 135500 | M50: =(K50/L50)*100 -> 100
A51: الأمانة العامة لمجلس الوزراء | B51: 71 | E51: 0 | I51: =(G51/H51)*100 -> #DIV/0! | M51: 0
A52: هيئة المعلومات والحكومة الإلكترونية | B52: 73 | C52: 2812786 | D52: 6326000 | E52: =(C52/D52)*100 -> 44.463895 | G52: 13639123 | H52: 13639123 | I52: =(G52/H52)*100 -> 100 | K52: 5536498 | L52: 5536498 | M52: =(K52/L52)*100 -> 100
A53: الأمانة العامة للمجلس الأعلى للشباب والرياضة | B53: 75 | C53: 0 | D53: 0 | E53: 0 | G53: 10462204 | H53: 10462207 | I53: =(G53/H53)*100 -> 99.999971 | K53: 8218175 | L53: 8218175 | M53: =(K53/L53)*100 -> 100
A54: المجلس الأعلى للقضاء | B54: 76 | C54: 440 | D54: 0 | E54: 0 | G54: 15286867 | H54: 15286868 | I54: =(G54/H54)*100 -> 99.999993 | K54: 69749 | L54: 101105 | M54: =(K54/L54)*100 -> 68.986697
A55: جهاز المساحة والتسجيل العقاري | B55: 78 | C55: 17271015 | D55: 20875000 | E55: =(C55/D55)*100 -> 82.735401 | G55: 5119527 | H55: 5119527 | I55: =(G55/H55)*100 -> 100 | K55: 490670 | L55: 985600 | M55: =(K55/L55)*100 -> 49.783888
A56: معهد البحرين للتنمية السياسية | B56: 80 | C56: 200 | D56: 0 | E56: 0 | G56: 1110666 | H56: 1120000 | I56: =(G56/H56)*100 -> 99.166607 | K56: 0 | L56: 0 | M56: 0
A57: وزارة المالية والاقتصاد الوطني | B57: 81 | C57: 483 | D57: 0 | E57: 0 | G57: 8945052 | H57: 8945053 | I57: =(G57/H57)*100 -> 99.999989 | K57: 1070239 | L57: 1192300 | M57: =(K57/L57)*100 -> 89.76256
A58: شئون الجمارك | B58: 83 | C58: 100025755 | D58: 110000000 | E58: =(C58/D58)*100 -> 90.932505 | G58: 18392576 | H58: 18392577 | I58: =(G58/H58)*100 -> 99.999995 | K58: 69643 | L58: 1002800 | M58: =(K58/L58)*100 -> 6.9448544
A59: مركز البحرين للأورام (إيضاحي رقم 11 و12) | B59: 84 | C59: 0 | D59: 0 | E59: 0 | G59: 34770727 | H59: 33101617 | I59: =(G59/H59)*100 -> 105.04238 | K59: 0 | L59: 0 | M59: 0
A60: هيئة التخطيط والتطوير العمراني | B60: 85 | C60: 2098124 | D60: 3267000 | E60: =(C60/D60)*100 -> 64.221732 | G60: 2788595 | H60: 2788596 | I60: =(G60/H60)*100 -> 99.999964 | K60: 1230089 | L60: 1446345 | M60: =(K60/L60)*100 -> 85.048104
A61: المجلس الأعلى للشئون الإسلامية | B61: 86 | C61: 0 | D61: 0 | E61: 0 | G61: 2189956 | H61: 3016000 | I61: =(G61/H61)*100 -> 72.611273 | K61: 210913 | L61: 440900 | M61: =(K61/L61)*100 -> 47.836924
A62: مستشفى الملك حمد الجامعي (إيضاحي رقم 11 و12) | B62: 88 | C62: 0 | D62: 0 | E62: 0 | G62: 41263563 | H62: 36164150 | I62: =(G62/H62)*100 -> 114.10074 | K62: 0 | L62: 0 | M62: 0
A63: الهيئة الوطنية لتنظيم المهن والخدمات الصحية | B63: 89 | C63: 2856305 | D63: 3767000 | E63: =(C63/D63)*100 -> 75.824396 | G63: 3009582 | H63: 3009582 | I63: =(G63/H63)*100 -> 100 | K63: 0 | L63: 0 | M63: 0
A64: الجهاز الوطني للإيرادات | C64: 666603798 | D64: 602896000 | E64: =(C64/D64)*100 -> 110.56696 | G64: 5706928 | H64: 5811634 | I64: =(G64/H64)*100 -> 98.198338 | K64: 1238692 | L64: 1280771 | M64: =(K64/L64)*100 -> 96.714557
A65: الهيئة الوطنية لعلوم الفضاء | B65: 92 | C65: 15133 | D65: 0 | E65: 0 | G65: 576838 | H65: 576839 | I65: =(G65/H65)*100 -> 99.999827 | K65: 145283 | L65: 148000 | M65: =(K65/L65)*100 -> 98.164189
A66: هيئة الطاقة المستدامة | E66: =(C66/D66)*100 -> #DIV/0! | I66: =(G66/H66)*100 -> #DIV/0! | J66: 0 | M66: =(K66/L66)*100 -> #DIV/0!
A67: الهيئة العامة للرياضة | C67: 0 | D67: 0 | E67: 0 | G67: 13593925 | H67: 13593925 | I67: =(G67/H67)*100 -> 100 | K67: 548447 | L67: 1419687 | M67: =(K67/L67)*100 -> 38.631543
A68: المجموع | C68: =SUM(C5:C67) -> 3195971301 | D68: =SUM(D5:D67) -> 3103386000 | E68: =C68/D68*100 -> 102.98336 | G68: =SUM(G5:G67) -> 3692680203 | H68: =SUM(H5:H67) -> 3405712951 | I68: =G68/H68*100 -> 108.42606 | K68: =SUM(J5:K67) -> 277223271 | L68: =SUM(L5:L67) -> 325000000 | M68: =K68/L68*100 -> 85.299468

Sheet الايرادات
A1: 3- الإيرادات مصنفة حسب الأبواب والوزارات والجهات الحكومية
C2: (دينار بحريني)
A3: الوزارة أو الجهة الحكومية | B3: Code | C3: نفط وغاز طبيعي | D3: إيرادات ورسوم | E3: منتجات خدمية وسلعية حكومية | F3: إستثمارات وأملاك حكومية | G3: إعانات | H3: مبيعات أصول رأسمالية | I3: غرامــات وجزاءات وإيرادات متنوعة | J3: المجموع | K3: الاعتماد | L3: الفعلي 2022
A4: مكتب رئيس مجلس الوزراء | B4: 11 | C4: 0 | D4: 0 | E4: 0 | F4: 0 | H4: 0 | I4: 0 | J4: =SUM(C4:I4) -> 0 | K4: 0 | L4: 7228
A5: وزارة الداخلية | B5: 13 | C5: 0 | D5: 53328532 | E5: 3758639 | F5: 69250 | H5: 95704 | I5: 146666 | J5: =SUM(C5:I5) -> 57398791 | K5: 64092000 | L5: 58245356
A6: هيئة التشريع والرأي القانوني | C6: 0 | D6: 0 | E6: 0 | F6: 0 | H6: 0 | I6: 0 | J6: =SUM(C6:I6) -> 0 | K6: 181000 | L6: 0
A7: وزارة الخارجية | B7: 16 | C7: 0 | D7: 1205439 | E7: 0 | F7: 0 | H7: 44620 | I7: 80570 | J7: =SUM(C7:I7) -> 1330629 | K7: 2623000 | L7: 1446656
A8: وزارة العدل والشئون الإسلامية والأوقاف | B8: 18 | C8: 0 | D8: 10694147 | E8: 62461 | F8: 0 | H8: 1295 | I8: 15838181 | J8: =SUM(C8:I8) -> 26596084 | K8: 35000000 | L8: 27200209
A9: وزارة التربية والتعليم | B9: 21 | C9: 0 | D9: 4320 | E9: 65893 | F9: 0 | H9: 31725 | I9: 5994 | J9: =SUM(C9:I9) -> 107932 | K9: 133000 | L9: 187687
A10: وزارة الصحة | B10: 22 | C10: 0 | D10: 35197 | E10: 4235570 | F10: 6841 | H10: 1905 | I10: 487087 | J10: =SUM(C10:I10) -> 4766600 | K10: 6000000 | L10: 28756170
A11: وزارة شئون البلديات والزراعة | B11: 23 | C11: 0 | D11: 3837658 | E11: 976563 | F11: 303626 | H11: 382430 | I11: 1573 | J11: =SUM(C11:I11) -> 5501850 | K11: 4603000 | L11: 5204883
A12: وزارة شئون الشباب | B12: 26 | C12: 0 | D12: 20 | E12: 19640 | F12: 0 | H12: 0 | I12: 0 | J12: =SUM(C12:I12) -> 19660 | K12: 25000 | L12: 43272
A13: وزارة التنمية الاجتماعية | B13: 29 | C13: 0 | D13: 150 | E13: 0 | F13: 0 | H13: 0 | I13: 0 | J13: =SUM(C13:I13) -> 150 | K13: 0 | L13: 580
A14: وزارة الصناعة والتجارة | B14: 34 | C14: 0 | D14: 23279333 | E14: 646364 | F14: 14479961 | H14: 501 | I14: 507078 | J14: =SUM(C14:I14) -> 38913237 | K14: 37940000 | L14: 36560164
A15: وزارة الإسكان والتخطيط العمراني - قطاع الإسكان | B15: 36 | C15: 0 | D15: 707 | E15: 0 | F15: 0 | H15: 0 | I15: 0 | J15: =SUM(C15:I15) -> 707 | K15: 0 | L15: 7774
A16: المجلس الأعلى للبيئة | B16: 41 | C16: 0 | D16: 1302915 | E16: 68155 | F16: 116250 | H16: 0 | I16: 26775 | J16: =SUM(C16:I16) -> 1514095 | K16: 7247000 | L16: 1450056
A17: وزارة الأشغال | B17: 46 | C17: 0 | D17: 521936 | E17: 112711 | F17: 3839779 | H17: 133816 | I17: 166567 | J17: =SUM(C17:I17) -> 4774809 | K17: 4293000 | L17: 5909654
A18: وزارة المواصلات والاتصالات | B18: 48 | C18: 0 | D18: 6527896 | E18: 33730691 | F18: 11803591 | H18: 4427 | I18: 814757 | J18: =SUM(C18:I18) -> 52881362 | K18: 51803000 | L18: 50259216
A19: وزارة شئون مجلسي الشورى والنواب | C19: 0 | D19: 0 | E19: 0 | F19: 0 | H19: 230 | I19: 0 | J19: =SUM(C19:I19) -> 230 | K19: 0 | L19: 0
A20: مجلـس المناقصات والمزايدات | B20: 59 | C20: 0 | D20: 527235 | E20: 385600 | F20: 0 | H20: 0 | I20: 0 | J20: =SUM(C20:I20) -> 912835 | K20: 2220000 | L20: 1007755
A21: الميزانيات التحويلية | B21: 60 | C21: 0 | D21: 33175091 | E21: 29626352 | F21: 100409240 | H21: 25441 | I21: 10426138 | J21: =SUM(C21:I21) -> 173662262 | K21: 221926000 | L21: 147938476
A22: إيرادات النفط والغاز الطبيعي | B22: 62 | C22: 2034699810 | D22: 0 | E22: 0 | F22: 0 | H22: 0 | I22: 0 | J22: =SUM(C22:I22) -> 2034699810 | K22: 1915970000 | L22: 2423901144
A23: وزارة الإعلام | B23: 65 | C23: 0 | D23: 532548 | E23: 173602 | F23: 173793 | H23: 0 | I23: 17949 | J23: =SUM(C23:I23) -> 897892 | K23: 1699000 | L23: 961659
A24: هيئة البحرين للثقافة والآثار | B24: 66 | C24: 0 | D24: 176892 | E24: 1417 | F24: 75899 | H24: 263 | I24: 53073 | J24: =SUM(C24:I24) -> 307544 | K24: 500000 | L24: 313717
A25: الجهاز الإداري للنيابة العامة | B25: 68 | C25: 0 | D25: 0 | E25: 0 | F25: 0 | H25: 0 | I25: 0 | J25: =SUM(C25:I25) -> 0 | K25: 0 | L25: 265
A26: هيئة جودة التعليم والتدريب | B26: 69 | C26: 0 | D26: 0 | E26: 0 | F26: 0 | H26: 223 | I26: 0 | J26: =SUM(C26:I26) -> 223 | K26: 0 | L26: 810
A27: جهاز الخدمة المدنية | B27: 72 | C27: 0 | D27: 0 | E27: 0 | F27: 0 | H27: 560 | I27: 0 | J27: =SUM(C27:I27) -> 560 | K27: 0 | L27: 0
A28: 3- الإيرادات مصنفة حسب الأبواب والوزارات والجهات الحكومية (تتمة)
C29: (دينار بحريني)
A30: الوزارة أو الجهة الحكومية | B30: Code | C30: نفط وغاز طبيعي | D30: إيرادات ورسوم | E30: منتجات خدمية وسلعية حكومية | F30: إستثمارات وأملاك حكومية | G30: إعانات | H30: مبيعات أصول رأسمالية | I30: غرامــات وجزاءات وإيرادات متنوعة | J30: المجموع | K30: الاعتماد | L30: الفعلي 2022
A31: هيئة المعلومات والحكومة الإلكترونية | B31: 73 | C31: 0 | D31: 2680834 | E31: 131946 | F31: 0 | H31: 6 | I31: 0 | J31: =SUM(C31:I31) -> 2812786 | K31: 6326000 | L31: 3002923
A32: الأمانة العامة للمجلس الأعلى للشباب والرياضة | B32: 75 | C32: 0 | D32: 0 | E32: 0 | F32: 0 | H32: 0 | I32: 0 | J32: =SUM(C32:I32) -> 0 | K32: 0 | L32: 165
A33: المجلس الأعلى للقضاء | B33: 76 | C33: 0 | D33: 0 | E33: 400 | F33: 0 | H33: 40 | I33: 0 | J33: =SUM(C33:I33) -> 440 | K33: 0 | L33: 960
A34: جهاز المساحة والتسجيل العقاري | B34: 78 | C34: 0 | D34: 17162410 | E34: 108605 | F34: 0 | H34: 0 | I34: 0 | J34: =SUM(C34:I34) -> 17271015 | K34: 20875000 | L34: 18598736
A35: معهد البحرين للتنمية السياسية | C35: 0 | D35: 0 | E35: 0 | F35: 0 | H35: 200 | I35: 0 | J35: =SUM(C35:I35) -> 200 | K35: 0 | L35: 0
A36: وزارة المالية والاقتصاد الوطني | B36: 81 | C36: 0 | D36: 0 | E36: 0 | F36: 0 | H36: 422 | I36: 61 | J36: =SUM(C36:I36) -> 483 | K36: 0 | L36: 2336
A37: شئون الجمارك | B37: 83 | C37: 0 | D37: 96583344 | E37: 2409473 | F37: 166 | H37: 0 | I37: 1032772 | J37: =SUM(C37:I37) -> 100025755 | K37: 110000000 | L37: 103261855
A38: هيئة التخطيط والتطوير العمراني | B38: 85 | C38: 0 | D38: 2098124 | E38: 0 | F38: 0 | H38: 0 | I38: 0 | J38: =SUM(C38:I38) -> 2098124 | K38: 3267000 | L38: 306798
A39: الهيئة الوطنية لتنظيم المهن والخدمات الصحية | B39: 89 | C39: 0 | D39: 2687945 | E39: 0 | F39: 0 | H39: 0 | I39: 168360 | J39: =SUM(C39:I39) -> 2856305 | K39: 3767000 | L39: 2576397
A40: الجهاز الوطني للإيرادات | C40: 0 | D40: 664412611 | E40: 399 | F40: 0 | H40: 0 | I40: 2190788 | J40: =SUM(C40:I40) -> 666603798 | K40: 602896000 | L40: 626663629
A41: الهيئة الوطنية لعلوم الفضاء | B41: 92 | C41: 0 | D41: 0 | E41: 15133 | F41: 0 | H41: 0 | I41: 0 | J41: =SUM(C41:I41) -> 15133 | K41: 0 | L41: 36653
A42: المجموع | C42: =SUM(C4:C41) -> 2034699810 | D42: =SUM(D4:D41) -> 920775284 | E42: =SUM(E4:E41) -> 76529614 | F42: =SUM(F4:F41) -> 131278396 | G42: =SUM(G4:G41) -> 0 | H42: =SUM(H4:H41) -> 723808 | I42: =SUM(I4:I41) -> 31964389 | J42: =SUM(J4:J41) -> 3195971301 | ... L42: =SUM(L4:L41) -> 3543853183
E292: ارقام عام 2021 بحسب الاقفال المستلم من وزارة الماليه والاقتصاد الوطني بتاريخ 21 يوليو 2022

Sheet تفصيل الإيرادات
A1: 4- الإيرادات مصنفة حسب الأبواب والأقسام والبنود
A2: (دينار بحريني)
A3: التبويــب | E3: البيـــان | F3: 2023 | I3: 2022 الفعلي
A4: بند | B4: قسم | C4: باب | D4: نوع | F4: الاعتماد | G4: الفعلي | H4: الفرق
C5: 1 | D5: 4 | E5: النفط والغاز الطبيعي | F5: =F6+F10+F12 -> 1915970000 | G5: =G6+G10+G12 -> 2034699810 | H5: =G5-F5 -> 118729810 | I5: =I6+I10+I12 -> 2421278544
B6: 1 | C6: 1 | D6: 4 | E6: مبيعات النفط | F6: =SUM(F7:F9) -> 1232995000 | G6: =SUM(G7:G9) -> 1660470295 | H6: =G6-F6 -> 427475295 | I6: =SUM(I7:I9) -> 2105794026
A7: 40011 | B7: 1 | C7: 1 | D7: 4 | E7: حقل البحرين | F7: 128112000 | G7: 149448593 | H7: =G7-F7 -> 21336593 | I7: 166624658
A8: 40012 | B8: 1 | C8: 1 | D8: 4 | E8: حقل أبوسعفة | F8: 1125473000 | G8: 1545755835 | H8: =G8-F8 -> 420282835 | I8: 1959671140
A9: 40014 | B9: 1 | C9: 1 | D9: 4 | E9: احتياطي الأجيال القادمة | F9: -20590000 | G9: -34734133 | H9: =G9-F9 -> -14144133 | I9: -20501772
B10: 2 | C10: 1 | D10: 4 | E10: مبيعات الغاز | F10: =SUM(F11:F11) -> 675767000 | G10: =SUM(G11:G11) -> 366732410 | H10: =G10-F10 -> -309034590 | I10: =SUM(I11:I11) -> 305873604
A11: 40054 | B11: 2 | C11: 1 | D11: 4 | E11: الشركات المحلية الأخرى | F11: 675767000 | G11: 366732410 | H11: =G11-F11 -> -309034590 | I11: 305873604
B12: 3 | C12: 1 | D12: 4 | E12: الضرائب والرسوم النفطية | F12: =SUM(F13:F17) -> 7208000 | G12: =SUM(G13:G17) -> 7497105 | H12: =G12-F12 -> 289105 | I12: =SUM(I13:I17) -> 9610914
A13: 42011 | B13: 3 | C13: 1 | D13: 4 | E13: ضريبة دخل الغاز | F13: 352000 | G13: 1470213 | H13: =G13-F13 -> 1118213 | I13: 4103586
A14: 42012 | B14: 3 | C14: 1 | D14: 4 | E14: رسوم وغرامات النفط والغاز | H14: =G14-F14 -> 0 | I14: 0
A15: 42013 | B15: 3 | C15: 1 | D15: 4 | E15: ضريبة البنزين | F15: 6856000 | G15: 6026892 | H15: =G15-F15 -> -829108 | I15: 5507328
B16: 4 | C16: 1 | D16: 4 | E16: 0 | F16: =F17 -> 0 | G16: =G17 -> 0 | H16: =H17 -> 0 | I16: =I17 -> 0
A17: 45014 | B17: 4 | C17: 1 | D17: 4 | E17: 0 | F17: 0 | G17: 0 | H17: =G17-F17 -> 0 | I17: 0
C18: 2 | D18: 4 | E18: الإيرادات والرسوم | F18: =F21+F32+F65+F126+F136 -> 885890960 | G18: =G21+G32+G65+G126+G136 -> 920775284 | H18: =G18-F18 -> 34884324 | I18: =I21+I32+I65+I126+I136 -> 872946027
B19: 1 | C19: 2 | D19: 4 | E19: الضرائب والرسوم على استهلاك السلع والمنتجات | F19: =SUM(F20) -> 0 | G19: =SUM(G20) -> 0 | H19: =G19-F19 -> 0 | I19: =SUM(I20) -> 0
A20: 42013 | B20: 1 | C20: 2 | D20: 4 | E20: ضريبة البنزين | F20: 0 | G20: 0 | H20: =G20-F20 -> 0 | I20: 0
B21: 2 | C21: 2 | D21: 4 | E21: الإيرادات والرسوم على التجارة الدولية | F21: =SUM(F22:F31) -> 99749600 | G21: =SUM(G22:G31) -> 93760651 | H21: =G21-F21 -> -5988949 | I21: =SUM(I22:I31) -> 94972447
A22: 42501 | B22: 2 | C22: 2 | D22: 4 | E22: الإيرادات الجمركية على السلع الضرورية الأساسية | F22: 50285600 | G22: 47136909 | H22: =G22-F22 -> -3148691 | I22: 50497303
A23: 42503 | B23: 2 | C23: 2 | D23: 4 | E23: الإيرادات الجمركية على المركبات | F23: 12000000 | G23: 13758250 | H23: =G23-F23 -> 1758250 | I23: 11922038
A24: 42504 | B24: 2 | C24: 2 | D24: 4 | E24: الإيرادات الجمركية على التبغ المصنع وغير المصنع ومشتقاته | F24: 19000000 | G24: 18146001 | H24: =G24-F24 -> -853999 | I24: 17767279
A25: 42505 | B25: 2 | C25: 2 | D25: 4 | E25: ضرائب جمركية على السلع الكمالية | H25: =G25-F25 -> 0 | I25: 0
A26: 42506 | B26: 2 | C26: 2 | D26: 4 | E26: الإيرادات الجمركية على اليخوت | F26: 150000 | G26: 142072 | H26: =G26-F26 -> -7928 | I26: 59539
A27: 42507 | B27: 2 | C27: 2 | D27: 4 | E27: إيرادات حماية الصناعة الوطنية | F27: 950000 | G27: 5158 | H27: =G27-F27 -> -944842 | I27: 411139
A28: 42509 | B28: 2 | C28: 2 | D28: 4 | E28: الإيرادات الجمركية على آلات التسخين | F28: 10750000 | G28: 8697969 | H28: =G28-F28 -> -2052031 | I28: 8276204
A29: 42511 | B29: 2 | C29: 2 | D29: 4 | E29: الإيرادات الجمركية على الأجهزة الكهربائية ومعدات | F29: 5000000 | G29: 4459944 | H29: =G29-F29 -> -540056 | I29: 4296145
A30: 42512 | B30: 2 | C30: 2 | D30: 4 | E30: الإيرادات الجمركية على الحديد والفولاذ | F30: 1600000 | G30: 1397741 | H30: =G30-F30 -> -202259 | I30: 1684212
A31: 42513 | B31: 2 | C31: 2 | D31: 4 | E31: الإيرادات الجمركية على حديد التسليح ولفائف الحديد | F31: 14000 | G31: 16607 | H31: =G31-F31 -> 2607 | I31: 58588
B32: 3 | C32: 2 | D32: 4 | E32: رسوم التسجيل والتراخيص | F32: =F33+F34+F35+F36+F37+F38+F39+F40+F41+F42+F45+F46+F47+F48+F49+F50+F51+F53+F54+F55+F56+F57+F58+F61+F62+F63+F64+F52+F59+F60+F43+F44 -> 21128557 | G32: =G33+G34+G35+G36+G37+G38+G39+G40+G41+G42+G45+G46+G47+G48+G49+G50+G51+G53+G54+G55+G56+G57+G58+G61+G62+G63+G64+G52+G59+G60+G43+G44 -> 15675149 | H32: =G32-F32 -> -5453408 | I32: =I33+I34+I35+I36+I37+I38+I39+I40+I41+I42+I45+I46+I47+I48+I49+I50+I51+I53+I54+I55+I56+I57+I58+I61+I62+I63+I64+I52+I59+I60+I43+I44 -> 12845322
A33: 43011 | B33: 3 | C33: 2 | D33: 4 | E33: نشاطات التجارة العامة | F33: 5402206 | G33: 4952489 | H33: =G33-F33 -> -449717 | I33: 3917722
A34: 43031 | B34: 3 | C34: 2 | D34: 4 | E34: نشاطات الخدمات المالية | F34: 0 | G34: 12200 | H34: =G34-F34 -> 12200 | I34: 1700
A35: 43041 | B35: 3 | C35: 2 | D35: 4 | E35: نشاطات الخدمات المتنوعة | F35: 259000 | G35: 244430 | H35: =G35-F35 -> -14570 | I35: 236454
A36: 43042 | B36: 3 | C36: 2 | D36: 4 | E36: نشاطات النقل الجوي | F36: 120000 | G36: 114435 | H36: =G36-F36 -> -5565 | I36: 101700
A37: 43043 | B37: 3 | C37: 2 | D37: 4 | E37: نشاطات التراخيص الجوية | F37: 300000 | G37: 1911671 | H37: =G37-F37 -> 1611671 | I37: 1298650
A38: 43044 | B38: 3 | C38: 2 | D38: 4 | E38: رسوم تراخيص النقل البري | F38: 1354000 | G38: 1333510 | H38: =G38-F38 -> -20490 | I38: 1245126
A39: 43045 | B39: 3 | C39: 2 | D39: 4 | E39: رسوم تراخيص تنظيم البريد | F39: 400000 | G39: 376296 | H39: =G39-F39 -> -23704 | I39: 590142
A40: 43046 | B40: 3 | C40: 2 | D40: 4 | E40: رسوم ترخيص فحص المركبات | F40: 1001904 | G40: 1115125 | H40: =G40-F40 -> 113221 | I40: 823190
A41: 43052 | B41: 3 | C41: 2 | D41: 4 | E41: رسوم عقود الإيجار | F41: 500000 | G41: 420670 | H41: =G41-F41 -> -79330 | I41: 440445
A42: 43053 | B42: 3 | C42: 2 | D42: 4 | E42: رسوم تسجيل المؤسسات الصحية والطبية البيطرية | F42: 1000 | G42: 929 | H42: =G42-F42 -> -71 | I42: 1920
A43: 43054 | B43: 3 | C43: 2 | D43: 4 | E43: رسوم تأهيل المقاولين | F43: 125000 | G43: 176613 | H43: =G43-F43 -> 51613 | I43: 150663
A44: 43071 | B44: 3 | C44: 2 | D44: 4 | E44: رسوم تنظيم مزاولة المهن الهندسية | F44: 100000 | G44: 0 | H44: =G44-F44 -> -100000 | I44: 0
... A64: 44064 | B64: 3 | C64: 2 | D64: 4 | E64: تراخيص النفايات الخطرة | F64: 450000 | G64: 252222 | H64: =G64-F64 -> -197778 | I64: 185675
B65: 4 | C65: 2 | D65: 4 | E65: الرسوم والأتعاب الإدارية | F65: =F67+F68+F69+F71+F76+F77+F78+F80+F81+F82+F83+F84+F85+F88+F89+F90+F91+F92+F93+F94+F95+F96+F101+F103+F104+F105+F106+F107+F108+F109+F110+F111+F112+F114+F116+F117+F118+F119+F122+F123+F124+F79+F113+F115+F125 -> 164012803 | G65: =G67+G68+G69+G71+G76+G77+G78+G80+G81+G82+G83+G84+G85+G88+G89+G90+G91+G92+G93+G94+G95+G96+G101+G103+G104+G105+G106+G107+G108+G109+G110+G111+G112+G114+G116+G117+G118+G119+G122+G123+G124+G79+G113+G115+G125 -> 146929374 | H65: =G65-F65 -> -17083429 | I65: =I67+I68+I69+I71+I76+I77+I78+I80+I81+I82+I83+I84+I85+I88+I89+I90+I91+I92+I93+I94+I95+I96+I101+I103+I104+I105+I106+I107+I108+I109+I110+I111+I112+I114+I116+I117+I118+I119+I122+I123+I124+I79+I113+I115+I125 -> 139854219
A66: 42012 | B66: 4 | C66: 2 | D66: 4 | E66: 0 | F66: 0 | G66: 0 | H66: =G66-F66 -> 0 | I66: 0
A67: 44011 | B67: 4 | C67: 2 | D67: 4 | E67: رسوم الجوازات | F67: 1819974 | G67: 1438846 | H67: =G67-F67 -> -381128 | I67: 1598725
A68: 44012 | B68: 4 | C68: 2 | D68: 4 | E68: رسوم الإقامات | F68: 4595255 | G68: 3503213 | H68: =G68-F68 -> -1092042 | I68: 3454076
A69: 44013 | B69: 4 | C69: 2 | D69: 4 | E69: رسوم التأشيرات وشهادات عدم الممانعة | F69: 24666724 | G69: 21169223 | H69: =G69-F69 -> -3497501 | I69: 20660291
A70: 44014 | B70: 4 | C70: 2 | D70: 4 | E70: رسوم البطاقة الشخصية | H70: =G70-F70 -> 0
A71: 44015 | B71: 4 | C71: 2 | D71: 4 | E71: رسوم بطاقة الهوية | F71: 5578000 | G71: 2360564 | H71: =G71-F71 -> -3217436 | I71: 2626293
A72: 4- الإيرادات مصنفة حسب الأبواب والأقسام والبنود (تتمة)
A73: (دينار بحريني)
A74: التبويــب | E74: البيـــان | F74: 2023 | I74: 2022 الفعلي
A75: بند | B75: قسم | C75: باب | D75: نوع | F75: الاعتماد | G75: الفعلي | H75: الفرق
A76: 44016 | B76: 4 | C76: 2 | D76: 4 | E76: رسوم الخدمات الاستشارية | F76: 320000 | G76: 343550 | H76: =G76-F76 -> 23550 | I76: 405205
A77: 44017 | B77: 4 | C77: 2 | D77: 4 | E77: رسوم تصديق البصمة | F77: 338000 | G77: 234704 | H77: =G77-F77 -> -103296 | I77: 119705
A78: 44018 | B78: 4 | C78: 2 | D78: 4 | E78: تقديم اعتراض إلى لجنة التظلمات والاعتراضات الضريبية | F78: 500 | G78: 400 | H78: =G78-F78 -> -100 | I78: 400
A79: 44019 | B79: 4 | C79: 2 | D79: 4 | E79: رسوم رخصة المنفذ الخاص | F79: 30000 | G79: 21900 | H79: =G79-F79 -> -8100 | I79: 9000
A80: 44021 | B80: 4 | C80: 2 | D80: 4 | E80: حصة الحكومة من رسوم هيئة تنظيم سوق العمل | F80: 34617000 | G80: 32828972 | H80: =G80-F80 -> -1788028 | I80: 27986925
A81: 44022 | B81: 4 | C81: 2 | D81: 4 | E81: رسوم الخدمة السريعة لإنهاء إجراءات التدقيق والمعاينة | F81: 500 | G81: 60 | H81: =G81-F81 -> -440 | I81: 40
A82: 44023 | B82: 4 | C82: 2 | D82: 4 | E82: رسوم خدمات تصنيف البضائع | F82: 4000 | G82: 7235 | H82: =G82-F82 -> 3235 | I82: 6816
A83: 44024 | B83: 4 | C83: 2 | D83: 4 | E83: رسوم مطابقة البضائع | F83: 800 | G83: 0 | H83: =G83-F83 -> -800 | I83: 40
A84: 44025 | B84: 4 | C84: 2 | D84: 4 | E84: رسوم التأمين الجمركي | F84: 12000 | G84: 12224 | H84: =G84-F84 -> 224 | I84: 11119
A85: 44026 | B85: 4 | C85: 2 | D85: 4 | E85: رسوم البطاقة الجمركية للمركبات | F85: 10000 | G85: 9078 | H85: =G85-F85 -> -922 | I85: 8311
A86: 44031 | B86: 4 | C86: 2 | D86: 4 | E86: رسوم رخص العمل | F86: 0 | G86: 0 | H86: =G86-F86 -> 0 | I86: 0
A87: 44032 | B87: 4 | C87: 2 | D87: 4 | E87: رسوم تجديد رخص العمل | H87: =G87-F87 -> 0
A88: 44033 | B88: 4 | C88: 2 | D88: 4 | E88: رسوم تحصيل إيرادات عضوية غرفة تجارة وصناعة البحرين | F88: 173000 | G88: 319102 | H88: =G88-F88 -> 146102 | I88: 286812
A89: 44051 | B89: 4 | C89: 2 | D89: 4 | E89: رسوم تسجيل الملكية | F89: 160000 | G89: 165797 | H89: =G89-F89 -> 5797 | I89: 129437
A90: 44052 | B90: 4 | C90: 2 | D90: 4 | E90: رسوم نقل الملكية | F90: 20000000 | G90: 16996613 | H90: =G90-F90 -> -3003387 | I90: 18366299
A91: 44071 | B91: 4 | C91: 2 | D91: 4 | E91: رسوم تسجيل العربات | F91: 17994837 | G91: 18038480 | H91: =G91-F91 -> 43643 | I91: 17390757
A92: 44072 | B92: 4 | C92: 2 | D92: 4 | E92: رسوم رخص السياقة | F92: 4975136 | G92: 4403073 | H92: =G92-F92 -> -572063 | I92: 4690650
A93: 44073 | B93: 4 | C93: 2 | D93: 4 | E93: عوائد بيع أرقام التسجيل المميزة وشبه المميزة للمركبات | F93: 2691565 | G93: 977382 | H93: =G93-F93 -> -1714183 | I93: 2592061
A94: 44091 | B94: 4 | C94: 2 | D94: 4 | E94: رسوم قضائية | F94: 10000000 | G94: 8617645 | H94: =G94-F94 -> -1382355 | I94: 8704651
A95: 44092 | B95: 4 | C95: 2 | D95: 4 | E95: رسوم التوثيق | F95: 1560000 | G95: 1447247 | H95: =G95-F95 -> -112753 | I95: 1353351
A96: 44093 | B96: 4 | C96: 2 | D96: 4 | E96: رسوم تصديق المعاملات الرسمية | F96: 4288000 | G96: 3574899 | H96: =G96-F96 -> -713101 | I96: 3649624
A97: 44111 | B97: 4 | C97: 2 | D97: 4 | E97: رسوم تصنيف الفنادق | H97: =G97-F97 -> 0
A98: 44112 | B98: 4 | C98: 2 | D98: 4 | E98: رسوم خدمات الفنادق | H98: =G98-F98 -> 0
A99: 44094 | B99: 4 | C99: 2 | D99: 4 | E99: رسوم السلع الخاصة للتبغ | H99: =G99-F99 -> 0 | I99: 0
A100: 44095 | B100: 4 | C100: 2 | D100: 4 | E100: رسوم السلع الخاصة للسلع الكمالية | H100: =G100-F100 -> 0
A101: 44131 | B101: 4 | C101: 2 | D101: 4 | E101: رسوم فحص الذهب | F101: 1700000 | G101: 1428659 | H101: =G101-F101 -> -271341 | I101: 1821529
A102: 44132 | B102: 4 | C102: 2 | D102: 4 | E102: رسوم فحص اللؤلؤ | H102: =G102-F102 -> 0
A103: 44151 | B103: 4 | C103: 2 | D103: 4 | E103: رسوم المواصفات والمقاييس | F103: 15000 | G103: 20950 | H103: =G103-F103 -> 5950 | I103: 33850
A104: 44152 | B104: 4 | C104: 2 | D104: 4 | E104: رسوم التصميمات والعلامات التجارية | F104: 9900000 | G104: 10983595 | H104: =G104-F104 -> 1083595 | I104: 10650534
A105: 44153 | B105: 4 | C105: 2 | D105: 4 | E105: رسوم تأشير السجل والعلامات التجارية | F105: 5220186 | G105: 5211638 | H105: =G105-F105 -> -8548 | I105: 3242241
A106: 44171 | B106: 4 | C106: 2 | D106: 4 | E106: رسوم المغادرة | F106: 1510000 | G106: 2540692 | H106: =G106-F106 -> 1030692 | I106: 1282514
A107: 44172 | B107: 4 | C107: 2 | D107: 4 | E107: رسوم التصاريح | F107: 519500 | G107: 637899 | H107: =G107-F107 -> 118399 | I107: 673189
A108: 44173 | B108: 4 | C108: 2 | D108: 4 | E108: رسوم المناولة على جسر الملك فهد | F108: 500000 | G108: 424636 | H108: =G108-F108 -> -75364 | I108: 468197
A109: 44181 | B109: 4 | C109: 2 | D109: 4 | E109: رسوم تقسيم قطعة أرض للتقسيم الجزئي | F109: 46000 | G109: 124450 | H109: =G109-F109 -> 78450 | I109: 61750
A110: 44182 | B110: 4 | C110: 2 | D110: 4 | E110: رسوم تقسيم قطعة أرض للتقسيم الرئيسي | F110: 245700 | G110: 467375 | H110: =G110-F110 -> 221675 | I110: 172100
A111: 44183 | B111: 4 | C111: 2 | D111: 4 | E111: رسوم استخراج وبيع الرمال البحرية | F111: 3094129 | G111: 3082363 | H111: =G111-F111 -> -11766 | I111: 3159027
A112: 44184 | B112: 4 | C112: 2 | D112: 4 | E112: رسوم استرداد كلفة إنشاء وتطوير البنية التحتية | F112: 0 | G112: 1773 | H112: =G112-F112 -> 1773 | I112: 1017249
A113: 44185 | B113: 4 | C113: 2 | D113: 4 | E113: رسوم طلب التقسيم الرئيسي للأراضي | F113: 16800 | G113: 52970 | H113: =G113-F113 -> 36170 | I113: 22310
A114: 44186 | B114: 4 | C114: 2 | D114: 4 | E114: رسوم طلب التقسيم الجزئي للأراضي | F114: 5260 | G114: 9450 | H114: =G114-F114 -> 4190 | I114: 6940
... A119: 44212 | B119: 4 | C119: 2 | D119: 4 | E119: حقوق توزيع أشرطة الفيديو | F119: 60000 | G119: 65874 | H119: =G119-F119 -> 5874 | I119: 73861
A120: 44901 | B120: 4 | C120: 2 | D120: 4 | E120: رسوم الجهة التحاسبية | H120: =G120-F120 -> 0
A121: 44902 | B121: 4 | C121: 2 | D121: 4 | E121: رسوم اعتماد النوعية | H121: =G121-F121 -> 0
A122: 44904 | B122: 4 | C122: 2 | D122: 4 | E122: رسوم رخص الوصول والمغادرة للسفن | F122: 126339 | G122: 359530 | H122: =G122-F122 -> 233191 | I122: 188915
A123: 44905 | B123: 4 | C123: 2 | D123: 4 | E123: رخص المحاماة ومقاولي الحج | F123: 350000 | G123: 278020 | H123: =G123-F123 -> -71980 | I123: 297825
...

Sheet الميزانية المعتمدة
A1: 5- ميزانية المصروفات المتكررة والمشاريع
I2: (دينار بحريني)
A3: البيـان | B3: الاعتمادات الأصلية | C3: الاعتماد الإضافي للمصروفات الطارئة | D3: تعديل الميزانية | E3: الاعتمادات بعد التعديل | F3: الاعتمادات المدورة من سنوات سابقة | G3: الاعتمادات بعد التعديل | H3: المصروفات الفعلية | I3: الوفر / (التجاوز)
A4: المصروفات المتكررة
A5: القوى العاملة | B5: 1268804000 | D5: 72943724 | F5: 292478 | G5: =B5+D5+F5 -> 1342040202 | H5: 1403849201 | I5: =G5-H5 -> -61808999
A6: الخدمات | B6: 211743943 | D6: 16266348 | F6: 244950 | G6: =B6+D6+F6 -> 228255241 | H6: 237556132 | I6: =G6-H6 -> -9300891
A7: السلع الاستهلاكية | B7: 63232185 | D7: -7484576 | F7: 188488 | G7: =B7+D7+F7 -> 55936097 | H7: 84234155 | I7: =G7-H7 -> -28298058
A8: السلع الرأسمالية | B8: 13148314 | D8: 4186546 | F8: 54138 | G8: =B8+D8+F8 -> 17388998 | H8: 14941960 | I8: =G8-H8 -> 2447038
A9: الصيانة | B9: 34274158 | D9: 5185137 | F9: 3619 | G9: =B9+D9+F9 -> 39462914 | H9: 36277562 | I9: =G9-H9 -> 3185352
A10: النفقات التحويلية | B10: 677010821 | D10: -94207818 | F10: 6500278 | G10: =B10+D10+F10 -> 589303281 | H10: 621275331 | I10: =G10-H10 -> -31972050
A11: الإعانات وتسديد فوائد القروض | B11: 1130215579 | D11: 3110639 | F11: 0 | G11: =B11+D11+F11 -> 1133326218 | H11: 1294545862 | I11: =G11-H11 -> -161219644
A12: مجموع المصروفات المتكررة | B12: =SUM(B5:B11) -> 3398429000 | C12: =C10 -> 0 | D12: =SUM(D5:D11) -> 0 | E12: =SUM(E5:E11) -> 0 | F12: =SUM(F5:F11) -> 7283951 | G12: =SUM(G5:G11) -> 3405712951 | H12: =SUM(H5:H11) -> 3692680203 | I12: =SUM(I5:I11) -> -286967252
A13: مصروفات المشاريع | B13: 225000000 | C13: 0 | D13: 0 | E13: 358000000 | F13: 100000000 | G13: =B13+D13+F13 -> 325000000 | H13: 277223271 | I13: =G13-H13 -> 47776729
A14: المجموع | B14: =B13+B12 -> 3623429000 | C14: =C12 -> 0 | D14: =D13+D12 -> 0 | E14: =E13+E12 -> 358000000 | F14: =F13+F12 -> 107283951 | G14: =G13+G12 -> 3730712951 | H14: =H13+H12 -> 3969903474 | I14: =I13+I12 -> -239190523

Sheet مناقلات الميزانية  
A1: 6- الميزانية الأصلية والتعديل للمصروفات المتكررة
F2: (دينار بحريني)
A3: البيـان | B3: الاعتمادات الأصلية | C3: الاعتماد الإضافي | D3: الاعتمادات الإضافية والمناقلات | E3: الاعتمادات المدورة من سنوات سابقة | F3: الاعتمادات بعد التعديل | G3: الاعتمادات المدورة من سنوات سابقة | H3: الاعتمادات المتوفرة
A4: قطاع خدمات الإدارة العامة | B4: =SUM(B5:B50) -> 1045227000 | C4: =SUM(C8:C49) -> 0 | D4: =SUM(D5:D50) -> -28450620 | E4: =SUM(E5:E50) -> 6739003 | F4: =SUM(F5:F50) -> 1023515383 | G4: =SUM(G8:G49) -> 0 | H4: =SUM(H8:H49) -> 1009553774 | I4: =B4-B31-B32-B40 -> 279227000 | J4: 205909000 | K4: =J4-I4 -> -73318000
A5: مكتب وزير السياحة | B5: 0 | D5: 0 | E5: 0 | F5: =SUM(B5:E5) -> 0
A6: مكتب وزير التنمية المستدامة | B6: 0 | D6: 0 | E6: 0 | F6: =SUM(B6:E6) -> 0
A7: وزارة الشئون القانونية | B7: 242000 | D7: 21684 | E7: 0 | F7: =SUM(B7:E7) -> 263684
A8: مكتب رئيس مجلس الوزراء | B8: 20088000 | D8: 0 | E8: 0 | F8: =SUM(B8:E8) -> 20088000 | G8: 0 | H8: =SUM(F8:G8) -> 20088000 | I8: 20127000 | J8: =F8-I8 -> -39000
A9: مكتب رئيس مجلس الوزراء - مركز الاتصال الوطني | B9: 1380000 | D9: 291480 | E9: 24724 | F9: =SUM(B9:E9) -> 1696204 | G9: 0 | H9: =SUM(F9:G9) -> 1696204 | I9: 0 | J9: =F9-I9 -> 1696204
A10: نائب رئيس مجلس الوزراء | B10: 612000 | D10: 25031 | E10: 0 | F10: =SUM(B10:E10) -> 637031 | G10: 0 | H10: =SUM(F10:G10) -> 637031 | I10: 2917682 | J10: =F10-I10 -> -2280651
A11: وزارة شئون مجلس الوزراء | B11: 2712000 | D11: 0 | E11: 0 | F11: =SUM(B11:E11) -> 2712000 | G11: 0 | H11: =SUM(F11:G11) -> 2712000 | I11: 0 | J11: =F11-I11 -> 2712000
A12: مكتب وزير شئون مجلس الوزراء | F12: =SUM(B12:E12) -> 0 | G12: 0 | H12: =SUM(F12:G12) -> 0 | I12: 665000 | J12: =F12-I12 -> -665000
A13: الأمانة العامة لمجلس الوزراء | F13: =SUM(B13:E13) -> 0 | G13: 0 | H13: =SUM(F13:G13) -> 0 | I13: 1045224 | J13: =F13-I13 -> -1045224
A14: هيئة التشريع والرأي القانوني | B14: 2029000 | D14: 326799 | E14: 121022 | F14: =SUM(B14:E14) -> 2476821 | G14: 0 | H14: =SUM(F14:G14) -> 2476821 | I14: 2286709 | J14: =F14-I14 -> 190112
A15: وزارة شئون مجلسي الشورى والنواب | B15: 1298000 | D15: 219339 | E15: 0 | F15: =SUM(B15:E15) -> 1517339 | G15: 0 | H15: =SUM(F15:G15) -> 1517339 | I15: 1343042 | J15: =F15-I15 -> 174297
A16: مجلس الشورى | B16: 8946000 | D16: 0 | E16: 0 | F16: =SUM(B16:E16) -> 8946000 | G16: 0 | H16: =SUM(F16:G16) -> 8946000
A17: مجلس النواب | B17: 10235000 | D17: 56100 | E17: 0 | F17: =SUM(B17:E17) -> 10291100 | G17: 0 | H17: =SUM(F17:G17) -> 10291100
A18: اللجنة التنفيذية لانتخابات مجلس النواب | F18: =SUM(B18:E18) -> 0
A19: ديوان الرقابة المالية والإدارية | B19: 5234000 | D19: 0 | E19: 0 | F19: =SUM(B19:E19) -> 5234000 | G19: 0 | H19: =SUM(F19:G19) -> 5234000
A20: وزارة المالية والاقتصاد الوطني | B20: 8202000 | D20: 743053 | E20: 0 | F20: =SUM(B20:E20) -> 8945053 | G20: 0 | H20: =SUM(F20:G20) -> 8945053 | I20: 8329237 | J20: =F20-I20 -> 615816
A21: وزارة الخارجية | B21: 42709000 | D21: 2199194 | E21: 0 | F21: =SUM(B21:E21) -> 44908194 | G21: 0 | H21: =SUM(F21:G21) -> 44908194 | I21: 36422603 | J21: =F21-I21 -> 8485591
A22: برنامج الأمم المتحدة الإنمائي | F22: =SUM(B22:E22) -> 0 | G22: 0 | H22: =SUM(F22:G22) -> 0 | I22: #N/A | J22: =F22-I22 -> #N/A
A23: نصيب البحرين في مجلس التعاون | B23: 10220000 | D23: 0 | E23: 0 | F23: =SUM(B23:E23) -> 10220000 | G23: 0 | H23: =SUM(F23:G23) -> 10220000
A24: اشتراكات ومساهمات في منظمات الأمم المتحدة | B24: 3360000 | D24: 0 | E24: 0 | F24: =SUM(B24:E24) -> 3360000 | G24: 0 | H24: =SUM(F24:G24) -> 3360000
A25: اشتراكات ومساهمات في المنظمات العربية والإسلامية | B25: 1000000 | D25: 0 | E25: 0 | F25: =SUM(B25:E25) -> 1000000 | G25: 0 | H25: =SUM(F25:G25) -> 1000000
A26: جهاز الخدمة المدنية | B26: 5638000 | D26: 0 | E26: 0 | F26: =SUM(B26:E26) -> 5638000 | G26: 0 | H26: =SUM(F26:G26) -> 5638000 | I26: 5824432 | J26: =F26-I26 -> -186432
A27: هيئة المعلومات والحكومة الإلكترونية | B27: 13378000 | D27: 261123 | E27: 0 | F27: =SUM(B27:E27) -> 13639123 | H27: =SUM(F27:G27) -> 13639123 | I27: 11270839 | J27: =F27-I27 -> 2368284
A28: جهاز المساحة والتسجيل العقاري | B28: 4423000 | D28: 696527 | E28: 0 | F28: =SUM(B28:E28) -> 5119527 | G28: 0 | H28: =SUM(F28:G28) -> 5119527 | I28: 4973532 | J28: =F28-I28 -> 145995
A29: مجلس المناقصات والمزايدات | B29: 1400000 | D29: 314708 | E29: 92979 | F29: =SUM(B29:E29) -> 1807687 | G29: 0 | H29: =SUM(F29:G29) -> 1807687 | I29: 1248829 | J29: =F29-I29 -> 558858
A30: الجهاز الوطني للإيرادات | B30: 5735000 | D30: 76634 | E30: 0 | F30: =SUM(B30:E30) -> 5811634 | I30: 4257640 | J30: =F30-I30 -> 1553994
A31: هيئة الطاقة المستدامة | F31: =SUM(B31:E31) -> 0 | I31: 874000 | J31: =F31-I31 -> -874000
A32: مركز الملك حمد العالمي للتعايش السلمي | F32: =SUM(B32:E32) -> 0
A33: المؤسسة الوطنية لحقوق الإنسان | B33: 780000 | D33: 0 | E33: 0 | F33: =SUM(B33:E33) -> 780000 | G33: 0 | H33: =SUM(F33:G33) -> 780000
A34: معهد الإدارة العامة | B34: 1750000 | D34: 1160073 | E34: 0 | F34: =SUM(B34:E34) -> 2910073 | G34: 0 | H34: =SUM(F34:G34) -> 2910073
A35: معهد البحرين للتنمية السياسية | B35: 1120000 | D35: 0 | E35: 0 | F35: =SUM(B35:E35) -> 1120000 | G35: 0 | H35: =SUM(F35:G35) -> 1120000 | I35: 1020866 | J35: =F35-I35 -> 99134
A36: المجلس الأعلى للشئون الإسلامية | B36: 3016000 | D36: 0 | E36: 0 | F36: =SUM(B36:E36) -> 3016000 | G36: 0 | H36: =SUM(F36:G36) -> 3016000 | I36: 1826712 | J36: =F36-I36 -> 1189288
A37: الأوقاف السنية | B37: 2400000 | D37: 0 | E37: 0 | F37: =SUM(B37:E37) -> 2400000 | G37: 0 | H37: =SUM(F37:G37) -> 2400000
A38: الأوقاف الجعفرية | B38: 2400000 | D38: 0 | E38: 0 | F38: =SUM(B38:E38) -> 2400000 | G38: 0 | H38: =SUM(F38:G38) -> 2400000
A39: بيت القرآن | B39: 75000 | D39: 0 | E39: 0 | F39: =SUM(B39:E39) -> 75000 | G39: 0 | H39: =SUM(F39:G39) -> 75000
A40: فوائد الدين الحكومي | B40: 766000000 | D40: 0 | E40: 0 | F40: =SUM(B40:E40) -> 766000000 | G40: 0 | H40: =SUM(F40:G40) -> 766000000
A41: تمويل الأخطار | B41: 300000 | D41: 0 | E41: 0 | F41: =SUM(B41:E41) -> 300000 | G41: 0 | H41: =SUM(F41:G41) -> 300000
A42: عقود تقنية المعلومات الاستراتيجية | B42: 7500000 | D42: 0 | E42: 0 | F42: =SUM(B42:E42) -> 7500000
A43: مساعدات حكومية | B43: 900000 | D43: 0 | E43: 0 | F43: =SUM(B43:E43) -> 900000 | G43: 0 | H43: =SUM(F43:G43) -> 900000
A44: التزامات متنوعة | B44: 22000000 | D44: 43942644 | E44: 0 | F44: =SUM(B44:E44) -> 65942644 | G44: 0 | H44: =SUM(F44:G44) -> 65942644
A45: تقديرات أخرى للوزارات والجهات الحكومية | B45: 88145000 | D45: -79171022 | E45: 6500000 | F45: =SUM(B45:E45) -> 15473978 | G45: 0 | H45: =SUM(F45:G45) -> 15473978
A46: حساب الاعتمادات المدورة | B46: 0 | D46: 0 | E46: 278 | F46: =SUM(B46:E46) -> 278
A47: حسابات تحت اشراف وزارة المالية والاقتصاد الوطني | F47: =SUM(B47:E47) -> 0
A48: البنك الدولي للإنشاء والتعمير | B48: 0 | D48: 386013 | E48: 0 | F48: =SUM(B48:E48) -> 386013
A49: مساهمة مملكة البحرين في البنك الآسيوي للاستثمار في البنية التحتية | F49: =SUM(B49:E49) -> 0 | G49: 0 | H49: =SUM(F49:G49) -> 0
A50: اللجنة التنفيذية لانتخابات مجلس النواب | F50: =SUM(B50:E50) -> 0 | G50: 0 | H50: =SUM(F50:G50) -> 0
A52: قطاع الدفاع | B52: =SUM(B53:B55) -> 525300000 | C52: =SUM(C53:C55) -> 0 | D52: =SUM(D53:D55) -> 44909842 | E52: =SUM(E53:E55) -> 0 | F52: =SUM(F53:F55) -> 570209842
A53: وزارة الدفاع (إيضاح رقم 11) | B53: 476892000 | D53: 44309842 | E53: 0 | F53: =SUM(B53:E53) -> 521201842
A54: الأمانة العامة لمجلس الدفاع الأعلى | B54: 6434000 | D54: 0 | E54: 0 | F54: =SUM(B54:E54) -> 6434000
A55: الحرس الوطني | B55: 41974000 | D55: 600000 | E55: 0 | F55: =SUM(B55:E55) -> 42574000
A57: قطاع النظام العام وشئون السلامة العامة | B57: =SUM(B58:B68) -> 448016000 | C57: =SUM(C58:C68) -> 0 | D57: =SUM(D58:D68) -> 14884714 | E57: =SUM(E58:E68) -> 275269 | F57: =SUM(F58:F68) -> 463175983 | G57: =SUM(G58:G68) -> 0 | H57: =SUM(H58:H68) -> 429385703 | I57: 439581000 | J57: =B57-I57 -> 8435000
A58: وزارة الداخلية | B58: 362579000 | D58: 7088421 | E58: 0 | F58: =SUM(B58:E58) -> 369667421 | G58: 0 | H58: =SUM(F58:G58) -> 369667421 | I58: 362232116 | J58: =F58-I58 -> 7435305
A59: المحافظات | B59: 4156000 | D59: 47180 | E59: 0 | F59: =SUM(B59:E59) -> 4203180 | G59: 0 | H59: =SUM(F59:G59) -> 4203180
A60: 6- الميزانية الأصلية والتعديل للمصروفات المتكررة (تتمة)
F61: (دينار بحريني)
A62: البيـان | B62: الاعتمادات الأصلية | C62: الاعتماد الإضافي | D62: الاعتمادات الإضافية والمناقلات | E62: الاعتمادات المدورة من سنوات سابقة | F62: الاعتمادات بعد التعديل
A63: جهاز المخابرات الوطني | B63: 33314000 | D63: 476280 | E63: 0 | F63: =SUM(B63:E63) -> 33790280
A64: شئون الجمارك | B64: 15760000 | D64: 2632577 | E64: 0 | F64: =SUM(B64:E64) -> 18392577 | G64: 0 | H64: =SUM(F64:G64) -> 18392577 | I64: 18067000 | J64: =F64-I64 -> 325577
A65: المجلس الأعلى للقضاء | B65: 14010000 | D65: 1276868 | E65: 0 | F65: =SUM(B65:E65) -> 15286868 | G65: 0 | H65: =SUM(F65:G65) -> 15286868 | I65: 13843431 | J65: =F65-I65 -> 1443437
A66: وزارة العدل والشئون الإسلامية والأوقاف | B66: 12546000 | D66: 2770358 | E66: 275269 | F66: =SUM(B66:E66) -> 15591627 | G66: 0 | H66: =SUM(F66:G66) -> 15591627 | I66: 13056404 | J66: =F66-I66 -> 2535223
A67: الجهاز الإداري للنيابة العامة | B67: 3402000 | D67: 593030 | E67: 0 | F67: =SUM(B67:E67) -> 3995030 | G67: 0 | H67: =SUM(F67:G67) -> 3995030 | I67: 3404332 | J67: =F67-I67 -> 590698
A68: المحكمة الدستورية | B68: 2249000 | D68: 0 | E68: 0 | F68: =SUM(B68:E68) -> 2249000 | G68: 0 | H68: =SUM(F68:G68) -> 2249000
A71: قطاع الشئون الاقتصادية والبنية التحتية | B71: =SUM(B72:B91) -> 109589000 | C71: =SUM(C72:C91) -> 0 | D71: =SUM(D72:D91) -> 17317871 | E71: =SUM(E72:E91) -> 19456 | F71: =SUM(F72:F91) -> 126926327 | G71: =SUM(G72:G91) -> 0 | H71: =SUM(H72:H91) -> 118557465 | I71: 159735000 | J71: =I71-B71 -> 50146000 | K71: هيئة الطاقه المستدامه
A72: مجلس التنمية الاقتصادية | B72: 5369000 | D72: 0 | E72: 0 | F72: =SUM(B72:E72) -> 5369000 | G72: 0 | H72: =SUM(F72:G72) -> 5369000
A73: وزارة الصناعة والتجارة | B73: 8844000 | D73: 507949 | E73: 0 | F73: =SUM(B73:E73) -> 9351949 | G73: 0 | H73: =SUM(F73:G73) -> 9351949 | I73: 8740075 | J73: =F73-I73 -> 611874
A74: وزارة العمل | B74: 4500000 | D74: 1534842 | E74: 8312 | F74: =SUM(B74:E74) -> 6043154 | G74: 0 | H74: =SUM(F74:G74) -> 6043154 | I74: 11799655 | J74: =F74-I74 -> -5756501
A75: وزارة التنمية الاجتماعية | B75: 5090000 | D75: 2525718 | E75: 11144 | F75: =SUM(B75:E75) -> 7626862
A76: وزارة السياحة | B76: 242000 | D76: 0 | E76: 0 | F76: =SUM(B76:E76) -> 242000
A77: وزارة التنمية المستدامة | B77: 500000 | D77: 0 | E77: 0 | F77: =SUM(B77:E77) -> 500000
A78: هيئة تنظيم سوق العمل | B78: 8439000 | D78: 4780848 | E78: 0 | F78: =SUM(B78:E78) -> 13219848 | G78: 0 | H78: =SUM(F78:G78) -> 13219848
A79: وزارة النفط (مكتب الوزير سابقاً) | F79: =SUM(B79:E79) -> 0 | G79: 0 | H79: =SUM(F79:G79) -> 0 | I79: 154148 | J79: =F79-I79 -> -154148
A80: وزارة النفط والبيئة | B80: 1770000 | D80: 119270 | E80: 0 | F80: =SUM(B80:E80) -> 1889270 | G80: 0 | H80: =SUM(F80:G80) -> 1889270 | I80: 1195058 | J80: =F80-I80 -> 694212
A81: الهيئة الوطنية للنفط والغاز | F81: =SUM(B81:E81) -> 0
A82: وزارة شئون الكهرباء والماء | B82: 646000 | D82: 0 | E82: 0 | F82: =SUM(B82:E82) -> 646000 | G82: 0 | H82: =SUM(F82:G82) -> 646000 | I82: 167026 | J82: =F82-I82 -> 478974
A83: هيئة الكهرباء والماء (إيضاح رقم 11) | F83: =SUM(B83:E83) -> 0 | G83: 0 | H83: =SUM(F83:G83) -> 0 | I83: 48000000 | J83: =F83-I83 -> -48000000
A84: وزارة الأشغال | B84: 41502000 | D84: 4088295 | E84: 0 | F84: =SUM(B84:E84) -> 45590295 | G84: 0 | H84: =SUM(F84:G84) -> 45590295 | I84: 42674008 | J84: =F84-I84 -> 2916287
A85: وزارة المواصلات والاتصالات | B85: 25914000 | D85: 3281134 | E85: 0 | F85: =SUM(B85:E85) -> 29195134 | G85: 0 | H85: =SUM(F85:G85) -> 29195134 | I85: 28897976 | J85: =F85-I85 -> 297158
A86: معرض البحرين الدولي للطيران | B86: 551000 | D86: 0 | E86: 0 | F86: =SUM(B86:E86) -> 551000 | G86: 0 | H86: =SUM(F86:G86) -> 551000
A87: بدالة إنترنت البحرين | B87: 1461000 | D87: 365976 | E87: 0 | F87: =SUM(B87:E87) -> 1826976 | G87: 0 | H87: =SUM(F87:G87) -> 1826976
A88: مركز البحرين للدراسات الاستراتيجية والدولية والطاقة | B88: 1226000 | D88: 0 | E88: 0 | F88: =SUM(B88:E88) -> 1226000 | G88: 0 | H88: =SUM(F88:G88) -> 1226000
A89: الجهاز التنفيذي والإداري لمجلس احتياطي الأجيال القادمة | B89: 3072000 | D89: 0 | E89: 0 | F89: =SUM(B89:E89) -> 3072000 | G89: 0 | H89: =SUM(F89:G89) -> 3072000
A90: الهيئة الوطنية لعلوم الفضاء | B90: 463000 | D90: 113839 | E90: 0 | F90: =SUM(B90:E90) -> 576839 | G90: 0 | H90: =SUM(F90:G90) -> 576839 | I90: 467511 | J90: =F90-I90 -> 109328
A91: بورصة البحرين | F91: =SUM(B91:E91) -> 0 | G91: 0 | H91: =SUM(F91:G91) -> 0 | I91: #N/A | J91: =F91-I91 -> #N/A
A93: قطاع حماية البيئة | B93: =SUM(B94:C95) -> 5030000 | C93: =SUM(C94) -> 0 | D93: =SUM(D94:D95) -> 303574 | E93: =SUM(E94:E95) -> 0 | F93: =SUM(F94:G95) -> 5333574 | G93: =SUM(G94) -> 0 | H93: =SUM(H94) -> 5333574
A94: المجلس الأعلى للبيئة | B94: 4530000 | D94: 803574 | E94: 0 | F94: =SUM(B94:E94) -> 5333574 | G94: 0 | H94: =SUM(F94:G94) -> 5333574 | I94: 4666763 | J94: =F94-I94 -> 666811
A95: المبادرة الوطنية لتنمية القطاع الزراعي | B95: 500000 | D95: -500000 | E95: 0 | F95: =SUM(B95:E95) -> 0
A97: قطاع الإسكان ومرافق المجتمع | B97: =SUM(B98:B103) -> 12536000 | C97: =SUM(C98:C103) -> 0 | D97: =SUM(D98:D103) -> 1891225 | E97: =SUM(E98:E103) -> 0 | F97: =SUM(F98:F103) -> 14427225 | G97: =SUM(G98:G103) -> 0 | H97: =SUM(H98:H103) -> 7944843 | I97: 1427
A98: وزارة الإسكان والتخطيط العمراني - قطاع الإسكان | B98: 3725000 | D98: 819247 | E98: 0 | F98: =SUM(B98:E98) -> 4544247 | G98: 0 | H98: =SUM(F98:G98) -> 4544247 | I98: 4021439 | J98: =F98-I98 -> 522808
A99: وزارة شئون البلديات والزراعة | B99: 5021000 | D99: 459641 | E99: 0 | F99: =SUM(B99:E99) -> 5480641 | I99: 5540243 | J99: =F99-I99 -> -59602
F100: =SUM(B100:E100) -> 0 | G100: 0 | H100: =SUM(F100:G100) -> 0 | I100: #N/A | J100: =F100-I100 -> #N/A
A101: هيئة التخطيط والتطوير العمراني | B101: 2466000 | D101: 322596 | E101: 0 | F101: =SUM(B101:E101) -> 2788596 | G101: 0 | H101: =SUM(F101:G101) -> 2788596 | I101: 2515665 | J101: =F101-I101 -> 272931
A102: مؤسسة التنظيم العقاري | B102: 712000 | D102: 289741 | E102: 0 | F102: =SUM(B102:E102) -> 1001741
A103: المجالس البلدية | B103: 612000 | D103: 0 | E103: 0 | F103: =SUM(B103:E103) -> 612000 | G103: 0 | H103: =SUM(F103:G103) -> 612000
A105: قطاع الصحة | B105: =SUM(B106:B115) -> 299180000 | C105: =SUM(C106:C114) -> 0 | D105: =SUM(D106:D115) -> 25434172 | E105: =SUM(E106:E115) -> 18000 | F105: =SUM(F106:F115) -> 324632172 | G105: =SUM(G106:G114) -> 0 | H105: =SUM(H106:H114) -> 136169423
A106: المجلس الأعلى للصحة | B106: 1484000 | D106: 420030 | E106: 0 | F106: =SUM(B106:E106) -> 1904030 | G106: 0 | H106: =SUM(F106:G106) -> 1904030 | I106: 1555146 | J106: =F106-I106 -> 348884
A107: وزارة الصحة | B107: 33000000 | D107: 3407794 | E107: 0 | F107: =SUM(B107:E107) -> 36407794 | G107: 0 | H107: =SUM(F107:G107) -> 36407794 | I107: 244165782 | J107: =F107-I107 -> -207757988
...

Sheet مصروفات الوزارات
A1: 7- المصروفات المتكررة مصنفة حسب الأبواب والوزارات والجهات الحكومية
L2: (دينار بحريني)
A3: الوزارة أو الجهة الحكومية | B3: Code | C3: قوى عاملة | D3: خدمات | E3: سلع إستهلاكية | F3: سلع رأسمالية | G3: صيانة | H3: نفقات تحويلية | I3: إعانات وتسديد فوائد القروض | J3: المجموع | K3: الاعتماد | L3: الفعلي 2022
A4: وزارة السياحة | B4: 11 | C4: 169509 | D4: 26279 | E4: 0 | F4: 0 | G4: 0 | H4: 0 | I4: 0 | J4: =SUM(C4:I4) -> 195788 | K4: 242000 | L4: 88207
A5: وزارة التنمية المستندامة | B5: 11 | C5: 213215 | D5: 182318 | E5: 370 | F5: 3296 | G5: 0 | H5: 0 | I5: 0 | J5: =SUM(C5:I5) -> 399199 | K5: 500000 | L5: 97711
A6: وزارة الشئون القانونية | B6: 11 | C6: 249521 | D6: 10286 | E6: 1600 | F6: 2071 | G6: 206 | H6: 0 | I6: 0 | J6: =SUM(C6:I6) -> 263684 | K6: 263684 | L6: 91529
A7: مكتب رئيس مجلس الوزراء | B7: 11 | C7: 5078686 | D7: 2496330 | E7: 94347 | F7: 209976 | G7: 46263 | H7: 10000000 | I7: 1340485 | J7: =SUM(C7:I7) -> 19266087 | K7: 20088000 | L7: 16211269
A8: وزارة الدفاع (إيضاح رقم 11) | B8: 12 | C8: 484342613 | D8: 21412298 | E8: 30733294 | F8: 5462277 | G8: 21957847 | H8: 0 | I8: 2856803 | J8: =SUM(C8:I8) -> 566765132 | K8: 521201842 | L8: 557588143
A9: وزارة الداخلية | B9: 13 | C9: 336855499 | D9: 26108710 | E9: 6394324 | F9: 2763651 | G9: 5870533 | H9: 0 | I9: 0 | J9: =SUM(C9:I9) -> 377992717 | K9: 369667421 | L9: 370167055
A10: جهاز المخابرات الوطني | B10: 14 | C10: 0 | D10: 0 | E10: 0 | F10: 0 | G10: 0 | H10: 33790280 | I10: 0 | J10: =SUM(C10:I10) -> 33790280 | K10: 33790280 | L10: 33314000
A11: هيئة التشريع والرأي القانوني | B11: 15 | C11: 2108119 | D11: 357404 | E11: 2423 | F11: 2510 | G11: 6365 | H11: 0 | I11: 0 | J11: =SUM(C11:I11) -> 2476821 | K11: 2476821 | L11: 2264754
A12: وزارة الخارجية | B12: 16 | C12: 24757945 | D12: 16712150 | E12: 502832 | F12: 1973878 | G12: 668367 | H12: 0 | I12: 123021 | J12: =SUM(C12:I12) -> 44738193 | K12: 44908194 | L12: 43185087
A13: وزارة العدل والشئون الإسلامية والأوقاف | B13: 18 | C13: 11972664 | D13: 3370545 | E13: 48750 | F13: 28476 | G13: 97921 | H13: 7271 | I13: 66000 | J13: =SUM(C13:I13) -> 15591627 | K13: 15591627 | L13: 13379687
A14: وزارة التربية والتعليم | B14: 21 | C14: 249488425 | D14: 34510227 | E14: 2891318 | F14: 921379 | G14: 1609181 | H14: 0 | I14: 0 | J14: =SUM(C14:I14) -> 289420530 | K14: 268852204 | L14: 279949003
A15: وزارة الصحة | B15: 22 | C15: 20879554 | D15: 23460456 | E15: 3767200 | F15: 14331 | G15: 162854 | H15: 0 | I15: 8198 | J15: =SUM(C15:I15) -> 48292593 | K15: 36407794 | L15: 251853456
A16: وزارة شئون البلديات والزراعة | B16: 23 | C16: 4015597 | D16: 1176116 | E16: 183514 | F16: 70171 | G16: 35242 | H16: 0 | I16: 0 | J16: =SUM(C16:I16) -> 5480640 | K16: 5480641 | L16: 5877197
A17: وزارة العمل | C17: 5091744 | D17: 701221 | E17: 6149 | F17: 13221 | G17: 30818 | H17: 0 | I17: 200000 | J17: =SUM(C17:I17) -> 6043153 | K17: 6043154 | L17: 0
A18: وزارة شئون الشباب | B18: 26 | C18: 2112290 | D18: 2062347 | E18: 80040 | F18: 48592 | G18: 274911 | H18: 149668 | I18: 0 | J18: =SUM(C18:I18) -> 4727848 | K18: 4727849 | L18: 6363044
A19: نادي راشد للفروسية وسباق الخيل | B19: 28 | C19: 0 | D19: 0 | E19: 0 | F19: 0 | G19: 0 | H19: 4677608 | I19: 0 | J19: =SUM(C19:I19) -> 4677608 | K19: 4677608 | L19: 4297410
A20: وزارة التنمية الاجتماعية | B20: 29 | C20: 6464055 | D20: 999958 | E20: 23930 | F20: 15029 | G20: 63889 | H20: 0 | I20: 60000 | J20: =SUM(C20:I20) -> 7626861 | K20: 7626862 | L20: 12410433
A21: وزارة شئون مجلس الوزراء | B21: 32 | C21: 2151131 | D21: 499621 | E21: 14335 | F21: 3359 | G21: 1290 | H21: 0 | I21: 0 | J21: =SUM(C21:I21) -> 2669736 | K21: 2712000 | L21: =648154+1312738 -> 1960892
A22: وزارة الصناعة والتجارة | B22: 34 | C22: 7132836 | D22: 2077602 | E22: 11704 | F22: 87743 | G22: 42062 | H22: 0 | I22: 0 | J22: =SUM(C22:I22) -> 9351947 | K22: 9351949 | L22: 9141534
A23: وزارة الإسكان والتخطيط العمراني - قطاع الإسكان | B23: 36 | C23: 3845063 | D23: 608498 | E23: 7793 | F23: 10726 | G23: 65557 | H23: 0 | I23: 0 | J23: =SUM(C23:I23) -> 4537637 | K23: 4544247 | L23: 4034312
A24: نائب رئيس مجلس الوزراء | B24: D | C24: =607983+0+0 -> 607983 | D24: 21145 | E24: 4351 | F24: 1946 | G24: 1606 | H24: 0 | I24: 0 | J24: =SUM(C24:I24) -> 637031 | K24: 637031 | L24: =602776+647904+604580 -> 1855260
A25: وزارة شئون الكهرباء والماء | B25: 40 | C25: 471578 | D25: 118518 | E25: 9621 | F25: 8282 | G25: 168 | H25: 0 | I25: 0 | J25: =SUM(C25:I25) -> 608167 | K25: 646000 | L25: 691220
A26: المجلس الأعلى للبيئة | B26: 41 | C26: 4013644 | D26: 947511 | E26: 178869 | F26: 26641 | G26: 166908 | H26: 0 | I26: 0 | J26: =SUM(C26:I26) -> 5333573 | K26: 5333574 | L26: 5155844
A27: مركز محمد بن خليفة آل خليفة التخصصي للقلب (إيضاح رقم 11) | B27: 43 | C27: 17720144 | D27: 628753 | E27: 10322666 | F27: 1333016 | G27: 676803 | H27: 0 | I27: 163046 | J27: =SUM(C27:I27) -> 30844428 | K27: 25582250 | L27: 26509865
A28: وزارة الأشغال | B28: 46 | C28: 18442675 | D28: 26731412 | E28: 322319 | F28: 0 | G28: 93888 | H28: 0 | I28: 0 | J28: =SUM(C28:I28) -> 45590294 | K28: 45590295 | L28: 44945293
A29: هيئة الكهرباء والماء (إيضاح رقم 11) | B29: 47 | C29: 0 | D29: 0 | E29: 0 | F29: 0 | G29: 0 | H29: 0 | I29: 0 | J29: =SUM(C29:I29) -> 0 | K29: 0 | L29: 0
A30: وزارة المواصلات والاتصالات | B30: 48 | C30: 12074734 | D30: 16411597 | E30: 73797 | F30: 913 | G30: 634092 | H30: 0 | I30: 0 | J30: =SUM(C30:I30) -> 29195133 | K30: 29195134 | L30: 28338090
A31: الحرس الوطني | B31: 50 | C31: 41753770 | D31: 673772 | E31: 102672 | F31: 0 | G31: 26285 | H31: 0 | I31: 17500 | J31: =SUM(C31:I31) -> 42573999 | K31: 42574000 | L31: 41973999
A32: وزارة النفط والبيئة | B32: 51 | C32: 1398822 | D32: 466366 | E32: 7329 | F32: 116 | G32: 16636 | H32: 0 | I32: 0 | J32: =SUM(C32:I32) -> 1889269 | K32: 1889270 | L32: 1616216
A33: 7- المصروفات المتكررة مصنفة حسب الأبواب والوزارات والجهات الحكومية (تتمة)
L34: (دينار بحريني)
A35: الوزارة أو الجهة الحكومية | B35: Code | C35: قوى عاملة | D35: خدمات | E35: سلع إستهلاكية | F35: سلع رأسمالية | G35: صيانة | H35: نفقات تحويلية | I35: إعانات وتسديد فوائد القروض | J35: المجموع | K35: الاعتماد | L35: الفعلي 2022
A36: وزارة شئون مجلسي الشورى والنواب | B36: 54 | C36: 1313843 | D36: 195790 | E36: 4410 | F36: 798 | G36: 2497 | H36: 0 | I36: 0 | J36: =SUM(C36:I36) -> 1517338 | K36: 1517339 | L36: 1276166
A37: مكتب رئيس مجلس الوزراء - مركز الاتصال الوطني | B37: 55 | C37: 1191486 | D37: 447619 | E37: 11050 | F37: 5846 | G37: 10203 | H37: 0 | I37: 30000 | J37: =SUM(C37:I37) -> 1696204 | K37: 1696204 | L37: 1674937
A38: مجلـس المناقصات والمزايدات | B38: 59 | C38: 1011848 | D38: 432952 | E38: 2657 | F38: 5108 | G38: 1485 | H38: 0 | I38: 0 | J38: =SUM(C38:I38) -> 1454050 | K38: 1807687 | L38: 1315419
A39: الميزانيات التحويلية (إيضاح رقم 9) | B39: 60 | C39: 0 | D39: 24926471 | E39: 106289 | F39: 3410 | G39: 541173 | H39: 556188536 | I39: 1284819017 | J39: =SUM(C39:I39) -> 1866584896 | K39: 1675428327 | L39: 1518872105
A40: وزارة الإعلام | B40: 65 | C40: 14687241 | D40: 5635773 | E40: 914754 | F40: 18465 | G40: 291674 | H40: 0 | I40: 0 | J40: =SUM(C40:I40) -> 21547907 | K40: 21547908 | L40: 20021393
A41: هيئة البحرين للثقافة والآثار | B41: 66 | C41: 3438315 | D41: 3137997 | E41: 14532 | F41: 41920 | G41: 218592 | H41: 0 | I41: 174200 | J41: =SUM(C41:I41) -> 7025556 | K41: 7025556 | L41: 7165912
A42: المجلس الأعلى للصحة | B42: 67 | C42: 274432 | D42: 1607095 | E42: 21248 | F42: 0 | G42: 1254 | H42: 0 | I42: 0 | J42: =SUM(C42:I42) -> 1904029 | K42: 1904030 | L42: 1633674
A43: الجهاز الإداري للنيابة العامة | B43: 68 | C43: 3089969 | D43: 794770 | E43: 54213 | F43: 30740 | G43: 25338 | H43: 0 | I43: 0 | J43: =SUM(C43:I43) -> 3995030 | K43: 3995030 | L43: 3639990
A44: هيئة جودة التعليم والتدريب | B44: 69 | C44: 2779055 | D44: 686797 | E44: 7998 | F44: 38031 | G44: 11560 | H44: 0 | I44: 0 | J44: =SUM(C44:I44) -> 3523441 | K44: 3523441 | L44: 3580336
A45: جهاز الخدمة المدنية | B45: 72 | C45: 4988037 | D45: 550301 | E45: 4402 | F45: 10424 | G45: 42484 | H45: 0 | I45: 0 | J45: =SUM(C45:I45) -> 5595648 | K45: 5638000 | L45: 6579045
A46: الأمانة العامة لمجلس الوزراء | B46: 71 | C46: 0 | D46: 0 | E46: 0 | F46: 0 | G46: 0 | H46: 0 | I46: 0 | J46: =SUM(C46:I46) -> 0 | K46: 0
A47: هيئة المعلومات والحكومة الإلكترونية | B47: 73 | C47: 7964790 | D47: 3275344 | E47: 1409159 | F47: 775658 | G47: 214172 | H47: 0 | I47: 0 | J47: =SUM(C47:I47) -> 13639123 | K47: 13639123 | L47: 11664579
A48: الأمانة العامة للمجلس الأعلى للشباب والرياضة | B48: 75 | C48: 940404 | D48: 274895 | E48: 11961 | F48: 12589 | G48: 15220 | H48: 9207135 | I48: 0 | J48: =SUM(C48:I48) -> 10462204 | K48: 10462207 | L48: 7510901
A49: المجلس الأعلى للقضاء | B49: 76 | C49: 14406841 | D49: 849188 | E49: 12746 | F49: 3216 | G49: 14876 | H49: 0 | I49: 0 | J49: =SUM(C49:I49) -> 15286867 | K49: 15286868 | L49: 14130362
A50: وزارة العدل والشئون الإسلامية والأوقاف (الشئون الإسلامية) | B50: 77 | J50: =SUM(C50:I50) -> 0 | L50: 0
A51: جهاز المساحة والتسجيل العقاري | B51: 78 | C51: 4674689 | D51: 395073 | E51: 18988 | F51: 0 | G51: 30777 | H51: 0 | I51: 0 | J51: =SUM(C51:I51) -> 5119527 | K51: 5119527 | L51: 4889343
A52: معهد البحرين للتنمية السياسية | B52: 80 | C52: 839275 | D52: 254383 | E52: 4030 | F52: 6386 | G52: 6592 | H52: 0 | I52: 0 | J52: =SUM(C52:I52) -> 1110666 | K52: 1120000 | L52: 1093062
A53: وزارة المالية والاقتصاد الوطني | B53: 81 | C53: 7901738 | D53: 801283 | E53: 51888 | F53: 17924 | G53: 172219 | H53: 0 | I53: 0 | J53: =SUM(C53:I53) -> 8945052 | K53: 8945053 | L53: 8617222
A54: شئون الجمارك | B54: 83 | C54: 15578888 | D54: 2224328 | E54: 133772 | F54: 24827 | G54: 430761 | H54: 0 | I54: 0 | J54: =SUM(C54:I54) -> 18392576 | K54: 18392577 | L54: 18192310
A55: مركز البحرين للأورام (إيضاحي رقم 11 و12) | B55: 84 | C55: 19626671 | D55: 1445955 | E55: 13148816 | F55: 44826 | G55: 420165 | H55: 0 | I55: 84294 | J55: =SUM(C55:I55) -> 34770727 | K55: 33101617 | L55: 37162231
A56: هيئة التخطيط والتطوير العمراني | B56: 85 | C56: 2454523 | D56: 295696 | E56: 15887 | F56: 15611 | G56: 6878 | H56: 0 | I56: 0 | J56: =SUM(C56:I56) -> 2788595 | K56: 2788596 | L56: 2807546
A57: المجلس الأعلى للشئون الإسلامية | B57: 86 | C57: 955699 | D57: 632502 | E57: 8740 | F57: 32019 | G57: 14396 | H57: 0 | I57: 546600 | J57: =SUM(C57:I57) -> 2189956 | K57: 3016000 | L57: 2141115
A58: مستشفى الملك حمد الجامعي (إيضاحي رقم 11 و12) | B58: 88 | C58: 24972537 | D58: 1809384 | E58: 12373380 | F58: 755705 | G58: 967462 | H58: 0 | I58: 385095 | J58: =SUM(C58:I58) -> 41263563 | K58: 36164150 | L58: 38527500
A59: الهيئة الوطنية لتنظيم المهن والخدمات الصحية | B59: 89 | C59: 2318980 | D59: 665641 | E59: 3728 | F59: 11979 | G59: 9254 | H59: 0 | I59: 0 | J59: =SUM(C59:I59) -> 3009582 | K59: 3009582 | L59: 2762103
A60: الجهاز الوطني للإيرادات | C60: 3130173 | D60: 2522156 | E60: 5707 | F60: 44624 | G60: 4268 | H60: 0 | I60: 0 | J60: =SUM(C60:I60) -> 5706928 | K60: 5811634 | L60: 4784678
A61: الهيئة الوطنية لعلوم الفضاء | B61: 92 | C61: 494445 | D61: 47156 | E61: 1006 | F61: 32713 | G61: 1518 | H61: 0 | I61: 0 | J61: =SUM(C61:I61) -> 576838 | K61: 576839 | L61: 492727
A62: الهيئة العامة للرياضة | C62: 1403506 | D62: 876143 | E62: 107247 | F62: 7541 | G62: 273052 | H62: 7254833 | I62: 3671603 | J62: =SUM(C62:I62) -> 13593925 | K62: 13593925 | L62: 12305434
A63: المجموع | C63: =SUM(C4:C62) -> 1403849201 | D63: =SUM(D4:D62) -> 237556132 | E63: =SUM(E4:E62) -> 84234155 | F63: =SUM(F4:F62) -> 14941960 | G63: =SUM(G4:G62) -> 36277562 | H63: =SUM(H4:H62) -> 621275331 | I63: =SUM(I4:I62) -> 1294545862 | J63: =SUM(J4:J62) -> 3692680203 | ... L63: =SUM(L4:L62) -> 3496200600

Sheet تفصيل المصروفات 
A1: 8- المصروفات المتكررة مصنفة حسب الأبواب والأقسام والبنود
G2: (دينار بحريني)
A3: التبويــب | F3: البيـــان | G3: 2023 | J3: 2022 الفعلي
A4: بند | B4: قسم | C4: باب | D4: نوع | G4: الاعتماد | H4: الفعلي | I4: الفرق
C5: 1 | D5: 6 | F5: نفقات القوى العاملة | G5: =G6+G45+G74+G83+G86+G93+G104+G116 -> 1342040202 | H5: =H6+H45+H74+H83+H86+H93+H104+H116 -> 1403849201 | I5: =I6+I45+I74+I83+I86+I93+I104+I116 -> -61808999 | J5: =J6+J45+J74+J83+J86+J93+J104+J116 -> 1478009134
B6: 1 | C6: 1 | D6: 6 | F6: وظائف البحرينيين | G6: =SUM(G7:G44) -> 1050485902 | H6: =SUM(H7:H44) -> 996455754 | I6: =G6-H6 -> 54030148 | J6: =SUM(J7:J44) -> 1062688538 | K6: =H6-J6 -> -66232784
A7: 60011 | B7: 1 | C7: 1 | D7: 6 | E7: 61160011 | F7: الرواتب الأساسية | G7: 869052346 | H7: 789082092 | I7: =G7-H7 -> 79970254 | J7: 850107906 | K7: =H7-J7 -> -61025814
A8: 60021 | B8: 1 | C8: 1 | D8: 6 | E8: 61160021 | F8: العمل الإضافي | G8: 4319967 | H8: =4003158-3 -> 4003155 | I8: =G8-H8 -> 316812 | J8: 7291550 | K8: =H8-J8 -> -3288395
A9: 61011 | B9: 1 | C9: 1 | D9: 6 | E9: 61161011 | F9: العلاوة الاجتماعية | G9: 34041467 | H9: =45047565-3 -> 45047562 | I9: =G9-H9 -> -11006095 | J9: 49289012 | K9: =H9-J9 -> -4241450
A10: 61012 | B10: 1 | C10: 1 | D10: 6 | E10: 61161012 | F10: علاوة تحسين المعيشة | G10: 64568947 | H10: 74245490 | I10: =G10-H10 -> -9676543 | J10: 58104480 | K10: =H10-J10 -> 16141010
A11: 61013 | B11: 1 | C11: 1 | D11: 6 | E11: 61161013 | F11: علاوة السيارة | G11: 4883021 | H11: 5238267 | I11: =G11-H11 -> -355246 | J11: 5653827 | K11: =H11-J11 -> -415560
A12: 61014 | B12: 1 | C12: 1 | D12: 6 | E12: 61161014 | F12: مكافأة الموظف المثالي | G12: 36037 | H12: 19450 | I12: =G12-H12 -> 16587 | J12: 20800 | K12: =H12-J12 -> -1350
A13: 61015 | B13: 1 | C13: 1 | D13: 6 | E13: 61161015 | F13: علاوة القضاء | G13: 2666619 | H13: 3027090 | I13: =G13-H13 -> -360471 | J13: 3013740 | K13: =H13-J13 -> 13350
A14: 61016 | B14: 1 | C14: 1 | D14: 6 | E14: 61161016 | F14: بدل ندب | G14: 572932 | H14: 518395 | I14: =G14-H14 -> 54537 | J14: 672741 | K14: =H14-J14 -> -154346
A15: 61017 | B15: 1 | C15: 1 | D15: 6 | E15: 61161017 | F15: بدلات أخرى | G15: 337956 | H15: 248170 | I15: =G15-H15 -> 89786 | J15: 346198 | K15: =H15-J15 -> -98028
A16: 61019 | B16: 1 | C16: 1 | D16: 6 | F16: مكافأة الاقتراحات | G16: 6900 | H16: 3700 | I16: =G16-H16 -> 3200 | J16: 3950 | K16: =H16-J16 -> -250
A17: 61021 | B17: 1 | C17: 1 | D17: 6 | E17: 61161021 | F17: علاوة المواصلات | G17: 15844135 | H17: 19506996 | I17: =G17-H17 -> -3662861 | J17: 20736180 | K17: =H17-J17 -> -1229184
A18: 61022 | B18: 1 | C18: 1 | D18: 6 | E18: 61161022 | F18: علاوة الاتصال | G18: 4241834 | H18: 4470436 | I18: =G18-H18 -> -228602 | J18: 4728381 | K18: =H18-J18 -> -257945
A19: 61024 | B19: 1 | C19: 1 | D19: 6 | F19: علاوة مناوبة | G19: 3623 | H19: 4111 | I19: =G19-H19 -> -488 | J19: 10738 | K19: =H19-J19 -> -6627
A20: 61025 | B20: 1 | C20: 1 | D20: 6 | F20: علاوة طبيعة العمل | G20: 4229163 | H20: 3899355 | I20: =G20-H20 -> 329808 | J20: 1714932 | K20: =H20-J20 -> 2184423
A21: 61026 | B21: 1 | C21: 1 | D21: 6 | F21: علاوة خطر | G21: 453300 | H21: 415205 | I21: =G21-H21 -> 38095 | J21: 443408 | K21: =H21-J21 -> -28203
A22: 61031 | B22: 1 | C22: 1 | D22: 6 | E22: 61161031 | F22: علاوات شخصية أخرى | G22: 25137217 | H22: 25456892 | I22: =G22-H22 -> -319675 | J22: 27432091 | K22: =H22-J22 -> -1975199
A23: 61032 | B23: 1 | C23: 1 | D23: 6 | E23: 61161032 | F23: مكافأة التميز الوظيفي | G23: 185340 | H23: 101040 | I23: =G23-H23 -> 84300 | J23: 306902 | K23: =H23-J23 -> -205862
A24: 61033 | B24: 1 | C24: 1 | D24: 6 | E24: 61161033 | F24: مكافأة الإنجازات الاستثنائية | G24: 203100 | H24: 112250 | I24: =G24-H24 -> 90850 | J24: 25500 | K24: =H24-J24 -> 86750
A25: 61034 | B25: 1 | C25: 1 | D25: 6 | E25: 61161034 | F25: مكافأة انضباط | G25: 600 | H25: 0 | I25: =G25-H25 -> 600 | J25: 16400 | K25: =H25-J25 -> -16400
A26: 61035 | B26: 1 | C26: 1 | D26: 6 | E26: 61161035 | F26: بدل علاوة الأطباء المستشارين | G26: 3450508 | H26: 4401701 | I26: =G26-H26 -> -951193 | J26: 9285774 | K26: =H26-J26 -> -4884073
A27: 61036 | B27: 1 | C27: 1 | D27: 6 | E27: 61161036 | F27: بدل تفرغ للأطباء الإستشاريين | G27: 306419 | H27: 308281 | I27: =G27-H27 -> -1862 | J27: 4601510 | K27: =H27-J27 -> -4293229
A28: 61037 | B28: 1 | C28: 1 | D28: 6 | E28: 61161037 | F28: علاوة تمديد الزمن المدرسي للمعلمين | I28: =G28-H28 -> 0 | K28: =H28-J28 -> 0
A29: 61038 | B29: 1 | C29: 1 | D29: 6 | E29: 61161038 | F29: علاوة الملاحة الجوية | G29: 1072775 | H29: 1208444 | I29: =G29-H29 -> -135669 | J29: 1261073 | K29: =H29-J29 -> -52629
A30: 61039 | B30: 1 | C30: 1 | D30: 6 | E30: 61161039 | F30: بدل تمريض | G30: 959000 | H30: 1256412 | I30: =G30-H30 -> -297412 | J30: 2537018 | K30: =H30-J30 -> -1280606
A31: 61043 | B31: 1 | C31: 1 | D31: 6 | E31: 61161043 | F31: تكاليف سكن | G31: 0 | H31: 0 | I31: =G31-H31 -> 0 | J31: 4440 | K31: =H31-J31 -> -4440
A32: 61044 | B32: 1 | C32: 1 | D32: 6 | E32: 61161044 | F32: علاوة خاصة | G32: 6587720 | H32: 6718137 | I32: =G32-H32 -> -130417 | J32: 6575836 | K32: =H32-J32 -> 142301
A33: 61045 | B33: 1 | C33: 1 | D33: 6 | E33: 61161045 | F33: علاوة التراخيص الجوية | G33: 68400 | H33: 68800 | I33: =G33-H33 -> -400 | J33: 64900 | K33: =H33-J33 -> 3900
A34: 61047 | B34: 1 | C34: 1 | D34: 6 | F34: علاوة تمثيل دبلوماسي | G34: 1733880 | H34: 1666957 | I34: =G34-H34 -> 66923 | J34: 1692536 | K34: =H34-J34 -> -25579
A35: 61048 | B35: 1 | C35: 1 | D35: 6 | F35: علاوة مرافقة زوجية - السلك الدبلوماسي | G35: 413960 | H35: 427001 | I35: =G35-H35 -> -13041 | J35: 405193 | K35: =H35-J35 -> 21808
A36: 61049 | B36: 1 | C36: 1 | D36: 6 | F36: علاوة تمثيل مخفضة - السلك الدبلوماسي | G36: 277340 | H36: 325591 | I36: =G36-H36 -> -48251 | J36: 243567 | K36: =H36-J36 -> 82024
A37: 61053 | B37: 1 | C37: 1 | D37: 6 | F37: نفقات سكن المبتعثين في السلك الدبلوماسي في الخارج | G37: 1418355 | H37: 1311755 | I37: =G37-H37 -> 106600 | J37: 1543054 | K37: =H37-J37 -> -231299
A38: 61054 | B38: 1 | C38: 1 | D38: 6 | F38: تكاليف نقل أعضاء بعثة السلك الدبلوماسي في الخارج | G38: 511000 | H38: 239733 | I38: =G38-H38 -> 271267 | J38: 454067
A39: 61055 | B39: 1 | C39: 1 | D39: 6 | F39: تذاكر سفر الموظفين المبتعثين في السلك الدبلوماسي | G39: 395200 | H39: 545571 | I39: =G39-H39 -> -150371 | J39: 611024
A40: 61056 | B40: 1 | C40: 1 | D40: 6 | F40: علاوة تدريس طلبة الدراسات العليا | G40: 20000 | H40: 20400 | I40: =G40-H40 -> -400 | J40: 13000
A41: 61064 | B41: 1 | C41: 1 | D41: 6 | F41: علاوة تعليم أو تأهيل أو رعاية الأشخاص ذوي الاعاقة | G41: 0 | H41: 171926 | I41: =G41-H41 -> -171926 | J41: 0
A42: 61075 | B42: 1 | C42: 1 | D42: 6 | F42: بدل استدعاء | G42: 9514 | H42: 11815 | I42: =G42-H42 -> -2301 | J42: 0
A43: 61076 | B43: 1 | C43: 1 | D43: 6 | F43: بدل الخفارة والعمل الاضافي للأطباء | G43: 21337 | H43: 40516 | I43: =G43-H43 -> -19179 | J43: 0
A44: 61991 | B44: 1 | C44: 1 | D44: 6 | E44: 61161991 | F44: علاوات وتكاليف أخرى | G44: 2455990 | H44: 2333058 | I44: =G44-H44 -> 122932 | J44: 3476810
B45: 2 | C45: 1 | D45: 6 | E45: 612 | F45: وظائف غير البحرينيين | G45: =SUM(G46:G58)+SUM(G63:G73) -> 124324895 | H45: =SUM(H46:H64)+SUM(H65:H73) -> 158260827 | I45: =G45-H45 -> -33935932 | J45: =SUM(J46:J64)+SUM(J65:J73) -> 180040620 | K45: =H45-J45 -> -21779793
A46: 60011 | B46: 2 | C46: 1 | D46: 6 | E46: 61260011 | F46: الرواتب الأساسية | G46: 86672632 | H46: 107375743 | I46: =G46-H46 -> -20703111 | J46: 123478436 | K46: =H46-J46 -> -16102693
A47: 60021 | B47: 2 | C47: 1 | D47: 6 | E47: 61260021 | F47: العمل الإضافي | G47: 342003 | H47: 640574 | I47: =G47-H47 -> -298571 | J47: 1059215 | K47: =H47-J47 -> -418641
A48: 61011 | B48: 2 | C48: 1 | D48: 6 | E48: 61261011 | F48: العلاوة الاجتماعية | G48: 3480508 | H48: 5440105 | I48: =G48-H48 -> -1959597 | J48: 6538272 | K48: =H48-J48 -> -1098167
A49: 61012 | B49: 2 | C49: 1 | D49: 6 | E49: 61261012 | F49: علاوة تحسين المعيشة | G49: 17264 | H49: 155125 | I49: =G49-H49 -> -137861 | J49: 112399 | K49: =H49-J49 -> 42726
A50: 61013 | B50: 2 | C50: 1 | D50: 6 | E50: 61261013 | F50: علاوة السيارة | G50: 186507 | H50: 194974 | I50: =G50-H50 -> -8467 | J50: 210763 | K50: =H50-J50 -> -15789
A51: 61015 | B51: 2 | C51: 1 | D51: 6 | E51: 61261015 | F51: علاوة القضاء | G51: 422500 | H51: 406748 | I51: =G51-H51 -> 15752 | J51: 408921 | K51: =H51-J51 -> -2173
A52: 61016 | B52: 2 | C52: 1 | D52: 6 | E52: 61261016 | F52: بدل ندب | G52: 22760 | H52: 29663 | I52: =G52-H52 -> -6903 | J52: 29273 | K52: =H52-J52 -> 390
A53: 61017 | B53: 2 | C53: 1 | D53: 6 | E53: 61261017 | F53: بدلات أخرى | G53: 80050 | H53: 79928 | I53: =G53-H53 -> 122 | J53: 46783 | K53: =H53-J53 -> 33145
A54: 61021 | B54: 2 | C54: 1 | D54: 6 | E54: 61261021 | F54: علاوة المواصلات | G54: 2034635 | H54: 2784127 | I54: =G54-H54 -> -749492 | J54: 3145201 | K54: =H54-J54 -> -361074
A55: 61022 | B55: 2 | C55: 1 | D55: 6 | E55: 61261022 | F55: علاوة الاتصال | G55: 164619 | H55: 168710 | I55: =G55-H55 -> -4091 | J55: 178796 | K55: =H55-J55 -> -10086
A56: 61025 | B56: 2 | C56: 1 | D56: 6 | F56: علاوة طبيعة العمل | G56: 1567132 | H56: 1567898 | I56: =G56-H56 -> -766 | J56: 558785 | K56: =H56-J56 -> 1009113
A57: 61026 | B57: 2 | C57: 1 | D57: 6 | F57: علاوة خطر | G57: 172000 | H57: 172117 | I57: =G57-H57 -> -117 | J57: 178402 | K57: =H57-J57 -> -6285
A58: 61031 | B58: 2 | C58: 1 | D58: 6 | E58: 61261031 | F58: علاوات شخصية أخرى | G58: 8845096 | H58: 9535103 | I58: =G58-H58 -> -690007 | J58: 10772292
A59: 8- المصروفات المتكررة مصنفة حسب الأبواب والأقسام والبنود (تتمة)
G60: (دينار بحريني)
A61: التبويــب | F61: البيـــان | G61: 2023 | J61: 2022 الفعلي
A62: بند | B62: قسم | C62: باب | D62: نوع | G62: الاعتماد | H62: الفعلي | I62: الفرق
A63: 61035 | B63: 2 | C63: 1 | D63: 6 | E63: 61261035 | F63: بدل علاوة الأطباء المستشارين | G63: 205 | H63: 205 | I63: =G63-H63 -> 0 | J63: 380215 | K63: =H63-J63 -> -380010
A64: 61039 | B64: 2 | C64: 1 | D64: 6 | F64: بدل التمريض | G64: 0 | H64: 0 | I64: =G64-H64 -> 0 | J64: 1022 | K64: =H64-J64 -> -1022
A65: 61041 | B65: 2 | C65: 1 | D65: 6 | E65: 61261041 | F65: بدل اغتراب | G65: 350754 | H65: 288741 | I65: =G65-H65 -> 62013 | J65: 268289 | K65: =H65-J65 -> 20452
A66: 61042 | B66: 2 | C66: 1 | D66: 6 | E66: 61261042 | F66: توظيف وإجازة وإنهاء عقود الموظفين | G66: 6093053 | H66: 7950740 | I66: =G66-H66 -> -1857687 | J66: 9744226 | K66: =H66-J66 -> -1793486
A67: 61043 | B67: 2 | C67: 1 | D67: 6 | E67: 61261043 | F67: تكاليف سكن | G67: 11081060 | H67: 16072561 | I67: =G67-H67 -> -4991501 | J67: 17723746 | K67: =H67-J67 -> -1651185
A68: 61064 | B68: 2 | C68: 1 | D68: 6 | F68: علاوة تعليم أو تأهيل أو رعاية الأشخاص ذوي الإعاقة | G68: 0 | H68: 19569 | I68: =G68-H68 -> -19569 | J68: 0
A69: 61067 | B69: 2 | C69: 1 | D69: 6 | F69: رسوم دراسة | G69: 0 | H69: 6298 | I69: =G69-H69 -> -6298 | J69: 0
A70: 61068 | B70: 2 | C70: 1 | D70: 6 | F70: مكافئة سنوية | G70: 26922 | H70: 1551601 | I70: =G70-H70 -> -1524679 | J70: 0
A71: 61991 | B71: 2 | C71: 1 | D71: 6 | E71: 61261991 | F71: علاوات وتكاليف أخرى | G71: 1040469 | H71: 2199458 | I71: =G71-H71 -> -1158989 | J71: 3591405 | K71: =H71-J71 -> -1391947
A72: 64021 | B72: 2 | C72: 1 | D72: 6 | E72: 61264021 | F72: أجور السفر | G72: 302845 | H72: 262274 | I72: =G72-H72 -> 40571 | J72: 247400 | K72: =H72-J72 -> 14874
A73: 68033 | B73: 2 | C73: 1 | D73: 6 | E73: 61268033 | F73: رسوم هيئة تنظيم سوق العمل | G73: 1421881 | H73: 1358565 | I73: =G73-H73 -> 63316 | J73: 1366779 | K73: =H73-J73 -> -8214
B74: 3 | C74: 1 | D74: 6 | E74: 613 | F74: الوظائف المؤقتة للبحرينيين | G74: =SUM(G75:G82) -> 4469348 | H74: =SUM(H75:H82) -> 4271212 | I74: =G74-H74 -> 198136 | J74: =SUM(J75:J82) -> 5153803 | K74: =H74-J74 -> -882591
A75: 60011 | B75: 3 | C75: 1 | D75: 6 | E75: 61360011 | F75: الرواتب الأساسية | G75: 4443460 | H75: 4245829 | I75: =G75-H75 -> 197631 | J75: 5104607 | K75: =H75-J75 -> -858778
A76: 60021 | B76: 3 | C76: 1 | D76: 6 | E76: 61360021 | F76: العمل الإضافي | G76: 1822 | H76: 2441 | I76: =G76-H76 -> -619 | J76: 4914 | K76: =H76-J76 -> -2473
A77: 61011 | B77: 3 | C77: 1 | D77: 6 | E77: 61361011 | F77: العلاوة الاجتماعية | G77: 14635 | H77: 14523 | I77: =G77-H77 -> 112 | J77: 29329 | K77: =H77-J77 -> -14806
A78: 61013 | B78: 3 | C78: 1 | D78: 6 | F78: علاوة السيارة | G78: 200 | H78: 0 | I78: =G78-H78 -> 200 | J78: 0
A79: 61021 | B79: 3 | C79: 1 | D79: 6 | E79: 61361021 | F79: علاوة المواصلات | G79: 7401 | H79: 7119 | I79: =G79-H79 -> 282 | J79: 13688 | K79: =H79-J79 -> -6569
A80: 61022 | B80: 3 | C80: 1 | D80: 6 | E80: 61361022 | F80: علاوة الاتصال | G80: 300 | H80: 300 | I80: =G80-H80 -> 0 | J80: 425 | K80: =H80-J80 -> -125
A81: 61031 | B81: 3 | C81: 1 | D81: 6 | F81: علاوات شخصية أخرى | G81: 530 | H81: 0 | I81: =G81-H81 -> 530 | J81: 0
A82: 61991 | B82: 3 | C82: 1 | D82: 6 | E82: 61361991 | F82: علاوات وتكاليف أخرى | G82: 1000 | H82: 1000 | I82: =G82-H82 -> 0 | J82: 840 | K82: =H82-J82 -> 160
B83: 4 | C83: 1 | D83: 6 | F83: الوظائف المؤقتة لغير البحرينيين | G83: =SUM(G84:G85) -> 71127 | H83: =SUM(H84:H85) -> 71127 | I83: =G83-H83 -> 0 | J83: =SUM(J84:J85) -> 73894 | K83: =H83-J83 -> -2767
A84: 60011 | B84: 4 | C84: 1 | D84: 6 | E84: 61460011 | F84: الرواتب الأساسية | G84: 71127 | H84: 71127 | I84: =G84-H84 -> 0 | J84: 73894 | K84: =H84-J84 -> -2767
A85: 61991 | B85: 4 | C85: 1 | D85: 6 | F85: علاوات وتكاليف اخرى | I85: =G85-H85 -> 0 | J85: 0 | K85: =H85-J85 -> 0
B86: 5 | C86: 1 | D86: 6 | F86: تدريب الموظفين داخل البحرين | G86: =SUM(G87:G92) -> 5457740 | H86: =SUM(H87:H92) -> 4836194 | I86: =G86-H86 -> 621546 | J86: =SUM(J87:J92) -> 6583287 | K86: =H86-J86 -> -1747093
A87: 62011 | B87: 5 | C87: 1 | D87: 6 | E87: 61562011 | F87: تكاليف المقررات والرسوم الدراسية | G87: 0 | H87: 5539 | I87: =G87-H87 -> -5539 | J87: 0 | K87: =H87-J87 -> 5539
A88: 62015 | B88: 5 | C88: 1 | D88: 6 | E88: 61562015 | F88: تكاليف المشاركة في البرامج والمؤتمرات والندوات التدريبية الإدارية | G88: 511729 | H88: 360257 | I88: =G88-H88 -> 151472 | J88: 235884 | K88: =H88-J88 -> 124373
A89: 62016 | B89: 5 | C89: 1 | D89: 6 | E89: 61562016 | F89: تكاليف المشاركة في البرامج والمؤتمرات والندوات التدريبية الأكاديمية | G89: 4636405 | H89: 4099702 | I89: =G89-H89 -> 536703 | J89: 5985468 | K89: =H89-J89 -> -1885766
A90: 62017 | B90: 5 | C90: 1 | D90: 6 | E90: 61562017 | F90: تكاليف المشاركة في البرامج والمؤتمرات والندوات التدريبية المهنية التخصصية | G90: 276115 | H90: 333191 | I90: =G90-H90 -> -57076 | J90: 328350 | K90: =H90-J90 -> 4841
A91: 62018 | B91: 5 | C91: 1 | D91: 6 | E91: 61562018 | F91: تكاليف المشاركة في البرامج والمؤتمرات والندوات التدريبية لتقنية المعلومات | G91: 13491 | H91: 8585 | I91: =G91-H91 -> 4906 | J91: 10625 | K91: =H91-J91 -> -2040
A92: 62024 | B92: 5 | C92: 1 | D92: 6 | E92: 61562018 | F92: تكاليف الدراسة الأكاديمية والمهنية | G92: 20000 | H92: 28920 | I92: =G92-H92 -> -8920 | J92: 22960 | K92: =H92-J92 -> 5960
B93: 6 | C93: 1 | D93: 6 | E93: 616 | F93: تدريب الموظفين خارج البحرين | G93: =SUM(G94:G103) -> 15019184 | H93: =SUM(H94:H103) -> 33768449 | I93: =G93-H93 -> -18749265 | J93: =SUM(J94:J103) -> 29871870 | K93: =H93-J93 -> 3896579
A94: 61051 | B94: 6 | C94: 1 | D94: 6 | E94: 61661051 | F94: مخصصات التدريب | I94: =G94-H94 -> 0 | J94: 0 | K94: =H94-J94 -> 0
A95: 62015 | B95: 6 | C95: 1 | D95: 6 | E95: 61662015 | F95: تكاليف المشاركة في البرامج التدريبية والمؤتمرات والندوات الإدارية | G95: 3390875 | H95: 5203041 | I95: =G95-H95 -> -1812166 | J95: 4756402 | K95: =H95-J95 -> 446639
A96: 62016 | B96: 6 | C96: 1 | D96: 6 | E96: 61662016 | F96: تكاليف المشاركة في البرامج التدريبية والمؤتمرات والندوات الأكاديمية | G96: 6078843 | H96: 21050191 | I96: =G96-H96 -> -14971348 | J96: 15605263 | K96: =H96-J96 -> 5444928
A97: 62017 | B97: 6 | C97: 1 | D97: 6 | E97: 61662017 | F97: تكاليف المشاركة في البرامج التدريبية والمؤتمرات والندوات المهنية التخصصية | G97: 510650 | H97: 418197 | I97: =G97-H97 -> 92453 | J97: 1440091 | K97: =H97-J97 -> -1021894
A98: 62018 | B98: 6 | C98: 1 | D98: 6 | E98: 61662018 | F98: تكاليف المشاركة في البرامج التدريبية والمؤتمرات والندوات لتقنية المعلومات | G98: 0 | H98: 0 | I98: =G98-H98 -> 0 | J98: 750 | K98: =H98-J98 -> -750
A99: 62024 | B99: 6 | C99: 1 | D99: 6 | E99: 61662024 | F99: تكاليف الدراسة الأكاديمية والمهنية | G99: 100000 | H99: 127921 | I99: =G99-H99 -> -27921 | J99: 100944 | K99: =H99-J99 -> 26977
A100: 62035 | B100: 6 | C100: 1 | D100: 6 | E100: 61662035 | F100: المصروفات والعلاوات المتعلقة بالسفر في مجال التدريب الإداري | G100: 319961 | H100: 469879 | I100: =G100-H100 -> -149918 | J100: 641273 | K100: =H100-J100 -> -171394
...

Sheet Meta 12
A1: Item | B1: Chpt | C1: Sec | D1: Acct | E1: code | F1: Descrip | G1: Bud | H1: ActCY | I1: Difference | J1: ActPY
A2: 6 | B2: 1 | C2: 1 | D2: 60011 | E2: 61160011 | F2: Basic Salaries (Including Lump Sum) | G2: 828937782 | H2: 821844760 | I2: 7093022 | J2: 805978082
A3: 6 | B3: 1 | C3: 1 | D3: 60021 | E3: 61160021 | F3: Overtime | G3: 13261923 | H3: 12708205 | I3: 553718 | J3: 11996659
A4: 6 | B4: 1 | C4: 1 | D4: 61011 | E4: 61161011 | F4: Social Allowance | G4: 48546078 | H4: 48898523 | I4: -352445 | J4: 47300091
A5: 6 | B5: 1 | C5: 1 | D5: 61012 | E5: 61161012 | F5: Standard of Living Improvement | G5: 61965276 | H5: 59634363 | I5: 2330913 | J5: 59464279
A6: 6 | B6: 1 | C6: 1 | D6: 61013 | E6: 61161013 | F6: Car Allowance | G6: 3315038 | H6: 2536870 | I6: 778168 | J6: 32149
A7: 6 | B7: 1 | C7: 1 | D7: 61014 | E7: 61161014 | F7: Year Employee Bonus | G7: 126000 | H7: 29994 | I7: 96006 | J7: 6000
A8: 6 | B8: 1 | C8: 1 | D8: 61015 | E8: 61161015 | F8: Judiciary Allowance | G8: 2523298 | H8: 2003788 | I8: 519510 | J8: 849254
A9: 6 | B9: 1 | C9: 1 | D9: 61016 | E9: 61161016 | F9: Acting Allowance | G9: 189870 | H9: 113069 | I9: 76801 | J9: 37887
A10: 6 | B10: 1 | C10: 1 | D10: 61017 | E10: 61161017 | F10: Other Allowance | G10: 212100 | H10: 218412 | I10: -6312 | J10: 19330
A11: 6 | B11: 1 | C11: 1 | D11: 61021 | E11: 61161021 | F11: Transport Allowance | G11: 22584477 | H11: 23218558 | I11: -634081 | J11: 25280494
A12: 6 | B12: 1 | C12: 1 | D12: 61022 | E12: 61161022 | F12: Communication Allowances | G12: 2433420 | H12: 3938982 | I12: -1505562 | J12: 3793180
A13: 6 | B13: 1 | C13: 1 | D13: 61031 | E13: 61161031 | F13: Other Personal Allowances | G13: 27857558 | H13: 39215284 | I13: -11357726 | J13: 39338437
... A18: 6 | B18: 1 | C18: 1 | D18: 61036 | E18: 61161036 | F18: Dedicated Govt Practice Allowance (Consultant-Doct | G18: 3911700 | H18: 3652417 | I18: 259283 | J18: 3507025
A19: 6 | B19: 1 | C19: 1 | D19: 61037 | E19: 61161037 | F19: School Time Extension Allowance for teachers | H19: 147 | I19: -147
A20: 6 | B20: 1 | C20: 1 | D20: 61038 | E20: 61161038 | F20: Air Navigation Allowance | G20: 1331020 | H20: 1210984 | I20: 120036 | J20: 1218354
A21: 6 | B21: 1 | C21: 1 | D21: 61039 | E21: 61161039 | F21: Nursing Allowance | G21: 620600 | H21: 813084 | I21: -192484 | J21: 660975
A22: 6 | B22: 1 | C22: 1 | D22: 61043 | E22: 61161043 | F22: Housing Cost | H22: 6790 | I22: -6790
A23: 6 | B23: 1 | C23: 1 | D23: 61044 | E23: 61161044 | F23: Special Allowance | G23: 4413649 | H23: 3805109 | I23: 608540 | J23: 3675771
A24: 6 | B24: 1 | C24: 1 | D24: 61045 | E24: 61161045 | F24: Air license Allowance | G24: 65952 | H24: 79239 | I24: -13287 | J24: 45021
A25: 6 | B25: 1 | C25: 1 | D25: 61991 | E25: 61161991 | F25: Other Allowances | G25: 9693924 | H25: 9132705 | I25: 561219 | J25: 10135141
A26: 6 | B26: 1 | C26: 2 | D26: 60011 | E26: 61260011 | F26: Basic Salaries (Including Lump Sum) | G26: 135034565 | H26: 127833284 | I26: 7201281 | J26: 126359695
A27: 6 | B27: 1 | C27: 2 | D27: 60021 | E27: 61260021 | F27: Overtime | G27: 2579074 | H27: 2420290 | I27: 158784 | J27: 2187783
A28: 6 | B28: 1 | C28: 2 | D28: 61011 | E28: 61261011 | F28: Social Allowance | G28: 7225031 | H28: 7131731 | I28: 93300 | J28: 7135262
A29: 6 | B29: 1 | C29: 2 | D29: 61012 | E29: 61261012 | F29: Standard of Living Improvement | G29: 48117 | H29: 68147 | I29: -20030 | J29: 57889
A30: 6 | B30: 1 | C30: 2 | D30: 61013 | E30: 61261013 | F30: Car Allowance | G30: 905170 | H30: 35366 | I30: 869804
A31: 6 | B31: 1 | C31: 2 | D31: 61015 | E31: 61261015 | F31: Judiciary Allowance | H31: 708676 | I31: -708676
A32: 6 | B32: 1 | C32: 2 | D32: 61016 | E32: 61261016 | F32: Acting Allowance | H32: 6228 | I32: -6228
A33: 6 | B33: 1 | C33: 2 | D33: 61017 | E33: 61261017 | F33: Other Allowance | G33: 600 | H33: 62257 | I33: -61657
A34: 6 | B34: 1 | C34: 2 | D34: 61021 | E34: 61261021 | F34: Transport Allowance | G34: 2741345 | H34: 3569683 | I34: -828338 | J34: 3614919
A35: 6 | B35: 1 | C35: 2 | D35: 61022 | E35: 61261022 | F35: Communication Allowances | G35: 201485 | H35: 194951 | I35: 6534 | J35: 190211
A36: 6 | B36: 1 | C36: 2 | D36: 61031 | E36: 61261031 | F36: Other Personal Allowances | G36: 13367395 | H36: 12595633 | I36: 771762 | J36: 13281413
A37: 6 | B37: 1 | C37: 2 | D37: 61034 | E37: 61261034 | F37: DISCIPLINE AWARD | G37: 21800 | I37: 21800 | J37: 1000
A38: 6 | B38: 1 | C38: 2 | D38: 61035 | E38: 61261035 | F38: On Call Allowance (Consultant-Doctor) | G38: 14000 | H38: 15264 | I38: -1264 | J38: 12676
A39: 6 | B39: 1 | C39: 2 | D39: 61037 | E39: 61261037 | F39: School Time Extension Allowance for teachers | H39: 699 | I39: -699
A40: 6 | B40: 1 | C40: 2 | D40: 61041 | E40: 61261041 | F40: Expatriate Inducements | G40: 342949 | H40: 256687 | I40: 86262 | J40: 249824
A41: 6 | B41: 1 | C41: 2 | D41: 61042 | E41: 61261042 | F41: Recruitment, Termination and Leave Cost | G41: 5431488 | H41: 6440385 | I41: -1008897 | J41: 5629178
A42: 6 | B42: 1 | C42: 2 | D42: 61043 | E42: 61261043 | F42: Housing Cost | G42: 16512153 | H42: 17079880 | I42: -567727 | J42: 17391568
A43: 6 | B43: 1 | C43: 2 | D43: 61991 | E43: 61261991 | F43: Other Allowances | G43: 9080383 | H43: 8606989 | I43: 473394 | J43: 9789184
A44: 6 | B44: 1 | C44: 2 | D44: 64021 | E44: 61264021 | F44: Travel Costs | G44: 74274 | H44: 260833 | I44: -186559 | J44: 85503
A45: 6 | B45: 1 | C45: 2 | D45: 68033 | E45: 61268033 | F45: LMRA Fees. | G45: 12460 | H45: 91642 | I45: -79182 | J45: 7910
A46: 6 | B46: 1 | C46: 3 | D46: 60011 | E46: 61360011 | F46: Basic Salaries (Including Lump Sum) | G46: 3131132 | H46: 3312970 | I46: -181838 | J46: 3064375
A47: 6 | B47: 1 | C47: 3 | D47: 60021 | E47: 61360021 | F47: Overtime | G47: 2414 | H47: 1435 | I47: 979 | J47: 1242
A48: 6 | B48: 1 | C48: 3 | D48: 61011 | E48: 61361011 | F48: Social Allowance | G48: 22955 | H48: 14423 | I48: 8532 | J48: 11963
A49: 6 | B49: 1 | C49: 3 | D49: 61021 | E49: 61361021 | F49: Transport Allowance | G49: 10066 | H49: 8079 | I49: 1987 | J49: 5812
A50: 6 | B50: 1 | C50: 3 | D50: 61022 | E50: 61361022 | F50: Communication Allowances | H50: 1775 | I50: -1775 | J50: 675
A51: 6 | B51: 1 | C51: 3 | D51: 61031 | E51: 61361031 | F51: Other Personal Allowances | H51: 957 | I51: -957 | J51: 3079
A52: 6 | B52: 1 | C52: 3 | D52: 61991 | E52: 61361991 | F52: Other Allowances | G52: 1000 | H52: 1017 | I52: -17 | J52: 936
A53: 6 | B53: 1 | C53: 4 | D53: 60011 | E53: 61460011 | F53: Basic Salaries (Including Lump Sum) | G53: 37594 | I53: 37594
A54: 6 | B54: 1 | C54: 4 | D54: 60021 | E54: 61460021 | F54: Overtime | G54: 693 | I54: 693
A55: 6 | B55: 1 | C55: 4 | D55: 61011 | E55: 61461011 | F55: Social Allowance | G55: 1907 | I55: 1907
A56: 6 | B56: 1 | C56: 4 | D56: 61021 | E56: 61461021 | F56: Transport Allowance | G56: 693 | I56: 693
A57: 6 | B57: 1 | C57: 4 | D57: 61991 | E57: 61461991 | F57: Other Allowances | H57: 110620 | I57: -110620
A58: 6 | B58: 1 | C58: 5 | D58: 61051 | E58: 61561051 | F58: Training Entitlements | H58: 5510 | I58: -5510 | J58: 6410
A59: 6 | B59: 1 | C59: 5 | D59: 62011 | E59: 61562011 | F59: Course Expenses | G59: 3819300 | H59: 37324 | I59: 3781976 | J59: 8687767
A60: 6 | B60: 1 | C60: 5 | D60: 62012 | E60: 61562012 | F60: Computer Course Expenses | H60: 150 | I60: -150 | J60: 1300
A61: 6 | B61: 1 | C61: 5 | D61: 62014 | E61: 61562014 | F61: IT- Courses Expenses and Tuition Fees for IT | G61: 1500 | I61: 1500
A62: 6 | B62: 1 | C62: 5 | D62: 62015 | E62: 61562015 | F62: Administrative training programs, conferences and | G62: 629422 | H62: 269265 | I62: 360157 | J62: 58593
A63: 6 | B63: 1 | C63: 5 | D63: 62016 | E63: 61562016 | F63: Academic training programs, conferences and semina | G63: 1186824 | H63: 6251741 | I63: -5064917 | J63: 150948
A64: 6 | B64: 1 | C64: 5 | D64: 62017 | E64: 61562017 | F64: Professional training programs, conferences and se | G64: 367674 | H64: 239493 | I64: 128181 | J64: 1985
A65: 6 | B65: 1 | C65: 5 | D65: 62018 | E65: 61562018 | F65: IT training programs, conferences and seminars | G65: 23640 | H65: 9336 | I65: 14304
A66: 6 | B66: 1 | C66: 5 | D66: 62024 | E66: 61562024 | F66: Academic Entitlements | H66: 5512 | I66: -5512 | J66: 167595
A67: 6 | B67: 1 | C67: 5 | D67: 74021 | E67: 61574021 | F67: Books and Stationery (Training) | H67: 487 | I67: -487 | J67: 8231
A68: 6 | B68: 1 | C68: 5 | D68: 74022 | E68: 61574022 | F68: IT- Cost of Study Materials | I68: 0
A69: 6 | B69: 1 | C69: 6 | D69: 61051 | E69: 61661051 | F69: Training Entitlements | G69: 7216500 | H69: 131196 | I69: 7085304 | J69: 14574181
A70: 6 | B70: 1 | C70: 6 | D70: 61059 | E70: 61661059 | F70: Training Allowances | G70: 150000 | H70: 29914 | I70: 120086 | J70: 101183
A71: 6 | B71: 1 | C71: 6 | D71: 62011 | E71: 61662011 | F71: Course Expenses | G71: 3930000 | H71: 55005 | I71: 3874995 | J71: 6572952
A72: 6 | B72: 1 | C72: 6 | D72: 62014 | E72: 61662014 | F72: IT- Courses Expenses and Tuition Fees for IT | I72: 0 | J72: 771
A73: 6 | B73: 1 | C73: 6 | D73: 62015 | E73: 61662015 | F73: Administrative training programs, conferences and | G73: 2801214 | H73: 9133308 | I73: -6332094 | J73: 244188
A74: 6 | B74: 1 | C74: 6 | D74: 62016 | E74: 61662016 | F74: Academic training programs, conferences and semina | G74: 1040565 | H74: 4911590 | I74: -3871025 | J74: 50206
A75: 6 | B75: 1 | C75: 6 | D75: 62017 | E75: 61662017 | F75: Professional training programs, conferences and se | G75: 392832 | H75: 1095388 | I75: -702556 | J75: 17964
A76: 6 | B76: 1 | C76: 6 | D76: 62018 | E76: 61662018 | F76: IT training programs, conferences and seminars | G76: 80259 | H76: 59101 | I76: 21158 | J76: 949
A77: 6 | B77: 1 | C77: 6 | D77: 62024 | E77: 61662024 | F77: Academic Entitlements | I77: 0 | J77: 415004
A78: 6 | B78: 1 | C78: 6 | D78: 62035 | E78: 61662035 | F78: Expenses and allowances related to travel in admin | G78: 222377 | H78: 244396 | I78: -22019 | J78: 15548
A79: 6 | B79: 1 | C79: 6 | D79: 62036 | E79: 61662036 | F79: Expenses and allowances related to travel in acade | G79: 1034786 | H79: 7554565 | I79: -6519779 | J79: 120105
A80: 6 | B80: 1 | C80: 6 | D80: 62037 | E80: 61662037 | F80: Expenses and allowances related to travel in profe | G80: 466105 | H80: 362472 | I80: 103633 | J80: 7323
A81: 6 | B81: 1 | C81: 6 | D81: 62038 | E81: 61662038 | F81: Expenses and allowances related to travel in IT tr | G81: 100 | H81: 670 | I81: -570 | J81: 3669
A82: 6 | B82: 1 | C82: 6 | D82: 64021 | E82: 61664021 | F82: Travel Costs | G82: 3043760 | H82: 28967 | I82: 3014793 | J82: 4647900
A83: 6 | B83: 1 | C83: 6 | D83: 74021 | E83: 61674021 | F83: Books and Stationery (Training) | H83: 600 | I83: -600 | J83: 1594
A84: 6 | B84: 1 | C84: 7 | D84: 61018 | E84: 61761018 | F84: Government Service Reward | G84: 125600 | H84: 1337379 | I84: -1211779 | J84: 37400
A85: 6 | B85: 1 | C85: 7 | D85: 63011 | E85: 61763011 | F85: Government Share in Pension Scheme - Civil Persons | G85: 84150007 | H85: 82137388 | I85: 2012619 | J85: 79580815
A86: 6 | B86: 1 | C86: 7 | D86: 63012 | E86: 61763012 | F86: Govt Pension Share for Bahraini Military Persons | G86: 61133231 | H86: 60521435 | I86: 611796 | J86: 59045372
A87: 6 | B87: 1 | C87: 7 | D87: 63013 | E87: 61763013 | F87: Govt Incentives for Non- Bahraini Military Persons | G87: 7474000 | H87: 7240070 | I87: 233930 | J87: 7166934
A88: 6 | B88: 1 | C88: 7 | D88: 63014 | E88: 61763014 | F88: Govt Unemployment Insurance Share | G88: 9069380 | H88: 8608773 | I88: 460608 | J88: 8476092
A89: 6 | B89: 1 | C89: 7 | D89: 63015 | E89: 61763015 | F89: Purchasing Virtual Years Of Service | G89: 3591330 | H89: 2984539 | I89: 606791 | J89: 3240207
A90: 6 | B90: 1 | C90: 7 | D90: 63016 | E90: 61763016 | F90: Subscription to Occupational Injuries for Non-Bahr | G90: 59641 | H90: 15242 | I90: 44399 | J90: 4078
A91: 6 | B91: 1 | C91: 7 | D91: 63017 | E91: 61763017 | F91: Compensation For Added Service Period | H91: 244109 | I91: -244109
A92: 6 | B92: 1 | C92: 7 | D92: 75031 | E92: 61775031 | F92: Garments for Employees | G92: 5658794 | H92: 4754162 | I92: 904632 | J92: 4849878
A93: 6 | B93: 1 | C93: 7 | D93: 75033 | E93: 61775033 | F93: Food for Employees | G93: 10380903 | H93: 15006652 | I93: -4625749 | J93: 13697434
A94: 6 | B94: 1 | C94: 8 | D94: 65041 | E94: 61865041 | F94: Supply of Contract Labor | G94: 1416483 | H94: 1631702 | I94: -215219 | J94: 1213287
A95: 6 | B95: 1 | C95: 8 | D95: 65042 | E95: 61865042 | F95: Part-Time Labour | G95: 4788403 | H95: 4531418 | I95: 256985 | J95: 3741130
A96: 6 | B96: 2 | C96: 1 | D96: 62021 | E96: 62162021 | F96: Internal Conferences | G96: 1419274 | H96: 683161 | I96: 736113 | J96: 1162261
A97: 6 | B97: 2 | C97: 1 | D97: 62022 | E97: 62162022 | F97: Overseas Official Missions | G97: 7298324 | H97: 10114172 | I97: -2815848 | J97: 9171728
A98: 6 | B98: 2 | C98: 1 | D98: 62023 | E98: 62162023 | F98: Official Business Visit | G98: 10000 | H98: 14615 | I98: -4615 | J98: 24746
A99: 6 | B99: 2 | C99: 1 | D99: 62031 | E99: 62162031 | F99: Internal Exhibition Costs | G99: 1685697 | H99: 1579649 | I99: 106048 | J99: 1157132
A100: 6 | B100: 2 | C100: 1 | D100: 62032 | E100: 62162032 | F100: Participation Expenses In External Exhibition | G100: 25550 | H100: 17418 | I100: 8132 | J100: 3522
A101: 6 | B101: 2 | C101: 1 | D101: 62033 | E101: 62162033 | F101: Internal Events and Celebrations Costs | G101: 184656 | H101: 1373862 | I101: -1189206 | J101: 14553
A102: 6 | B102: 2 | C102: 1 | D102: 62034 | E102: 62162034 | F102: External Events and Celebrations Costs | G102: 20000 | H102: 20269 | I102: -269
A103: 6 | B103: 2 | C103: 1 | D103: 62041 | E103: 62162041 | F103: Internal Sports Tournament | G103: 42600 | H103: 160550 | I103: -117950 | J103: 48822
A104: 6 | B104: 2 | C104: 1 | D104: 62042 | E104: 62162042 | F104: External Sports Tournament | G104: 787160 | H104: 712819 | I104: 74341 | J104: 960855
...

Sheet مصروفات الميزانية التحويلية
A1: 9- مصروفات الميزانيات التحويلية
E2: (دينار بحريني)
A3: البيان | B3: 2023 | E3: الفعلي 2022
B4: الاعتماد | C4: الفعلي | D4: نسبة الصرف %
A5: الجهات ذات الميزانيات الملحقة والمستقلة | B5: 343889414 | C5: 393044826 | D5: =C5/B5*100 -> 114.29396 | E5: 154433315
A6: المساهمات في المنظمات الإقليمية والدولية | B6: 14966013 | C6: 13305216 | D6: =C6/B6*100 -> 88.902876 | E6: 14523968
A7: دعم الأسر محدودة الدخل | B7: 128000000 | C7: 141787974 | D7: =C7/B7*100 -> 110.77185 | E7: 139273379
A8: إعانة المواد الغذائية | B8: 35904000 | C8: 48677744 | D8: =C8/B8*100 -> 135.5775 | E8: 46333816
A9: الالتزامات ومبالغ الدعم لأنظمة التقاعد | B9: 21000000 | C9: 20562088 | D9: =C9/B9*100 -> 97.914705 | E9: 20643624
A10: حصة ومساهمة الحكومة في أنظمة التقاعد | B10: 0 | C10: 678885 | D10: - | E10: 1442518
A11: حصة الحكومة في التأمين ضد التعطل | B11: 21000000 | C11: 22093086 | D11: =C11/B11*100 -> 105.20517 | E11: 21129256
A12: صندوق الضمان الاجتماعي | B12: 21500000 | C12: 23785116 | D12: =C12/B12*100 -> 110.62845 | E12: 23023325
A13: علاوة تحسين مستوى المعيشة للمتقاعدين | B13: 177500000 | C13: 228894107 | D13: =C13/B13*100 -> 128.95443 | E13: 169353605
A14: دعم برامج الإسكان (علاوة الإيجار- تخفيض الأقساط) | B14: 61000000 | C14: 58617762 | D14: =C14/B14*100 -> 96.094692 | E14: 57978015
A15: مساعدات حكومية | B15: 900000 | C15: 672637 | D15: =C15/B15*100 -> 74.737444 | E15: 1484073
A16: فوائد الدين الحكومي | B16: 766000000 | C16: 834976341 | D16: =C16/B16*100 -> 109.00474 | E16: 736385050
A17: إلتزامات متنوعة، ومبالغ محجوزة أو مدورة أو طارئة | B17: 83768900 | C17: 79489114 | D17: =C17/B17*100 -> 94.890961 | E17: 132868161
A18: المجموع | B18: =SUM(B5:B17) -> 1675428327 | C18: =SUM(C5:C17) -> 1866584896 | D18: =C18/B18*100 -> 111.40941 | E18: =SUM(E5:E17) -> 1518872105

Sheet مشاريع 
A1: 10- مصروفات المشاريع مصنفة حسب الوزارات والجهات الحكومية
F2: (دينار بحريني)
A3: الوزارة أو الجهة الحكومية | C3: 2023 | F3: الفعلي 2022
B4: Code | C4: الاعتماد | D4: الفعلي | E4: نسبة الصرف %
A5: مكتب رئيس مجلس الوزراء | C5: 6100000 | D5: 6100000 | E5: =D5/C5*100 -> 100 | F5: 6100000 | H5: 11
A6: وزارة الدفاع (إيضاح رقم 11) | C6: 6657800 | D6: 3850 | E6: 0 | F6: 6098380 | H6: 12
A7: وزارة الداخلية | B7: 13 | C7: 13474293 | D7: 13115373 | E7: =D7/C7*100 -> 97.336261 | F7: 9126160 | H7: 13 | I7: 21997018
A8: وزارة الخارجية | B8: 16 | C8: 1709300 | D8: 986797 | E8: =D8/C8*100 -> 57.731059 | F8: 982476 | H8: 16 | I8: 5671647
A9: وزارة العدل والشئون الإسلامية والأوقاف | B9: 18 | C9: 280000 | D9: 31151 | E9: =D9/C9*100 -> 11.125357 | F9: 135115
A10: وزارة التربية والتعليم | B10: 21 | C10: 14144953 | D10: 13727673 | E10: =D10/C10*100 -> 97.049973 | F10: 2158137 | H10: 21 | I10: 5271730
A11: وزارة الصحة | B11: 22 | C11: 689000 | D11: 594140 | E11: =D11/C11*100 -> 86.232221 | F11: 202496 | H11: 22 | I11: 10487893
A12: وزارة شئون البلديات والزراعة | B12: 23 | C12: 4718812 | D12: 2919359 | E12: =D12/C12*100 -> 61.866398 | F12: 2087236 | H12: 23 | I12: 11601891
A13: وزارة العمل | C13: 50000 | D13: 0 | E13: =D13/C13*100 -> 0 | F13: 0
A14: وزارة شئون الشباب | B14: 26 | C14: 558480 | D14: 350343 | E14: =D14/C14*100 -> 62.731521 | F14: 2494109 | H14: 26 | I14: 5298704
A15: نادي راشد للفروسية وسباق الخيل | B15: 28 | C15: 2041392 | D15: 2041392 | E15: =D15/C15*100 -> 100 | F15: 1806941 | H15: 28 | I15: 21478
A16: وزارة التنمية الاجتماعية | B16: 29 | C16: 100000 | D16: 29352 | E16: =D16/C16*100 -> 29.352 | F16: 207244
A17: وزارة الصناعة والتجارة | B17: 34 | C17: 5364982 | D17: 5189473 | E17: =D17/C17*100 -> 96.728619 | F17: 2240786 | H17: 34 | I17: 4603811
A18: وزارة الإسكان والتخطيط العمراني - قطاع الإسكان | B18: 36 | C18: 112229800 | D18: 89820446 | E18: =D18/C18*100 -> 80.032617 | F18: 78387284 | H18: 36 | I18: 143004455
A19: مكتب صاحب السمو الملكي النائب الأول لرئيس مجلس الوزراء | B19: 70 | E19: =D19/C19*100 -> #DIV/0!
A20: مكاتب نواب رئيس مجلس الوزراء | B20: 17 | E20: =D20/C20*100 -> #DIV/0!
A21: وزارة شئون الكهرباء والماء | B21: 40 | C21: 5207053 | D21: 4225076 | E21: =D21/C21*100 -> 81.141406 | F21: 5248788
A22: المجلس الأعلى للبيئة | B22: 41 | C22: 400000 | D22: 309322 | E22: =D22/C22*100 -> 77.3305 | F22: 634118 | H22: 41 | I22: 195681
A23: وزارة الأشغال | B23: 46 | C23: 69707589 | D23: 69707589 | E23: =D23/C23*100 -> 100 | F23: 34547179 | H23: 46 | I23: 62029663
A24: وزارة المواصلات والاتصالات | B24: 48 | C24: 7165493 | D24: 6930507 | E24: =D24/C24*100 -> 96.720589 | F24: 9267948 | H24: 48 | I24: 3708048
A25: الحرس الوطني | B25: 50 | C25: 1500000 | D25: 617863 | E25: =D25/C25*100 -> 41.190867 | F25: 1327546 | H25: 50 | I25: 4070533
A26: وزارة النفط والبيئة | B26: 53 | C26: 82221 | D26: 82221 | E26: =D26/C26*100 -> 100 | F26: 0 | H26: 55 | I26: 6348337
A27: مكتب رئيس مجلس الوزراء - مركز الاتصال الوطني | B27: 55 | C27: 11743 | D27: 11743 | E27: =D27/C27*100 -> 100 | F27: 16632
A28: مجلـس المناقصات والمزايدات | B28: 59 | C28: 292000 | D28: 3729 | E28: =D28/C28*100 -> 1.2770548 | F28: 715860 | H28: 60 | I28: 93671803
A29: الميزانيات التحويلية (إيضاح رقم 2) | B29: 60 | C29: 39492301 | D29: 33111782 | E29: =D29/C29*100 -> 83.843638 | F29: 45878678 | H29: 66 | I29: 6609206
A30: وزارة الإعلام | B30: 65 | C30: 4000000 | D30: 1690689 | E30: =D30/C30*100 -> 42.267225 | F30: 6010606
A31: هيئة البحرين للثقافة والآثار | B31: 66 | C31: 5660716 | D31: 5660716 | E31: =D31/C31*100 -> 100 | F31: 7576365 | H31: 70 | I31: 3000000
A32: المجلس الأعلى للصحة | B32: 67 | C32: 811000 | D32: 626396 | E32: =D32/C32*100 -> 77.237485 | F32: 988974 | H32: 72 | I32: 175796
A33: هيئة جودة التعليم والتدريب | B33: 69 | E33: =D33/C33*100 -> #DIV/0! | H33: 72 | I33: 175796
A34: الجهاز الإداري للنيابة العامة | B34: 68 | C34: 643391 | D34: 372391 | E34: =D34/C34*100 -> 57.879423 | F34: 177200
A35: جهاز الخدمة المدنية | B35: 72 | C35: 135500 | D35: 135500 | E35: =D35/C35*100 -> 100 | F35: 48703 | H35: 76 | I35: 105607
A36: هيئة المعلومات والحكومة الإلكترونية | B36: 73 | C36: 5536498 | D36: 5536498 | E36: =D36/C36*100 -> 100 | F36: 1921732 | H36: 77 | I36: 1063630
A37: الأمانة العامة للمجلس الأعلى للشباب والرياضة | B37: 75 | C37: 8218175 | D37: 8218175 | E37: =D37/C37*100 -> 100 | F37: 0
A38: المجلس الأعلى للقضاء | B38: 76 | C38: 101105 | D38: 69749 | E38: =D38/C38*100 -> 68.986697 | F38: 84186 | H38: 78 | I38: 434961
A39: وزارة العدل والشئون الإسلامية والأوقاف (الشئون الإسلامية) | B39: 77 | E39: =D39/C39*100 -> #DIV/0! | H39: 81 | I39: 1728391
A40: جهاز المساحة والتسجيل العقاري | B40: 78 | C40: 985600 | D40: 490670 | E40: =D40/C40*100 -> 49.783888 | F40: 452106 | H40: 83 | I40: 1138004
A41: وزارة المالية والاقتصاد الوطني | B41: 81 | C41: 1192300 | D41: 1070239 | E41: =D41/C41*100 -> 89.76256 | F41: 2055844 | H41: 88 | I41: 15923320
A42: شئون الجمارك | B42: 83 | C42: 1002800 | D42: 69643 | E42: =D42/C42*100 -> 6.9448544 | F42: 1191638
A43: مركز البحرين للأورام (إيضاحي رقم 13 و14) | B43: 84 | E43: =D43/C43*100 -> #DIV/0!
A44: هيئة التخطيط والتطوير العمراني | B44: 85 | C44: 1446345 | D44: 1230089 | E44: =D44/C44*100 -> 85.048104 | F44: 697720
A45: المجلس الأعلى للشئون الإسلامية | B45: 86 | C45: 440900 | D45: 210913 | E45: =D45/C45*100 -> 47.836924 | F45: 169767
A46: الجهاز الوطني للإيرادات | B46: 91 | C46: 1280771 | D46: 1238692 | E46: =D46/C46*100 -> 96.714557 | F46: 1828888
A47: الهيئة الوطنية لعلوم الفضاء | C47: 148000 | D47: 145283 | E47: =D47/C47*100 -> 98.164189 | F47: 152000
A48: الهيئة العامة للرياضة | C48: =1419687 -> 1419687 | D48: =548447 -> 548447 | E48: =D48/C48*100 -> 38.631543 | F48: 294500
A49: المجموع | C49: =SUM(C5:C48) -> 325000000 | D49: =SUM(D5:D48) -> 277223271 | E49: =D49/C49*100 -> 85.299468 | F49: =SUM(F5:F48) -> 233313342
C50: 323000000 | D50: 199902011
C51: =C50-C49 -> -2000000 | D51: =D50-D49 -> -77321260
A52: تم الاعتماد على الأستاذ العام المستلم من وزارة المالية والاقتصاد الوطني بتاريخ 21 يوليو 2022

Sheet المقبوضات والمدفوعات
A1: 1- كشف المقبوضات والمدفوعات
D2: (دينار بحريني)
A3: البيان | C3: 2023 | D3: 2022
A4: التدفقات النقدية من الأنشطة التشغيلية
A5: المقبوضات
A6: النفط والغاز الطبيعي | C6: 1961041579 | D6: 2385880215
A7: الإيرادات والرسوم | C7: 797102714 | D7: 791466988
A8: المنتجات الخدمية والسلعية الحكومية | C8: 51397592 | D8: 73863689
A9: الإعانات
A10: الغرامات والجزاءات والإيرادات المتنوعة | C10: 33791070 | D10: 32731983
A11: مبالغ مستلمة لصالح الغير | C11: 0 | D11: 0
A12: إجمالي المقبوضات التشغيلية | C12: =SUM(C6:C11) -> 2843332955 | D12: =SUM(D6:D11) -> 3283942875
A13: المدفوعات
A14: القوى العاملة | C14: -1332093625 | D14: -1382927801
A15: الخدمات | C15: -241352270 | D15: -227920942
A16: السلع الاستهلاكية | C16: -74308681 | D16: -77420085
A17: الصيانة | C17: -35270214 | D17: -38386915
A18: النفقات التحويلية | C18: -508890374 | D18: -518908533
A19: الإعانات وتسديد فوائد القروض | C19: -1292028699 | D19: -1149305574
A20: مدفوعات مقدمة وتسديد ذمم دائنة | C20: -68121996 | D20: 37566650
A21: مشتريات المخزون | C21: -64884741 | D21: -67720588
A22: مدفوعات اخرى | C22: 0 | D22: 0
A23: إجمالي المدفوعات التشغيلية | C23: =SUM(C14:C22) -> -3616950600 | D23: =SUM(D14:D22) -> -3425023788
A24: صافي التدفقات النقدية من الأنشطة التشغيلية | C24: =C12+C23 -> -773617645 | D24: =D12+D23 -> -141080913
A25: التدفقات النقدية من الأنشطة الاستثمارية
A26: مدفوعات المشاريع | C26: -310330616 | D26: -255346558
A27: مدفوعات السلع الرأسمالية | C27: -13296285 | D27: -16020287
A28: عوائد الاستثمارات والأملاك الحكومية | C28: 106970584 | D28: 81119592
A29: إيرادات بيع الأصول الرأسمالية | C29: 679082 | D29: 887012
A30: صافي التدفقات النقدية من الأنشطة الاستثمارية | C30: =SUM(C26:C29) -> -215977235 | D30: =SUM(D26:D29) -> -189360241
A31: التدفقات النقدية من الأنشطة التمويلية
A32: القروض المستلمة | C32: 7957124564 | D32: 6380740559
A33: تسديد القروض | C33: -6798472465 | D33: -6213441592
A34: صافي التدفقات النقدية من الأنشطة التمويلية | C34: =SUM(C32:C33) -> 1158652099 | D34: =SUM(D32:D33) -> 167298967
A35: صافي الزيادة في النقد | C35: =C24+C30+C34 -> 169057219 | D35: =D24+D30+D34 -> -163142187

Sheet المطلوبات المستحقة 
A1: 2- المطلوبات المستحقة (الذمم الدائنة)
E2: (دينار بحريني)
A3: الباب | B3: البيــان | D3: 2023 | E3: 2022
A4: 1 | B4: القوى العاملة | D4: 2638104 | E4: 2124100
A5: 2 | B5: الخدمات | D5: 9134514 | E5: 10587751
A6: 3 | B6: السلع الاستهلاكية | D6: 1422272 | E6: 634816
A7: 4 | B7: السلع الرأسمالية | D7: 392907 | E7: 447591
A8: 5 | B8: الصيانة | D8: 902848 | E8: 734328
A9: 6 | B9: النفقات التحويلية | D9: 3160346 | E9: 10574282
A10: 7 | B10: الإعانات وتسديد فوائد القروض | D10: 5586507 | E10: 19532115
A11: 8 | B11: المشاريع | D11: 31030255 | E11: 34959232
A12: - | B12: أخرى | D12: 24613257 | E12: 15375169
B13: المجموع | D13: =SUM(D4:D12) -> 78881010 | E13: =SUM(E4:E12) -> 94969384
A15: المطلوبات المستحقة:
A16: هي مبالغ الفواتير المستحقة غير المدفوعة على الوزارات والجهات الحكومية حتى نهاية السنة المالية.

Sheet المصروفات المستحقة 
A1: 3- المصروفات المستحقة
E2: (دينار بحريني)
A3: الباب | B3: البيــان | D3: 2023 | E3: 2022
A4: 1 | B4: القوى العاملة | D4: 4138912 | E4: 4535418
A5: 2 | B5: الخدمات | D5: 33936839 | E5: 39548881
A6: 3 | B6: السلع الاستهلاكية | D6: 7550753 | E6: 4759223
A7: 4 | B7: السلع الرأسمالية | D7: 909236 | E7: 498918
A8: 5 | B8: الصيانة | D8: 2946022 | E8: 2873392
A9: 6 | B9: النفقات التحويلية | D9: 16802207 | E9: 28246456
A10: 7 | B10: الإعانات وتسديد فوائد القروض | D10: 17511938 | E10: 3083646
A11: 8 | B11: المشاريع | D11: 92083775 | E11: 101749487
A12: - | B12: أخرى | D12: 0 | E12: 792268
B13: المجموع | D13: =SUM(D4:D12) -> 175879682 | E13: =SUM(E4:E12) -> 186087689
A15: المصروفات المستحقة
A16: هي قيمة أوامر شراء السلع والخدمات المستلمة من قبل الجهات الحكومية خلال السنة المالية، ولم تسلم فواتيرها من قبل الموردين حتى نهاية السنة المالية.

Sheet الارتباطات
A1: 4- الارتباطات حسب الأبواب
D2: (دينار بحريني)
A3: الباب | B3: البيــان | C3: 2023 | D3: 2022
A4: 1 | B4: القوى العاملة | C4: 523722 | D4: 320324
A5: 2 | B5: الخدمات | C5: 11012323 | D5: 1912747
A6: 3 | B6: السلع الاستهلاكية | C6: 1941089 | D6: 758613
A7: 4 | B7: السلع الرأسمالية | C7: 282385 | D7: 111237
A8: 5 | B8: الصيانة | C8: 565362 | D8: 268404
A9: 6 | B9: النفقات التحويلية | C9: 19509 | D9: 9942
A10: 7 | B10: الإعانات وتسديد فوائد القروض | C10: 1362041 | D10: 1625717
A11: 8 | B11: المشاريع | C11: 24422315 | D11: 64621520
B12: المجموع | C12: =SUM(C4:C11) -> 40128746 | D12: =SUM(D4:D11) -> 69628504
A14: الارتباطات المالية:
A15: يقصد بها المبالغ المحجوزة من الميزانية لشراء سلع وخدمات صدر لأجلها أوامر شراء ولكن لم تُسلم من قبل المورد حتى نهاية السنة المالية.

Sheet التمويـل
A1: 5- القروض
E2: (آلاف الدنانير البحرينية)
A3: بيان القرض | B3: الرصيد في 2023/01/01 | C3: المبلغ المستلم | D3: المبلغ المدفوع | E3: الفرق بين المبلغ المستلم والمدفوع | F3: الرصيد في 2023/12/31
A4: أذونات الخزينة | B4: 2010000 | C4: 4420000 | D4: -4320000 | E4: =C4+D4 -> 100000 | F4: =SUM(E4+B4) -> 2110000
A5: صكوك السلم الإسلامية | B5: 129000 | C5: 516000 | D5: -516000 | E5: =C5+D5 -> 0 | F5: =SUM(E5+B5) -> 129000
A6: صكوك التأجير الإسلامية | B6: 731000 | C6: 312000 | D6: -312000 | E6: =C6+D6 -> 0 | F6: =SUM(E6+B6) -> 731000
A7: قروض داخلية أخرى | E7: =C7+D7 -> 0 | F7: =SUM(E7+B7) -> 0
A8: سندات التنمية الحكومية المحلية | B8: 2620000 | C8: 600000 | D8: -700000 | E8: =C8+D8 -> -100000 | F8: =SUM(E8+B8) -> 2520000
A9: مجموع القروض الداخلية | B9: =SUM(B4:B8) -> 5490000 | C9: =SUM(C4:C8) -> 5848000 | D9: =SUM(D4:D8) -> -5848000 | E9: =C9+D9 -> 0 | F9: =SUM(E9+B9) -> 5490000
A10: صكوك التأجير الإسلامية الدولية | B10: 2895200 | C10: 376000 | D10: 0 | E10: =C10+D10 -> 376000 | F10: =SUM(E10+B10) -> 3271200
A11: سندات التنمية الحكومية الدولية | B11: 5687000 | C11: 1128000 | D11: -940000 | E11: =C11+D11 -> 188000 | F11: =SUM(E11+B11) -> 5875000
A12: قروض صناديق التنمية* | B12: 2657252 | C12: 42159 | D12: -10812 | E12: =C12+D12 -> 31347 | F12: =SUM(E12+B12) -> 2688599
A13: تسهيلات مصرفية مشتركة | B13: 0 | C13: 564000 | D13: 0 | E13: =C13+D13 -> 564000 | F13: =SUM(E13+B13) -> 564000
A14: مجموع القروض الخارجية | B14: =SUM(B10:B13) -> 11239452 | C14: =SUM(C10:C13) -> 2110159 | D14: =SUM(D10:D13) -> -950812 | E14: =C14+D14 -> 1159347 | F14: =SUM(E14+B14) -> 12398799
A15: المجموع/ الرصيد | B15: =B14+B9 -> 16729452 | C15: =C14+C9 -> 7958159 | D15: =D14+D9 -> -6798812 | E15: =C15+D15 -> 1159347 | F15: =F14+F9 -> 17888799
A17: * تتضمن القروض المستلمة ضمن برنامج التوازن المالي لمملكة البحرين فيما عدا المبالغ المستلمة من دولة الكويت، والتي تم تصنيفها كودائع وليست قروض.

Sheet التسهيلات الإئتمانية 
A1: 6- التسهيلات الائتمانية
A2: (آلاف الدنانير البحرينية)
A3: البيـــان | C3: 2023 | D3: 2022
A4: تسهيلات غير مستخدمة في بداية السنة | C4: 0 | D4: 0
A5: تسهيلات اضافية | C5: 0 | D5: 0
A6: التسهيلات المتوفرة | C6: 125100 | D6: 125100
A7: المبلغ المستخدم | C7: -28567 | D7: -94459
A8: التسهيلات الملغية
A9: التسهيلات غير المستخدمة في نهاية السنة | C9: =SUM(C4:C7) -> 96533 | D9: =SUM(D4:D7) -> 30641
A13: جميع التسهيلات الائتمانية المذكورة أعلاه عبارة عن عملية تسوية توفيقية لضمان سرعة انسياب التحويلات النقدية بين الحسابات المصرفية الحكومية.
